Workbook
Name Concursos_consecutivos_declarados_por_prov: [1]Introducción!#REF!
Name Concursos_consecutivos_declarados_por_prov: [2]Introducción!#REF!
Name Concursos_consecutivos_declarados_por_provincia: [1]Introducción!#REF!
Name Concursos_consecutivos_declarados_por_provincia: [2]Introducción!#REF!

Sheet Introducción
B14: Resumen
B15: Definiciones y conceptos | D15: MATERIA LABORAL
B16: MATERIA CONCURSAL | D16: Despidos presentados por TSJ
B17: Concursos de personas jurídicas por TSJ | D17: Reclamaciones de cantidad presentadas por TSJ
B18: Concursos de personas naturales empresarios por TSJ | D18: MATERIA CIVIL
B19: Concursos de personas naturales NO empresarios por TSJ | D19: Ejecuciones hipotecarias presentadas por TSJ
B20: Total de concursos presentados por TSJ | D20: Procedimientos Monitorios presentados por TSJ
B21: Total de concursos declarados por TSJ | D21: Lanzamientos recibidos en los Servicios Comunes por TSJ
B22: Concursos aperturados en fase de convenio por TSJ | D22: Lanzamientos con cumplimiento positivo en los Servicios Comunes por TSJ
B23: Concursos que han iniciado fase de liquidación por TSJ | D23: Total lanzamientos practicados por TSJ
B24: Concursos. Expedientes del art. 169 TRLC (E.R.E.) por TSJ | D24: Lanzamientos practicados como consecuencia de procedimientos de ejecución hipotecaria
B25: Concursos sin masa declarados por TSJ | D25: Lanzamientos practicados como consecuencia de procedimientos derivados de la Ley de Arrendamientos Urbanos
B26: Procedimientos Especiales de Microempresas presentados por TSJ. Persona jurídica | D26: Otros lanzamientos practicados
... B28: Total de Procedimientos Especiales de Microempresas presentados por TSJ | D28: Anexo suspensión de lanzamientos.
B29: Procedimientos Especiales de Microempresas aperturados por TSJ
B30: Procedimientos Especiales de Microempresas de continuación aperturados por TSJ
B31: Procedimientos Especiales de Microempresas de liquidación aperturados por TSJ | D31: DATOS PROVINCIALES SEGUNDO TRIMESTRE 2026
B34: Nota:
B35: Se acompaña la nota del partido judicial para el que no ha sido posible disponer de la información en la fecha de cierre de este informe.

Sheet Resumen
C4: Despidos | D4: Reclamaciones de cantidad | E4: Evolución despidos | F4: Evolución reclamaciones de cantidad
B5: 07-T1 | C5: 17449 | D5: 28005 | E5: -0.035913586 | F5: -0.10501422
B6: 07-T2 | C6: 15620 | D6: 27250 | E6: 0.0045016077 | F6: -0.093720899
B7: 07-T3 | C7: 16076 | D7: 22440 | E7: 0.02571301 | F7: 0.0038471862
B8: 07-T4 | C8: 17104 | D8: 29047 | E8: 0.07979798 | F8: 0.10786071
B9: 08-T1 | C9: 19655 | D9: 35753 | E9: =+(C9-C5)/C5 -> 0.12642558 | F9: =+(D9-D5)/D5 -> 0.27666488
B10: 08-T2 | C10: 24004 | D10: 43353 | E10: =+(C10-C6)/C6 -> 0.53674776 | F10: =+(D10-D6)/D6 -> 0.59093578
B11: 08-T3 | C11: 26057 | D11: 33370 | E11: =+(C11-C7)/C7 -> 0.6208634 | F11: =+(D11-D7)/D7 -> 0.48707665
B12: 08-T4 | C12: 33209 | D12: 45448 | E12: =+(C12-C8)/C8 -> 0.94159261 | F12: =+(D12-D8)/D8 -> 0.56463662
B13: 09-T1 | C13: 38510 | D13: 51771 | E13: =+(C13-C9)/C9 -> 0.95929789 | F13: =+(D13-D9)/D9 -> 0.44801835
B14: 09-T2 | C14: 35615 | D14: 47207 | E14: =+(C14-C10)/C10 -> 0.48371105 | F14: =+(D14-D10)/D10 -> 0.088898115
B15: 09-T3 | C15: 31576 | D15: 39978 | E15: =+(C15-C11)/C11 -> 0.21180489 | F15: =+(D15-D11)/D11 -> 0.19802218
B16: 09-T4 | C16: 29678 | D16: 44720 | E16: =+(C16-C12)/C12 -> -0.1063266 | F16: =+(D16-D12)/D12 -> -0.016018307
B17: 10-T1 | C17: 31192 | D17: 49437 | E17: =+(C17-C13)/C13 -> -0.19002856 | F17: =+(D17-D13)/D13 -> -0.045083155
B18: 10-T2 | C18: 28131 | D18: 45558 | E18: =+(C18-C14)/C14 -> -0.21013618 | F18: =+(D18-D14)/D14 -> -0.03493126
B19: 10-T3 | C19: 26080 | D19: 34229 | E19: =+(C19-C15)/C15 -> -0.17405625 | F19: =+(D19-D15)/D15 -> -0.14380409
B20: 10-T4 | C20: 26539 | D20: 39680 | E20: =+(C20-C16)/C16 -> -0.10576858 | F20: =+(D20-D16)/D16 -> -0.11270125
... B44: 16-T4 | C44: 24509 | D44: 29081 | E44: =+(C44-C40)/C40 -> 0.0074399868 | F44: =+(D44-D40)/D40 -> -0.001064853
B45: 17-T1 | C45: 27166 | D45: 34041 | E45: 0.078786435 | F45: 0.21814278
B46: 17-T2 | C46: 25869 | D46: 32047 | E46: 0.00011598237 | F46: 0.044488625
B47: 17-T3 | C47: 26101 | D47: 26854 | E47: 0.11714604 | F47: 0.1087531
B48: 17-T4 | C48: 25688 | D48: 29408 | E48: 0.048104778 | F48: 0.011244455
B49: 18-T1 | C49: 27589 | D49: 31392 | E49: 0.015570934 | F49: -0.077817925
B50: 18-T2 | C50: 25785 | D50: 33573 | E50: -0.0032471298 | F50: 0.047617562
B51: 18-T3 | C51: 26669 | D51: 27761 | E51: 0.021761618 | F51: 0.033775229
B52: 18-T4 | C52: 27251 | D52: 31480 | E52: 0.060845531 | F52: 0.070457018
B53: 19-T1 | C53: 29386 | D53: 34020 | E53: 0.065134655 | F53: 0.083715596
B54: 19-T2 | C54: 28121 | D54: 33623 | E54: 0.090595307 | F54: 0.001489292
B55: 19-T3 | C55: 30981 | D55: 28752 | E55: 0.16168585 | F55: 0.035697561
B56: 19-T4 | C56: 31561 | D56: 34857 | E56: 0.15815933 | F56: 0.10727446
... B64: 21-T4 | C64: 28219 | D64: 30377 | E64: -0.051 | F64: -0.049
B65: 22-T1 | C65: 30126 | D65: 31990 | E65: =+(C65-C61)/C61 -> -0.12579438 | F65: =+(D65-D61)/D61 -> -0.068867156
B66: 22-T2 | C66: 28753 | D66: 30414 | E66: =+(C66-C62)/C62 -> 0.020369779 | F66: =+(D66-D62)/D62 -> -0.054026313
B67: 22-T3 | C67: 30167 | D67: 26050 | E67: =+(C67-C63)/C63 -> 0.14121964 | F67: =+(D67-D63)/D63 -> 0.02369631
B68: 22-T4 | C68: 31889 | D68: 32084 | E68: =+(C68-C64)/C64 -> 0.13005422 | F68: =+(D68-D64)/D64 -> 0.056193831
B69: 23-T1 | C69: =+'Despidos presentados TSJ'!C23 -> 41116 | D69: =+'Recl. cantidad TSJ'!C23 -> 36146 | E69: =+(C69-C65)/C65 -> 0.36480117 | F69: =+(D69-D65)/D65 -> 0.1299156
B70: 23-T2 | C70: 34014 | D70: 35469 | E70: 0.18297221 | F70: 0.16620635
B71: 23-T3 | C71: 35413 | D71: 29621 | E71: 0.17389863 | F71: 0.13708253
B72: 23-T4 | C72: 37878 | D72: 32742 | E72: 0.18780771 | F72: 0.020508665
B73: 24-T1 | C73: 39883 | D73: 35673 | E73: 0.20568941 | F73: 0.13887559
B74: 24-T2 | C74: 41616 | D74: 40125 | E74: 0.22349621 | F74: 0.13126956
B75: 24-T3 | C75: 38556 | D75: 28546 | E75: 0.088752718 | F75: -0.03629182
B76: 24-T4 | C76: 39675 | D76: 32726 | E76: 0.047441787 | F76: -0.00048866899
B77: 25-T1 | C77: 41116 | D77: 36146 | E77: 0.030915428 | F77: =+'Recl. cantidad TSJ'!$C$45 -> -0.10894705
B78: 25-T2 | C78: 40680 | D78: 33884 | E78: -0.022491349 | F78: -0.15553894
B79: 25-T3 | C79: 40762 | D79: 27928 | E79: 0.057215479 | F79: -0.021649268
B80: 25-T4 | C80: 41926 | D80: 33192 | E80: 0.05673598 | F80: 0.014239443
B81: 26-T1 | C81: 42572 | D81: 32208 | E81: 0.035412005 | F81: -0.10894705
B82: 26-T2 | C82: 45230 | D82: 35043 | E82: 0.11184857 | F82: 0.034204934
C86: Concursos (*) | D86: Procedimientos especiales de Microempresas | E86: Incidentes concursales ordinarios | F86: Incidentes Laborales y ERE's | G86: Materia no concursal | H86: Evolución Concursos | I86: Evolución Procedimientos especiales de Microempresas | J86: Evolución Incidentes concursales Laborales y ERE's | K86: Evolución Materia no concursal | M86: (*) desde 2016 se incluye el número de concursos de personas naturales presentados
B87: 07-T1 | C87: 376 | E87: 1672 | F87: 93 | G87: 4170 | H87: 0.086705202 | J87: -0.18421053 | K87: 0.041198502
B88: 07-T2 | C88: 345 | E88: 1917 | F88: 101 | G88: 4336 | H88: -0.13533835 | J88: 0.50746269 | K88: 0.26046512
B89: 07-T3 | C89: 364 | E89: 903 | F89: 78 | G89: 3475 | H89: 0.35820896 | J89: 0.25806452 | K89: 0.20242215
B90: 07-T4 | C90: 504 | E90: 1451 | F90: 108 | G90: 4202 | H90: 0.58695652 | J90: 0.34146341 | K90: 0.09
B91: 08-T1 | C91: 666 | E91: 1787 | F91: 137 | G91: 3838 | H91: =+(C91-C87)/C87 -> 0.7712766 | J91: =+(F91-F87)/F87 -> 0.47311828 | K91: =+(G91-G87)/G87 -> -0.079616307
B92: 08-T2 | C92: 1066 | E92: 1916 | F92: 167 | G92: 4296 | H92: =+(C92-C88)/C88 -> 2.0898551 | J92: =+(F92-F88)/F88 -> 0.65346535 | K92: =+(G92-G88)/G88 -> -0.0092250923
B93: 08-T3 | C93: 1252 | E93: 1686 | F93: 182 | G93: 3576 | H93: =+(C93-C89)/C89 -> 2.4395604 | J93: =+(F93-F89)/F89 -> 1.3333333 | K93: =+(G93-G89)/G89 -> 0.029064748
B94: 08-T4 | C94: 1829 | E94: 3938 | F94: 451 | G94: 4260 | H94: =+(C94-C90)/C90 -> 2.6289683 | J94: =+(F94-F90)/F90 -> 3.1759259 | K94: =+(G94-G90)/G90 -> 0.013802951
B95: 09-T1 | C95: 2129 | E95: 5242 | F95: 380 | G95: 4633 | H95: =+(C95-C91)/C91 -> 2.1966967 | J95: =+(F95-F91)/F91 -> 1.7737226 | K95: =+(G95-G91)/G91 -> 0.20713913
B96: 09-T2 | C96: 2168 | E96: 6154 | F96: 476 | G96: 4836 | H96: =+(C96-C92)/C92 -> 1.0337711 | J96: =+(F96-F92)/F92 -> 1.8502994 | K96: =+(G96-G92)/G92 -> 0.12569832
B97: 09-T3 | C97: 1591 | E97: 3941 | F97: 303 | G97: 3942 | H97: =+(C97-C93)/C93 -> 0.27076677 | J97: =+(F97-F93)/F93 -> 0.66483516 | K97: =+(G97-G93)/G93 -> 0.10234899
B98: 09-T4 | C98: 1880 | E98: 5523 | F98: 381 | G98: 4332 | H98: =+(C98-C94)/C94 -> 0.02788409 | J98: =+(F98-F94)/F94 -> -0.15521064 | K98: =+(G98-G94)/G94 -> 0.016901408
B99: 10-T1 | C99: 1901 | E99: 5350 | F99: 395 | G99: 4981 | H99: =+(C99-C95)/C95 -> -0.10709253 | J99: =+(F99-F95)/F95 -> 0.039473684 | K99: =+(G99-G95)/G95 -> 0.075113318
B100: 10-T2 | C100: 1819 | E100: 6089 | F100: 410 | G100: 4727 | H100: =+(C100-C96)/C96 -> -0.16097786 | J100: =+(F100-F96)/F96 -> -0.13865546 | K100: =+(G100-G96)/G96 -> -0.022539289
B101: 10-T3 | C101: 1558 | E101: 4486 | F101: 294 | G101: 3619 | H101: =+(C101-C97)/C97 -> -0.020741672 | J101: =+(F101-F97)/F97 -> -0.02970297 | K101: =+(G101-G97)/G97 -> -0.081938102
B102: 10-T4 | C102: 1858 | E102: 4544 | F102: 387 | G102: 4576 | H102: =+(C102-C98)/C98 -> -0.011702128 | J102: =+(F102-F98)/F98 -> 0.015748031 | K102: =+(G102-G98)/G98 -> 0.056325023
... B126: 16-T4 | C126: 1911 | E126: 1619 | F126: 158 | G126: 9287 | H126: =+(C126-C122)/C122 -> 0.25229358 | J126: =+(F126-F122)/F122 -> -0.32478632 | K126: =+(G126-G122)/G122 -> -0.2294225
B127: 17-T1 | C127: 1937 | E127: 1780 | F127: 217 | G127: 10847 | H127: 0.14683245 | J127: -0.064655172 | K127: 0.33830969
B128: 17-T2 | C128: 2001 | E128: 1580 | F128: 192 | G128: 10299 | H128: 0.083378452 | J128: -0.025380711 | K128: 0.094241394
B129: 17-T3 | C129: 1645 | E129: 1117 | F129: 246 | G129: 9305 | H129: 0.032642812 | J129: 0.57692308 | K129: 0.18898543
B130: 17-T4 | C130: 2011 | E130: 1323 | F130: 190 | G130: 12276 | H130: 0.052328624 | J130: 0.20253165 | K130: 0.32184774
B131: 18-T1 | C131: 2162 | E131: 1377 | F131: 389 | G131: 13875 | H131: 0.11615901 | J131: 0.79262673 | K131: 0.27915553
B132: 18-T2 | C132: 2410 | E132: 1321 | F132: 179 | G132: 15660 | H132: 0.2043978 | J132: -0.067708333 | K132: 0.52053597
B133: 18-T3 | C133: 1953 | E133: 848 | F133: 189 | G133: 14718 | H133: 0.18723404 | J133: -0.23170732 | K133: 0.58173025
B134: 18-T4 | C134: 2590 | E134: 1296 | F134: 159 | G134: 20326 | H134: 0.28791646 | J134: -0.16315789 | K134: 0.65575106
B135: 19-T1 | C135: 2796 | E135: 1255 | F135: 202 | G135: 24253 | H135: 0.29324699 | J135: -0.48071979 | K135: 0.74796396
B136: 19-T2 | C136: 2982 | E136: 1228 | F136: 186 | G136: 22041 | H136: 0.2373444 | J136: 0.039106145 | K136: 0.40747126
B137: 19-T3 | C137: 2719 | E137: 908 | F137: 155 | G137: 21650 | H137: 0.3922171 | J137: -0.17989418 | K137: 0.47098791
B138: 19-T4 | C138: 3534 | E138: 1167 | F138: 140 | G138: 28858 | H138: 0.36447876 | J138: -0.11949686 | K138: 0.41975795
... B146: 21-T4 | C146: 4849 | E146: 1171 | F146: 208 | G146: 15027 | H146: 0.074 | J146: -0.13 | K146: -0.124
B147: 22-T1 | C147: 5312 | E147: 1043 | F147: 166 | G147: 15522 | H147: =+'Total concursos TSJ'!C45 -> 0.060109896 | J147: =+(F147-F143)/F143 -> -0.1902439 | K147: =+(G147-G143)/G143 -> 0.087203194
B148: 22-T2 | C148: 5798 | E148: 1152 | F148: 160 | G148: 15914 | H148: 0.15567072 | J148: =+(F148-F144)/F144 -> -0.27272727 | K148: =+(G148-G144)/G144 -> 0.035932821
B149: 22-T3 | C149: 7225 | E149: 859 | F149: 119 | G149: 11836 | H149: 0.76176542 | J149: =+(F149-F145)/F145 -> -0.35675676 | K149: =+(G149-G145)/G145 -> -0.050765899
B150: 22-T4 | C150: =+'Total concursos TSJ'!F23 -> 21393 | E150: 1069 | F150: 128 | G150: 9590 | H150: 0.91730254 | J150: =+(F150-F146)/F146 -> -0.38461538 | K150: =+(G150-G146)/G146 -> -0.3618154
B151: 23-T1 | C151: 9316 | D151: 112 | E151: 852 | F151: 123 | G151: 5712 | H151: 0.75376506 | J151: -0.25903614 | K151: -0.63200618
B152: 23-T2 | C152: 12006 | D152: 384 | E152: 1218 | F152: 121 | G152: 8337 | H152: 1.070714 | J152: -0.24375 | K152: -0.47612165
B153: 23-T3 | C153: 9330 | D153: 430 | E153: 914 | F153: 132 | G153: 5975 | H153: 0.29134948 | J153: 0.1092437 | K153: -0.49518418
B154: 23-T4 | C154: 11791 | D154: 518 | E154: 1516 | F154: 153 | G154: 7405 | H154: 0.25223025 | J154: 0.1953125 | K154: -0.2278415
B155: 24-T1 | C155: 13148 | D155: 668 | E155: 1655 | F155: 149 | G155: 6241 | H155: =+(C155-C151)/C151 -> 0.41133534 | I155: =(D155-D151)/D151 -> 4.9642857 | J155: =+(F155-F151)/F151 -> 0.21138211 | K155: =+(G155-G151)/G151 -> 0.092612045
B156: 24-T2 | C156: 15227 | D156: 838 | E156: 1761 | F156: 167 | G156: 7863 | H156: =+(C156-C152)/C152 -> 0.26828253 | I156: =(D156-D152)/D152 -> 1.1822917 | J156: =+(F156-F152)/F152 -> 0.38016529 | K156: =+(G156-G152)/G152 -> -0.056854984
B157: 24-T3 | C157: 12675 | D157: 718 | E157: 1111 | F157: 106 | G157: 6338 | H157: 0.3585209 | I157: =(D157-D153)/D153 -> 0.66976744 | J157: =+(F157-F153)/F153 -> -0.1969697 | K157: =+(G157-G153)/G153 -> 0.060753138
B158: 24-T4 | C158: 16457 | D158: 1039 | E158: 1574 | F158: 180 | G158: 8746 | H158: 0.39572555 | I158: =(D158-D154)/D154 -> 1.0057915 | J158: =+(F158-F154)/F154 -> 0.17647059 | K158: =+(G158-G154)/G154 -> 0.18109386
B159: 25-T1 | C159: 18017 | D159: 900 | E159: 1761 | F159: 159 | G159: 10486 | H159: 0.37032248 | I159: =(D159-D155)/D155 -> 0.34730539 | J159: =+(F159-F155)/F155 -> 0.067114094 | K159: =+(G159-G155)/G155 -> 0.68017946
B160: 25-T2 | C160: 18106 | D160: 871 | E160: 1608 | F160: 157 | G160: 7726 | H160: 0.18907204 | I160: =(D160-D156)/D156 -> 0.039379475 | J160: =+(F160-F156)/F156 -> -0.05988024 | K160: =+(G160-G156)/G156 -> -0.017423375
B161: 25-T3 | C161: 17223 | D161: 761 | E161: 1308 | F161: 123 | G161: 4922 | H161: 0.35881657 | I161: =(D161-D157)/D157 -> 0.059888579 | J161: =+(F161-F157)/F157 -> 0.16037736 | K161: =+(G161-G157)/G157 -> -0.22341433
B162: 25-T4 | C162: 21393 | D162: 861 | E162: 1746 | F162: 199 | G162: 8544 | H162: 0.29993316 | I162: =(D162-D158)/D158 -> -0.17131858 | J162: =+(F162-F158)/F158 -> 0.10555556 | K162: =+(G162-G158)/G158 -> -0.023096273
B163: 26-T1 | C163: 19100 | D163: 954 | E163: 1906 | F163: 153 | G163: 7274 | H163: =(C163-C159)/C159 -> 0.060109896 | I163: =(D163-D159)/D159 -> 0.06 | J163: =+(F163-F159)/F159 -> -0.037735849 | K163: =+(G163-G159)/G159 -> -0.30631318
B164: 26-T2 | C164: 19024 | D164: 937 | E164: 1776 | F164: 148 | G164: 8290 | H164: =(C164-C160)/C160 -> 0.050701425 | I164: =(D164-D160)/D160 -> 0.075774971 | J164: =+(F164-F160)/F160 -> -0.057324841 | K164: =+(G164-G160)/G160 -> 0.073000259
C168: Ej. Hipotecarias | D168: Monitorios | E168: Concursos personas naturales * | F168: Evolución Ej. Hipotecarias | G168: Evolución Monitorios | H168: Evolución Concursos personas naturales
B169: 07-T1 | C169: 5688 | D169: 117595 | F169: 0.19596299 | G169: 0.19596299
...

Sheet Definiciones y conceptos
B4: Concursos | C4: Comprende aquellos procedimientos que, declarados y tramitados en los Juzgados de lo Mercantil, procede su apertura para cualquier deudor, sea persona natural o jurídica, que no pueda cumplir regularmente sus obligaciones exigibles. Se incluyen tanto los concursos ordinarios, como los abreviados, así como los voluntarios y necesarios. Las entidades que integran la organización territorial del Estado, los organismos públicos y demás entes de derecho público no pueden ser declaradas en concurso
B5: Concursos Presentados | C5: Número total de solicitudes de concurso presentadas ante los Juzgados de lo Mercantil por el deudor, sea persona natural o jurídica, y por cualquiera de sus acreedores.
B6: Concursos Declarados | C6: Se recogen todos los autos judiciales dictados por los Juzgados de lo Mercantil dentro de un procedimiento concursal, que abren la fase común de tramitación del concurso y determinan, entre otras situaciones jurídicas, el carácter necesario o voluntario del concurso y los efectos sobre las facultades de administración y disposición del deudor respecto de su patrimonio.
B7: Concursos declarados concluidos art. 176 bis 4 LC | C7: El artículo 176 bis 4 de la Ley Concursal posibilita la conclusión del concurso en el mismo auto de su declaración, cuando el juez aprecia de manera evidente que el patrimonio del concursado no puede satisfacer los créditos contra la masa del procedimiento, ni se preveen acciones de reintegración, impugnación o de responsabilidad de terceros.
B8: Fase de Convenio | C8: El convenio es un acuerdo único entre el concursado y los acreedores para una redución o aplazamiento de los créditos. La fase de convenio se apertura por el Juez de lo Mercantil mediante auto, cuando el concursado no hubiera solicitado la liquidación y no hubiera sido aprobada ni mantenida una propuesta anticipada de convenio.
B9: Fase de Liquidación | C9: La liquidación es una de las soluciones del concurso, junto al convenio, previstas por la ley. La liquidación puede pedirse por el deudor, el acreedor o bien aperturarse de oficio. El inicio de la fase de liquidación se acordará por el Juez de lo Mercantil mediante resolución judicial.
B10: Concursos sin masa | C10: Se reciogen todos los autos que declaran "concursos sin masa" del artículo 37 bisTRLC, que se dictan cuandoconcurra alguno de los siguientes supuestos: (a) el concursado carece de bienes y derechos que sean legalmente embargables; (b) el coste de realización de los bienes y derechos del concursado es manifiestamente desproporcionado respecto al previsible valor venal; (c) los bienes y derechos del concursado libres de cargas son de valor inferior al previsible coste del procedimiento; (d) los gravámenes y las cargas existentes sobre los bienes y derechos del concursado lo son por importe superior al valor de mercado de esos bienes y derechos.
B11: E.R.E. | C11: Acrónimo de Expediente de Regulación de Empleo. Es un procedimiento de modificación sustancial de las condiciones de trabajo de carácter colectivo, que una vez declarado el concurso, se tramita ante el juez del concurso por las reglas establecidas en el artículo 64 de la Ley Concursal.
B12: Procedimientos especiales de Mircroempresas (PEM) | C12: Es el procedimiento por el que se tramitan las situaciones de insolvencia probable, inminenete o actual de las empresas que tienen de 1 a 10 empleados y un volumen de negocio anual inferior a 700.000 euros o un pasivo inferior a 350.000 euros según las últimas cuentas cerradas en el ejercicio anterior a la presentación de la solicitud.
B13: Procedimientos especiales de Mircroempresas presentados | C13: Número total de solicitudes de apertura de procedimiento especial de microempresas ante los Juzgados de lo Mercantil por el deudor, los acreedores o los socios personalmente responsables.
B14: Procedimientos especiales de Mircroempresas declarados aperturados | C14: Se recogen todos los autos judiciales dictados por los Juzgados de lo Mercantil dentro de un procedimiento especial de microempresas, quedeterminan, entre otras situaciones jurídicas, los efectos sobre las facultades de administración y disposición del deudor respecto de su patrimonio, la paralización de algunas ejecuciones judiciales o extrajudiciales sobre bienes y derechos del deudor, y la tramitación del procedimiento en su modalidad de continuación o de liquidación
B15: Procedimientos especiales de Mircroempresas de continuación | C15: Culmina con la homologación judicial de un acuerdo alcanzado entre el deudor y los acreedores para una redución o aplazamiento de los créditos, que incluy e un plan de reestructuración y la explicación de los medios que propone para cumplir su propuesta
... B24: Verbales posesorios por ocupación ilegal de viviendas | C24: Son procedimientos tramitados por los Juzgados de Primera Instancia, que permiten, en los supuestos de ocupación ilegal de viviendas, a la persona física, que sea propietaria o poseedora legítima por otro título, a las entidades sin ánimo de lucro con derecho a poseerla y las entidades públicas propietarias o poseedoras legítimas de vivienda social, pedir la inmediata recuperación de la plena posesión de una vivienda o parte de ella, siempre que se hayan visto privados de ella sin su consentimiento.

Sheet Concursos TSJ pers. jurid. 
W2: c
C5: 25-T1 | D5: 25-T2 | E5: 25-T3 | F5: 25-T4 | G5: 26-T1 | H5: 26-T2
B6: ANDALUCÍA | C6: 201 | D6: 200 | E6: 183 | F6: 193 | G6: 184 | H6: 188
B7: ARAGÓN | C7: 23 | D7: 27 | E7: 16 | F7: 40 | G7: 24 | H7: 25
B8: ASTURIAS, PRINCIPADO | C8: 14 | D8: 14 | E8: 14 | F8: 23 | G8: 18 | H8: 17
B9: ILLES BALEARS | C9: 27 | D9: 36 | E9: 22 | F9: 31 | G9: 50 | H9: 44
B10: CANARIAS | C10: 32 | D10: 22 | E10: 16 | F10: 22 | G10: 17 | H10: 15
B11: CANTABRIA | C11: 10 | D11: 10 | E11: 3 | F11: 3 | G11: 2 | H11: 5
B12: CASTILLA Y LEÓN | C12: 28 | D12: 30 | E12: 33 | F12: 49 | G12: 30 | H12: 77
B13: CASTILLA - LA MANCHA | C13: 56 | D13: 46 | E13: 30 | F13: 40 | G13: 51 | H13: 42
B14: CATALUÑA | C14: 423 | D14: 390 | E14: 301 | F14: 441 | G14: 482 | H14: 406
B15: COMUNITAT VALENCIANA | C15: 199 | D15: 189 | E15: 137 | F15: 211 | G15: 157 | H15: 174
B16: EXTREMADURA | C16: 21 | D16: 29 | E16: 24 | F16: 16 | G16: 13 | H16: 17
B17: GALICIA | C17: 55 | D17: 102 | E17: 39 | F17: 57 | G17: 48 | H17: 71
... B23: TOTAL | C23: 1455 | D23: 1342 | E23: 1134 | F23: 1541 | G23: 1395 | H23: 1404
C27: Evolución 26-T1 | D27: Evolución 26-T2
B28: ANDALUCÍA | C28: =+(G6-C6)/C6 -> -0.084577114 | D28: =+(H6-D6)/D6 -> -0.06
B29: ARAGÓN | C29: =+(G7-C7)/C7 -> 0.043478261 | D29: =+(H7-D7)/D7 -> -0.074074074
B30: ASTURIAS, PRINCIPADO | C30: =+(G8-C8)/C8 -> 0.28571429 | D30: =+(H8-D8)/D8 -> 0.21428571
B31: ILLES BALEARS | C31: =+(G9-C9)/C9 -> 0.85185185 | D31: =+(H9-D9)/D9 -> 0.22222222
B32: CANARIAS | C32: =+(G10-C10)/C10 -> -0.46875 | D32: =+(H10-D10)/D10 -> -0.31818182
B33: CANTABRIA | C33: =+(G11-C11)/C11 -> -0.8 | D33: =+(H11-D11)/D11 -> -0.5
B34: CASTILLA Y LEÓN | C34: =+(G12-C12)/C12 -> 0.071428571 | D34: =+(H12-D12)/D12 -> 1.5666667
B35: CASTILLA - LA MANCHA | C35: =+(G13-C13)/C13 -> -0.089285714 | D35: =+(H13-D13)/D13 -> -0.086956522
B36: CATALUÑA | C36: =+(G14-C14)/C14 -> 0.13947991 | D36: =+(H14-D14)/D14 -> 0.041025641
B37: COMUNITAT VALENCIANA | C37: =+(G15-C15)/C15 -> -0.21105528 | D37: =+(H15-D15)/D15 -> -0.079365079
B38: EXTREMADURA | C38: =+(G16-C16)/C16 -> -0.38095238 | D38: =+(H16-D16)/D16 -> -0.4137931
B39: GALICIA | C39: =+(G17-C17)/C17 -> -0.12727273 | D39: =+(H17-D17)/D17 -> -0.30392157
... B45: TOTAL | C45: =+(G23-C23)/C23 -> -0.041237113 | D45: =+(H23-D23)/D23 -> 0.046199702
C51: 25-T1 | D51: 25-T2 | E51: 25-T3 | F51: 25-T4 | G51: 26-T1 | H51: 26-T2 | I51: 45658
B52: ANDALUCÍA | C52: =+C6/$I52*100000 -> 2.2718675 | D52: =+D6/$I52*100000 -> 2.2605647 | E52: =+E6/$I52*100000 -> 2.0684167 | F52: =+F6/$I52*100000 -> 2.1814449 | G52: =+G6/$I52*100000 -> 2.0797195 | H52: =+H6/$I52*100000 -> 2.1249308 | I52: 8847347
B53: ARAGÓN | C53: =+C7/$I53*100000 -> 1.6854497 | D53: =+D7/$I53*100000 -> 1.9785713 | E53: =+E7/$I53*100000 -> 1.1724867 | F53: =+F7/$I53*100000 -> 2.9312168 | G53: =+G7/$I53*100000 -> 1.7587301 | H53: =+H7/$I53*100000 -> 1.8320105 | I53: 1364621
B54: ASTURIAS, PRINCIPADO | C54: =+C8/$I54*100000 -> 1.3791364 | D54: =+D8/$I54*100000 -> 1.3791364 | E54: =+E8/$I54*100000 -> 1.3791364 | F54: =+F8/$I54*100000 -> 2.2657241 | G54: =+G8/$I54*100000 -> 1.7731754 | H54: =+H8/$I54*100000 -> 1.6746657 | I54: 1015128
B55: ILLES BALEARS | C55: =+C9/$I55*100000 -> 2.1602696 | D55: =+D9/$I55*100000 -> 2.8803595 | E55: =+E9/$I55*100000 -> 1.7602197 | F55: =+F9/$I55*100000 -> 2.4803095 | G55: =+G9/$I55*100000 -> 4.0004993 | H55: =+H9/$I55*100000 -> 3.5204394 | I55: 1249844
B56: CANARIAS | C56: =+C10/$I56*100000 -> 1.41664 | D56: =+D10/$I56*100000 -> 0.97394002 | E56: =+E10/$I56*100000 -> 0.70832002 | F56: =+F10/$I56*100000 -> 0.97394002 | G56: =+G10/$I56*100000 -> 0.75259002 | H56: =+H10/$I56*100000 -> 0.66405001 | I56: 2258866
B57: CANTABRIA | C57: =+C11/$I57*100000 -> 1.6845708 | D57: =+D11/$I57*100000 -> 1.6845708 | E57: =+E11/$I57*100000 -> 0.50537125 | F57: =+F11/$I57*100000 -> 0.50537125 | G57: =+G11/$I57*100000 -> 0.33691417 | H57: =+H11/$I57*100000 -> 0.84228542 | I57: 593623
B58: CASTILLA - LEÓN | C58: =+C12/$I58*100000 -> 1.1660734 | D58: =+D12/$I58*100000 -> 1.2493644 | E58: =+E12/$I58*100000 -> 1.3743008 | F58: =+F12/$I58*100000 -> 2.0406285 | G58: =+G12/$I58*100000 -> 1.2493644 | H58: =+H12/$I58*100000 -> 3.2067019 | I58: 2401221
B59: CASTILLA - LA MANCHA | C59: =+C13/$I59*100000 -> 2.6335863 | D59: =+D13/$I59*100000 -> 2.163303 | E59: =+E13/$I59*100000 -> 1.4108498 | F59: =+F13/$I59*100000 -> 1.8811331 | G59: =+G13/$I59*100000 -> 2.3984447 | H59: =+H13/$I59*100000 -> 1.9751897 | I59: 2126378
B60: CATALUÑA | C60: =+C14/$I60*100000 -> 5.2067139 | D60: =+D14/$I60*100000 -> 4.8005164 | E60: =+E14/$I60*100000 -> 3.7050139 | F60: =+F14/$I60*100000 -> 5.4282762 | G60: =+G14/$I60*100000 -> 5.9329459 | H60: =+H14/$I60*100000 -> 4.9974606 | I60: 8124126
B61: C. VALENCIANA | C61: =+C15/$I61*100000 -> 3.6680797 | D61: =+D15/$I61*100000 -> 3.4837541 | E61: =+E15/$I61*100000 -> 2.5252609 | F61: =+F15/$I61*100000 -> 3.8892704 | G61: =+G15/$I61*100000 -> 2.8939121 | H61: =+H15/$I61*100000 -> 3.2072657 | I61: 5425182
B62: EXTREMADURA | C62: =+C16/$I62*100000 -> 1.9936488 | D62: =+D16/$I62*100000 -> 2.7531341 | E62: =+E16/$I62*100000 -> 2.2784558 | F62: =+F16/$I62*100000 -> 1.5189705 | G62: =+G16/$I62*100000 -> 1.2341635 | H62: =+H16/$I62*100000 -> 1.6139062 | I62: 1053345
B63: GALICIA | C63: =+C17/$I63*100000 -> 2.025976 | D63: =+D17/$I63*100000 -> 3.7572645 | E63: =+E17/$I63*100000 -> 1.4366011 | F63: =+F17/$I63*100000 -> 2.0996478 | G63: =+G17/$I63*100000 -> 1.7681245 | H63: =+H17/$I63*100000 -> 2.6153508 | I63: 2714741
... B69: TOTAL | C69: =+C23/$I69*100000 -> 2.9616333 | D69: =+D23/$I69*100000 -> 2.7316233 | E69: =+E23/$I69*100000 -> 2.308242 | F69: =+F23/$I69*100000 -> 3.1366852 | G69: =+G23/$I69*100000 -> 2.8395041 | H69: =+H23/$I69*100000 -> 2.8578235 | I69: 49128297

Sheet Concursos TSJ pers. nat.empres
C5: 25-T1 | D5: 25-T2 | E5: 25-T3 | F5: 25-T4 | G5: 26-T1 | H5: 26-T2
B6: ANDALUCÍA | C6: 10 | D6: 29 | E6: 17 | F6: 15 | G6: 23 | H6: 3
B7: ARAGÓN | C7: 4 | D7: 6 | E7: 0 | F7: 6 | G7: 8 | H7: 6
B8: ASTURIAS, PRINCIPADO | C8: 23 | D8: 3 | E8: 10 | F8: 2 | G8: 7 | H8: 7
B9: ILLES BALEARS | C9: 9 | D9: 8 | E9: 0 | F9: 5 | G9: 1 | H9: 0
B10: CANARIAS | C10: 15 | D10: 6 | E10: 0 | F10: 24 | G10: 14 | H10: 12
B11: CANTABRIA | C11: 12 | D11: 12 | E11: 5 | F11: 22 | G11: 7 | H11: 4
B12: CASTILLA Y LEÓN | C12: 16 | D12: 19 | E12: 13 | F12: 10 | G12: 17 | H12: 6
B13: CASTILLA - LA MANCHA | C13: 30 | D13: 22 | E13: 13 | F13: 19 | G13: 20 | H13: 14
B14: CATALUÑA | C14: 414 | D14: 384 | E14: 347 | F14: 299 | G14: 387 | H14: 423
B15: COMUNITAT VALENCIANA | C15: 64 | D15: 58 | E15: 44 | F15: 55 | G15: 109 | H15: 80
B16: EXTREMADURA | C16: 26 | D16: 47 | E16: 36 | F16: 44 | G16: 11 | H16: 18
B17: GALICIA | C17: 14 | D17: 31 | E17: 28 | F17: 29 | G17: 18 | H17: 20
... B23: TOTAL | C23: 729 | D23: 753 | E23: 601 | F23: 613 | G23: 706 | H23: 672
C27: 26-T1 | D27: 26-T2
B28: ANDALUCÍA | C28: =+IF(C6>0,(G6-C6)/C6,"-") -> 1.3 | D28: =+IF(D6>0,(H6-D6)/D6,"-") -> -0.89655172
B29: ARAGÓN | C29: =+IF(C7>0,(G7-C7)/C7,"-") -> 1 | D29: =+IF(D7>0,(H7-D7)/D7,"-") -> 0
B30: ASTURIAS, PRINCIPADO | C30: =+IF(C8>0,(G8-C8)/C8,"-") -> -0.69565217 | D30: =+IF(D8>0,(H8-D8)/D8,"-") -> 1.3333333
B31: ILLES BALEARS | C31: =+IF(C9>0,(G9-C9)/C9,"-") -> -0.88888889 | D31: =+IF(D9>0,(H9-D9)/D9,"-") -> -1
B32: CANARIAS | C32: =+IF(C10>0,(G10-C10)/C10,"-") -> -0.066666667 | D32: =+IF(D10>0,(H10-D10)/D10,"-") -> 1
B33: CANTABRIA | C33: =+IF(C11>0,(G11-C11)/C11,"-") -> -0.41666667 | D33: =+IF(D11>0,(H11-D11)/D11,"-") -> -0.66666667
B34: CASTILLA Y LEÓN | C34: =+IF(C12>0,(G12-C12)/C12,"-") -> 0.0625 | D34: =+IF(D12>0,(H12-D12)/D12,"-") -> -0.68421053
B35: CASTILLA - LA MANCHA | C35: =+IF(C13>0,(G13-C13)/C13,"-") -> -0.33333333 | D35: =+IF(D13>0,(H13-D13)/D13,"-") -> -0.36363636
B36: CATALUÑA | C36: =+IF(C14>0,(G14-C14)/C14,"-") -> -0.065217391 | D36: =+IF(D14>0,(H14-D14)/D14,"-") -> 0.1015625
B37: COMUNITAT VALENCIANA | C37: =+IF(C15>0,(G15-C15)/C15,"-") -> 0.703125 | D37: =+IF(D15>0,(H15-D15)/D15,"-") -> 0.37931034
B38: EXTREMADURA | C38: =+IF(C16>0,(G16-C16)/C16,"-") -> -0.57692308 | D38: =+IF(D16>0,(H16-D16)/D16,"-") -> -0.61702128
B39: GALICIA | C39: =+IF(C17>0,(G17-C17)/C17,"-") -> 0.28571429 | D39: =+IF(D17>0,(H17-D17)/D17,"-") -> -0.35483871
... B44: LA RIOJA | C44: =+IF(C22>0,(G22-C22)/C22,"-") -> -0.83333333 | D44: =+IF(D22>0,(H22-D22)/D22,"-") -> 0
B45: TOTAL | C45: =+(G23-C23)/C23 -> -0.031550069 | D45: =+IF(D23>0,(H23-D23)/D23,"-") -> -0.10756972
C53: 25-T1 | D53: 25-T2 | E53: 25-T3 | F53: 25-T4 | G53: 26-T1 | H53: 26-T2 | I53: 45658
B54: ANDALUCÍA | C54: =+C6/$I54*100000 -> 0.11302823 | D54: =+D6/$I54*100000 -> 0.32778188 | E54: =+E6/$I54*100000 -> 0.192148 | F54: =+F6/$I54*100000 -> 0.16954235 | G54: =+G6/$I54*100000 -> 0.25996494 | H54: =+H6/$I54*100000 -> 0.03390847 | I54: 8847347
B55: ARAGÓN | C55: =+C7/$I55*100000 -> 0.29312168 | D55: =+D7/$I55*100000 -> 0.43968252 | E55: =+E7/$I55*100000 -> 0 | F55: =+F7/$I55*100000 -> 0.43968252 | G55: =+G7/$I55*100000 -> 0.58624336 | H55: =+H7/$I55*100000 -> 0.43968252 | I55: 1364621
B56: ASTURIAS, PRINCIPADO | C56: =+C8/$I56*100000 -> 2.2657241 | D56: =+D8/$I56*100000 -> 0.29552923 | E56: =+E8/$I56*100000 -> 0.98509745 | F56: =+F8/$I56*100000 -> 0.19701949 | G56: =+G8/$I56*100000 -> 0.68956821 | H56: =+H8/$I56*100000 -> 0.68956821 | I56: 1015128
B57: ILLES BALEARS | C57: =+C9/$I57*100000 -> 0.72008987 | D57: =+D9/$I57*100000 -> 0.64007988 | E57: =+E9/$I57*100000 -> 0 | F57: =+F9/$I57*100000 -> 0.40004993 | G57: =+G9/$I57*100000 -> 0.080009985 | H57: =+H9/$I57*100000 -> 0 | I57: 1249844
B58: CANARIAS | C58: =+C10/$I58*100000 -> 0.66405001 | D58: =+D10/$I58*100000 -> 0.26562001 | E58: =+E10/$I58*100000 -> 0 | F58: =+F10/$I58*100000 -> 1.06248 | G58: =+G10/$I58*100000 -> 0.61978001 | H58: =+H10/$I58*100000 -> 0.53124001 | I58: 2258866
B59: CANTABRIA | C59: =+C11/$I59*100000 -> 2.021485 | D59: =+D11/$I59*100000 -> 2.021485 | E59: =+E11/$I59*100000 -> 0.84228542 | F59: =+F11/$I59*100000 -> 3.7060559 | G59: =+G11/$I59*100000 -> 1.1791996 | H59: =+H11/$I59*100000 -> 0.67382834 | I59: 593623
B60: CASTILLA - LEÓN | C60: =+C12/$I60*100000 -> 0.66632767 | D60: =+D12/$I60*100000 -> 0.79126411 | E60: =+E12/$I60*100000 -> 0.54139123 | F60: =+F12/$I60*100000 -> 0.4164548 | G60: =+G12/$I60*100000 -> 0.70797315 | H60: =+H12/$I60*100000 -> 0.24987288 | I60: 2401221
B61: CASTILLA - LA MANCHA | C61: =+C13/$I61*100000 -> 1.4108498 | D61: =+D13/$I61*100000 -> 1.0346232 | E61: =+E13/$I61*100000 -> 0.61136825 | F61: =+F13/$I61*100000 -> 0.89353821 | G61: =+G13/$I61*100000 -> 0.94056654 | H61: =+H13/$I61*100000 -> 0.65839658 | I61: 2126378
B62: CATALUÑA | C62: =+C14/$I62*100000 -> 5.0959328 | D62: =+D14/$I62*100000 -> 4.7266623 | E62: =+E14/$I62*100000 -> 4.2712287 | F62: =+F14/$I62*100000 -> 3.6803959 | G62: =+G14/$I62*100000 -> 4.7635893 | H62: =+H14/$I62*100000 -> 5.2067139 | I62: 8124126
B63: C. VALENCIANA | C63: =+C15/$I63*100000 -> 1.1796839 | D63: =+D15/$I63*100000 -> 1.0690886 | E63: =+E15/$I63*100000 -> 0.8110327 | F63: =+F15/$I63*100000 -> 1.0137909 | G63: =+G15/$I63*100000 -> 2.0091492 | H63: =+H15/$I63*100000 -> 1.4746049 | I63: 5425182
B64: EXTREMADURA | C64: =+C16/$I64*100000 -> 2.4683271 | D64: =+D16/$I64*100000 -> 4.4619759 | E64: =+E16/$I64*100000 -> 3.4176837 | F64: =+F16/$I64*100000 -> 4.1771689 | G64: =+G16/$I64*100000 -> 1.0442922 | H64: =+H16/$I64*100000 -> 1.7088418 | I64: 1053345
B65: GALICIA | C65: =+C17/$I65*100000 -> 0.51570297 | D65: =+D17/$I65*100000 -> 1.1419137 | E65: =+E17/$I65*100000 -> 1.0314059 | F65: =+F17/$I65*100000 -> 1.0682419 | G65: =+G17/$I65*100000 -> 0.66304668 | H65: =+H17/$I65*100000 -> 0.73671853 | I65: 2714741
... B71: TOTAL | C71: =+C23/$I71*100000 -> 1.4838699 | D71: =+D23/$I71*100000 -> 1.5327216 | E71: =+E23/$I71*100000 -> 1.2233276 | F71: =+F23/$I71*100000 -> 1.2477534 | G71: =+G23/$I71*100000 -> 1.4370537 | H71: =+H23/$I71*100000 -> 1.3678471 | I71: 49128297

Sheet Concursos TSJ pers. nat.no emp 
C5: 25-T1 | D5: 25-T2 | E5: 25-T3 | F5: 25-T4 | G5: 26-T1 | H5: 26-T2
B6: ANDALUCÍA | C6: 2338 | D6: 2865 | E6: 2305 | F6: 3094 | G6: 2910 | H6: 2700
B7: ARAGÓN | C7: 264 | D7: 322 | E7: 334 | F7: 334 | G7: 341 | H7: 316
B8: ASTURIAS, PRINCIPADO | C8: 226 | D8: 290 | E8: 233 | F8: 300 | G8: 323 | H8: 294
B9: ILLES BALEARS | C9: 382 | D9: 534 | E9: 471 | F9: 550 | G9: 543 | H9: 573
B10: CANARIAS | C10: 975 | D10: 1104 | E10: 1078 | F10: 1170 | G10: 957 | H10: 891
B11: CANTABRIA | C11: 87 | D11: 132 | E11: 89 | F11: 137 | G11: 58 | H11: 197
B12: CASTILLA Y LEÓN | C12: 559 | D12: 542 | E12: 437 | F12: 596 | G12: 474 | H12: 588
B13: CASTILLA - LA MANCHA | C13: 525 | D13: 632 | E13: 479 | F13: 660 | G13: 674 | H13: 677
B14: CATALUÑA | C14: 3656 | D14: 3548 | E14: 3320 | F14: 3981 | G14: 3619 | H14: 3802
B15: COMUNITAT VALENCIANA | C15: 1866 | D15: 2029 | E15: 1696 | F15: 1828 | G15: 2057 | H15: 1748
B16: EXTREMADURA | C16: 202 | D16: 186 | E16: 183 | F16: 227 | G16: 181 | H16: 251
B17: GALICIA | C17: 637 | D17: 681 | E17: 615 | F17: 673 | G17: 682 | H17: 773
... B23: TOTAL | C23: 15833 | D23: 16011 | E23: 15488 | F23: 19239 | G23: 16999 | H23: 16948
C27: Evolución 26-T1 | D27: Evolución 26-T2
B28: ANDALUCÍA | C28: =+(G6-C6)/C6 -> 0.24465355 | D28: =+(H6-D6)/D6 -> -0.057591623
B29: ARAGÓN | C29: =+(G7-C7)/C7 -> 0.29166667 | D29: =+(H7-D7)/D7 -> -0.01863354
B30: ASTURIAS, PRINCIPADO | C30: =+(G8-C8)/C8 -> 0.42920354 | D30: =+(H8-D8)/D8 -> 0.013793103
B31: ILLES BALEARS | C31: =+(G9-C9)/C9 -> 0.42146597 | D31: =+(H9-D9)/D9 -> 0.073033708
B32: CANARIAS | C32: =+(G10-C10)/C10 -> -0.018461538 | D32: =+(H10-D10)/D10 -> -0.19293478
B33: CANTABRIA | C33: =+(G11-C11)/C11 -> -0.33333333 | D33: =+(H11-D11)/D11 -> 0.49242424
B34: CASTILLA Y LEÓN | C34: =+(G12-C12)/C12 -> -0.15205725 | D34: =+(H12-D12)/D12 -> 0.084870849
B35: CASTILLA - LA MANCHA | C35: =+(G13-C13)/C13 -> 0.28380952 | D35: =+(H13-D13)/D13 -> 0.071202532
B36: CATALUÑA | C36: =+(G14-C14)/C14 -> -0.01012035 | D36: =+(H14-D14)/D14 -> 0.071589628
B37: COMUNITAT VALENCIANA | C37: =+(G15-C15)/C15 -> 0.10235798 | D37: =+(H15-D15)/D15 -> -0.13849187
B38: EXTREMADURA | C38: =+(G16-C16)/C16 -> -0.1039604 | D38: =+(H16-D16)/D16 -> 0.34946237
B39: GALICIA | C39: =+(G17-C17)/C17 -> 0.070643642 | D39: =+(H17-D17)/D17 -> 0.13509545
... B45: TOTAL | C45: =+(G23-C23)/C23 -> 0.073643656 | D45: =+(H23-D23)/D23 -> 0.058522266
L50: 11.57
C53: 25-T1 | D53: 25-T2 | E53: 25-T3 | F53: 25-T4 | G53: 26-T1 | H53: 26-T2 | J53: 45658
B54: ANDALUCÍA | C54: =+C6/$J54*100000 -> 26.426001 | D54: =+D6/$J54*100000 -> 32.382589 | E54: =+E6/$J54*100000 -> 26.053008 | F54: =+F6/$J54*100000 -> 34.970935 | G54: =+G6/$J54*100000 -> 32.891216 | H54: =+H6/$J54*100000 -> 30.517623 | J54: 8847347
B55: ARAGÓN | C55: =+C7/$J55*100000 -> 19.346031 | D55: =+D7/$J55*100000 -> 23.596295 | E55: =+E7/$J55*100000 -> 24.47566 | F55: =+F7/$J55*100000 -> 24.47566 | G55: =+G7/$J55*100000 -> 24.988623 | H55: =+H7/$J55*100000 -> 23.156613 | J55: 1364621
B56: ASTURIAS, PRINCIPADO | C56: =+C8/$J56*100000 -> 22.263202 | D56: =+D8/$J56*100000 -> 28.567826 | E56: =+E8/$J56*100000 -> 22.95277 | F56: =+F8/$J56*100000 -> 29.552923 | G56: =+G8/$J56*100000 -> 31.818648 | H56: =+H8/$J56*100000 -> 28.961865 | J56: 1015128
B57: ILLES BALEARS | C57: =+C9/$J57*100000 -> 30.563814 | D57: =+D9/$J57*100000 -> 42.725332 | E57: =+E9/$J57*100000 -> 37.684703 | F57: =+F9/$J57*100000 -> 44.005492 | G57: =+G9/$J57*100000 -> 43.445422 | H57: =+H9/$J57*100000 -> 45.845722 | J57: 1249844
B58: CANARIAS | C58: =+C10/$J58*100000 -> 43.163251 | D58: =+D10/$J58*100000 -> 48.874081 | E58: =+E10/$J58*100000 -> 47.723061 | F58: =+F10/$J58*100000 -> 51.795901 | G58: =+G10/$J58*100000 -> 42.366391 | H58: =+H10/$J58*100000 -> 39.444571 | J58: 2258866
B59: CANTABRIA | C59: =+C11/$J59*100000 -> 14.655766 | D59: =+D11/$J59*100000 -> 22.236335 | E59: =+E11/$J59*100000 -> 14.992681 | F59: =+F11/$J59*100000 -> 23.078621 | G59: =+G11/$J59*100000 -> 9.7705109 | H59: =+H11/$J59*100000 -> 33.186046 | J59: 593623
B60: CASTILLA - LEÓN | C60: =+C12/$J60*100000 -> 23.279823 | D60: =+D12/$J60*100000 -> 22.57185 | E60: =+E12/$J60*100000 -> 18.199075 | F60: =+F12/$J60*100000 -> 24.820706 | G60: =+G12/$J60*100000 -> 19.739957 | H60: =+H12/$J60*100000 -> 24.487542 | J60: 2401221
B61: CASTILLA - LA MANCHA | C61: =+C13/$J61*100000 -> 24.689872 | D61: =+D13/$J61*100000 -> 29.721903 | E61: =+E13/$J61*100000 -> 22.526569 | F61: =+F13/$J61*100000 -> 31.038696 | G61: =+G13/$J61*100000 -> 31.697092 | H61: =+H13/$J61*100000 -> 31.838177 | J61: 2126378
B62: CATALUÑA | C62: =+C14/$J62*100000 -> 45.001764 | D62: =+D14/$J62*100000 -> 43.67239 | E62: =+E14/$J62*100000 -> 40.865934 | F62: =+F14/$J62*100000 -> 49.002194 | G62: =+G14/$J62*100000 -> 44.54633 | H62: =+H14/$J62*100000 -> 46.79888 | J62: 8124126
B63: C. VALENCIANA | C63: =+C15/$J63*100000 -> 34.395159 | D63: =+D15/$J63*100000 -> 37.399667 | E63: =+E15/$J63*100000 -> 31.261624 | F63: =+F15/$J63*100000 -> 33.694722 | G63: =+G15/$J63*100000 -> 37.915779 | H63: =+H15/$J63*100000 -> 32.220117 | J63: 5425182
B64: EXTREMADURA | C64: =+C16/$J64*100000 -> 19.177003 | D64: =+D16/$J64*100000 -> 17.658032 | E64: =+E16/$J64*100000 -> 17.373225 | F64: =+F16/$J64*100000 -> 21.550394 | G64: =+G16/$J64*100000 -> 17.183354 | H64: =+H16/$J64*100000 -> 23.82885 | J64: 1053345
B65: GALICIA | C65: =+C17/$J65*100000 -> 23.464485 | D65: =+D17/$J65*100000 -> 25.085266 | E65: =+E17/$J65*100000 -> 22.654095 | F65: =+F17/$J65*100000 -> 24.790579 | G65: =+G17/$J65*100000 -> 25.122102 | H65: =+H17/$J65*100000 -> 28.474171 | J65: 2714741
... B71: TOTAL | C71: =+C23/$J71*100000 -> 32.227862 | D71: =+D23/$J71*100000 -> 32.590179 | E71: =+E23/$J71*100000 -> 31.52562 | F71: =+F23/$J71*100000 -> 39.160731 | G71: =+G23/$J71*100000 -> 34.60124 | H71: =+H23/$J71*100000 -> 34.49743 | J71: 49128297

Sheet Total concursos TSJ
C5: 25-T1 | D5: 25-T2 | E5: 25-T3 | F5: 25-T4 | G5: 26-T1 | H5: 26-T2
B6: ANDALUCÍA | C6: 2549 | D6: 3094 | E6: 2505 | F6: 3302 | G6: 3117 | H6: 2891
B7: ARAGÓN | C7: 291 | D7: 355 | E7: 350 | F7: 380 | G7: 373 | H7: 347
B8: ASTURIAS, PRINCIPADO | C8: 263 | D8: 307 | E8: 257 | F8: 325 | G8: 348 | H8: 318
B9: ILLES BALEARS | C9: 418 | D9: 578 | E9: 493 | F9: 586 | G9: 594 | H9: 617
B10: CANARIAS | C10: 1022 | D10: 1132 | E10: 1094 | F10: 1216 | G10: 988 | H10: 918
B11: CANTABRIA | C11: 109 | D11: 154 | E11: 97 | F11: 162 | G11: 67 | H11: 206
B12: CASTILLA Y LEÓN | C12: 603 | D12: 591 | E12: 483 | F12: 655 | G12: 521 | H12: 671
B13: CASTILLA - LA MANCHA | C13: 611 | D13: 700 | E13: 522 | F13: 719 | G13: 745 | H13: 733
B14: CATALUÑA | C14: 4493 | D14: 4322 | E14: 3968 | F14: 4721 | G14: 4488 | H14: 4631
B15: COMUNITAT VALENCIANA | C15: 2129 | D15: 2276 | E15: 1877 | F15: 2094 | G15: 2323 | H15: 2002
B16: EXTREMADURA | C16: 249 | D16: 262 | E16: 243 | F16: 287 | G16: 205 | H16: 286
B17: GALICIA | C17: 706 | D17: 814 | E17: 682 | F17: 759 | G17: 748 | H17: 864
... B23: TOTAL | C23: 18017 | D23: 18106 | E23: 17223 | F23: 21393 | G23: 19100 | H23: 19024
C27: Evolución 26-T1 | D27: Evolución 26-T2
B28: ANDALUCÍA | C28: =+(G6-C6)/C6 -> 0.22283248 | D28: =+(H6-D6)/D6 -> -0.06561086
B29: ARAGÓN | C29: =+(G7-C7)/C7 -> 0.28178694 | D29: =+(H7-D7)/D7 -> -0.022535211
B30: ASTURIAS, PRINCIPADO | C30: =+(G8-C8)/C8 -> 0.32319392 | D30: =+(H8-D8)/D8 -> 0.035830619
B31: ILLES BALEARS | C31: =+(G9-C9)/C9 -> 0.42105263 | D31: =+(H9-D9)/D9 -> 0.067474048
B32: CANARIAS | C32: =+(G10-C10)/C10 -> -0.033268102 | D32: =+(H10-D10)/D10 -> -0.18904594
B33: CANTABRIA | C33: =+(G11-C11)/C11 -> -0.3853211 | D33: =+(H11-D11)/D11 -> 0.33766234
B34: CASTILLA Y LEÓN | C34: =+(G12-C12)/C12 -> -0.13598673 | D34: =+(H12-D12)/D12 -> 0.13536379
B35: CASTILLA - LA MANCHA | C35: =+(G13-C13)/C13 -> 0.2193126 | D35: =+(H13-D13)/D13 -> 0.047142857
B36: CATALUÑA | C36: =+(G14-C14)/C14 -> -0.0011128422 | D36: =+(H14-D14)/D14 -> 0.071494678
B37: COMUNITAT VALENCIANA | C37: =+(G15-C15)/C15 -> 0.091122593 | D37: =+(H15-D15)/D15 -> -0.12038664
B38: EXTREMADURA | C38: =+(G16-C16)/C16 -> -0.17670683 | D38: =+(H16-D16)/D16 -> 0.091603053
B39: GALICIA | C39: =+(G17-C17)/C17 -> 0.059490085 | D39: =+(H17-D17)/D17 -> 0.061425061
... B45: TOTAL | C45: =+(G23-C23)/C23 -> 0.060109896 | D45: =+(H23-D23)/D23 -> 0.050701425
C53: 25-T1 | D53: 25-T2 | E53: 25-T3 | F53: 25-T4 | G53: 26-T1 | H53: 26-T2 | J53: 45658
B54: ANDALUCÍA | C54: =+C6/$J54*100000 -> 28.810897 | D54: =+D6/$J54*100000 -> 34.970935 | E54: =+E6/$J54*100000 -> 28.313572 | F54: =+F6/$J54*100000 -> 37.321923 | G54: =+G6/$J54*100000 -> 35.2309 | H54: =+H6/$J54*100000 -> 32.676462 | J54: 8847347
B55: ARAGÓN | C55: =+C7/$J55*100000 -> 21.324602 | D55: =+D7/$J55*100000 -> 26.014549 | E55: =+E7/$J55*100000 -> 25.648147 | F55: =+F7/$J55*100000 -> 27.84656 | G55: =+G7/$J55*100000 -> 27.333597 | H55: =+H7/$J55*100000 -> 25.428306 | J55: 1364621
B56: ASTURIAS, PRINCIPADO | C56: =+C8/$J56*100000 -> 25.908063 | D56: =+D8/$J56*100000 -> 30.242492 | E56: =+E8/$J56*100000 -> 25.317004 | F56: =+F8/$J56*100000 -> 32.015667 | G56: =+G8/$J56*100000 -> 34.281391 | H56: =+H8/$J56*100000 -> 31.326099 | J56: 1015128
B57: ILLES BALEARS | C57: =+C9/$J57*100000 -> 33.444174 | D57: =+D9/$J57*100000 -> 46.245771 | E57: =+E9/$J57*100000 -> 39.444923 | F57: =+F9/$J57*100000 -> 46.885851 | G57: =+G9/$J57*100000 -> 47.525931 | H57: =+H9/$J57*100000 -> 49.366161 | J57: 1249844
B58: CANARIAS | C58: =+C10/$J58*100000 -> 45.243941 | D58: =+D10/$J58*100000 -> 50.113641 | E58: =+E10/$J58*100000 -> 48.431381 | F58: =+F10/$J58*100000 -> 53.832321 | G58: =+G10/$J58*100000 -> 43.738761 | H58: =+H10/$J58*100000 -> 40.639861 | J58: 2258866
B59: CANTABRIA | C59: =+C11/$J59*100000 -> 18.361822 | D59: =+D11/$J59*100000 -> 25.942391 | E59: =+E11/$J59*100000 -> 16.340337 | F59: =+F11/$J59*100000 -> 27.290048 | G59: =+G11/$J59*100000 -> 11.286625 | H59: =+H11/$J59*100000 -> 34.702159 | J59: 593623
B60: CASTILLA - LEÓN | C60: =+C12/$J60*100000 -> 25.112224 | D60: =+D12/$J60*100000 -> 24.612478 | E60: =+E12/$J60*100000 -> 20.114767 | F60: =+F12/$J60*100000 -> 27.277789 | G60: =+G12/$J60*100000 -> 21.697295 | H60: =+H12/$J60*100000 -> 27.944117 | J60: 2401221
B61: CASTILLA - LA MANCHA | C61: =+C13/$J61*100000 -> 28.734308 | D61: =+D13/$J61*100000 -> 32.919829 | E61: =+E13/$J61*100000 -> 24.548787 | F61: =+F13/$J61*100000 -> 33.813367 | G61: =+G13/$J61*100000 -> 35.036104 | H61: =+H13/$J61*100000 -> 34.471764 | J61: 2126378
B62: CATALUÑA | C62: =+C14/$J62*100000 -> 55.304411 | D62: =+D14/$J62*100000 -> 53.199569 | E62: =+E14/$J62*100000 -> 48.842177 | F62: =+F14/$J62*100000 -> 58.110866 | G62: =+G14/$J62*100000 -> 55.242866 | H62: =+H14/$J62*100000 -> 57.003055 | J62: 8124126
B63: C. VALENCIANA | C63: =+C15/$J63*100000 -> 39.242923 | D63: =+D15/$J63*100000 -> 41.95251 | E63: =+E15/$J63*100000 -> 34.597918 | F63: =+F15/$J63*100000 -> 38.597783 | G63: =+G15/$J63*100000 -> 42.81884 | H63: =+H15/$J63*100000 -> 36.901988 | J63: 5425182
B64: EXTREMADURA | C64: =+C16/$J64*100000 -> 23.638979 | D64: =+D16/$J64*100000 -> 24.873142 | E64: =+E16/$J64*100000 -> 23.069365 | F64: =+F16/$J64*100000 -> 27.246534 | G64: =+G16/$J64*100000 -> 19.46181 | H64: =+H16/$J64*100000 -> 27.151598 | J64: 1053345
B65: GALICIA | C65: =+C17/$J65*100000 -> 26.006164 | D65: =+D17/$J65*100000 -> 29.984444 | E65: =+E17/$J65*100000 -> 25.122102 | F65: =+F17/$J65*100000 -> 27.958468 | G65: =+G17/$J65*100000 -> 27.553273 | H65: =+H17/$J65*100000 -> 31.826241 | J65: 2714741
... B71: TOTAL | C71: =+C23/$J71*100000 -> 36.673366 | D71: =+D23/$J71*100000 -> 36.854524 | E71: =+E23/$J71*100000 -> 35.057189 | F71: =+F23/$J71*100000 -> 43.545169 | G71: =+G23/$J71*100000 -> 38.877798 | H71: =+H23/$J71*100000 -> 38.723101 | J71: 49128297

Sheet Concursos declarados TSJ
C5: 25-T1 | D5: 25-T2 | E5: 25-T3 | F5: 25-T4 | G5: 26-T1 | H5: 26-T2
B6: ANDALUCÍA | C6: 2226 | D6: 1983 | E6: 1127 | F6: 2462 | G6: 2050 | H6: 1889
B7: ARAGÓN | C7: 208 | D7: 197 | E7: 174 | F7: 188 | G7: 164 | H7: 169
B8: ASTURIAS, PRINCIPADO | C8: 266 | D8: 270 | E8: 207 | F8: 348 | G8: 275 | H8: 266
B9: ILLES BALEARS | C9: 362 | D9: 492 | E9: 511 | F9: 395 | G9: 644 | H9: 443
B10: CANARIAS | C10: 571 | D10: 1298 | E10: 659 | F10: 826 | G10: 1008 | H10: 658
B11: CANTABRIA | C11: 78 | D11: 40 | E11: 115 | F11: 128 | G11: 73 | H11: 57
B12: CASTILLA Y LEÓN | C12: 553 | D12: 392 | E12: 332 | F12: 479 | G12: 346 | H12: 422
B13: CASTILLA - LA MANCHA | C13: 489 | D13: 475 | E13: 346 | F13: 464 | G13: 503 | H13: 476
B14: CATALUÑA | C14: 4097 | D14: 3449 | E14: 2930 | F14: 4146 | G14: 3966 | H14: 3966
B15: COMUNITAT VALENCIANA | C15: 1647 | D15: 1802 | E15: 1578 | F15: 1828 | G15: 1733 | H15: 1631
B16: EXTREMADURA | C16: 126 | D16: 127 | E16: 159 | F16: 145 | G16: 179 | H16: 162
B17: GALICIA | C17: 438 | D17: 495 | E17: 575 | F17: 587 | G17: 653 | H17: 519
... B23: TOTAL | C23: 14849 | D23: 14189 | E23: 12092 | F23: 16294 | G23: 15316 | H23: 13798
C27: Evolución 26-T1 | D27: Evolución 26-T2
B28: ANDALUCÍA | C28: =+IF(C6>0,(G6-C6)/C6,"-") -> -0.079065588 | D28: =+IF(D6>0,(H6-D6)/D6,"-") -> -0.047402925
B29: ARAGÓN | C29: =+IF(C7>0,(G7-C7)/C7,"-") -> -0.21153846 | D29: =+IF(D7>0,(H7-D7)/D7,"-") -> -0.14213198
B30: ASTURIAS, PRINCIPADO | C30: =+IF(C8>0,(G8-C8)/C8,"-") -> 0.033834586 | D30: =+IF(D8>0,(H8-D8)/D8,"-") -> -0.014814815
B31: ILLES BALEARS | C31: =+IF(C9>0,(G9-C9)/C9,"-") -> 0.77900552 | D31: =+IF(D9>0,(H9-D9)/D9,"-") -> -0.099593496
B32: CANARIAS | C32: =+IF(C10>0,(G10-C10)/C10,"-") -> 0.76532399 | D32: =+IF(D10>0,(H10-D10)/D10,"-") -> -0.49306626
B33: CANTABRIA | C33: =+IF(C11>0,(G11-C11)/C11,"-") -> -0.064102564 | D33: =+IF(D11>0,(H11-D11)/D11,"-") -> 0.425
B34: CASTILLA Y LEÓN | C34: =+IF(C12>0,(G12-C12)/C12,"-") -> -0.37432188 | D34: =+IF(D12>0,(H12-D12)/D12,"-") -> 0.076530612
B35: CASTILLA - LA MANCHA | C35: =+IF(C13>0,(G13-C13)/C13,"-") -> 0.028629857 | D35: =+IF(D13>0,(H13-D13)/D13,"-") -> 0.0021052632
B36: CATALUÑA | C36: =+IF(C14>0,(G14-C14)/C14,"-") -> -0.031974616 | D36: =+IF(D14>0,(H14-D14)/D14,"-") -> 0.14989852
B37: COMUNITAT VALENCIANA | C37: =+IF(C15>0,(G15-C15)/C15,"-") -> 0.052216151 | D37: =+IF(D15>0,(H15-D15)/D15,"-") -> -0.094894562
B38: EXTREMADURA | C38: =+IF(C16>0,(G16-C16)/C16,"-") -> 0.42063492 | D38: =+IF(D16>0,(H16-D16)/D16,"-") -> 0.27559055
B39: GALICIA | C39: =+IF(C17>0,(G17-C17)/C17,"-") -> 0.49086758 | D39: =+IF(D17>0,(H17-D17)/D17,"-") -> 0.048484848
... B45: TOTAL | C45: =+IF(C23>0,(G23-C23)/C23,"-") -> 0.031449929 | D45: =+IF(D23>0,(H23-D23)/D23,"-") -> -0.027556558

Sheet Concursos Convenio TSJ
C5: 25-T1 | D5: 25-T2 | E5: 25-T3 | F5: 25-T4 | G5: 26-T1 | H5: 26-T2
B6: ANDALUCÍA | C6: 8 | D6: 18 | E6: 2 | F6: 8 | G6: 5 | H6: 0
B7: ARAGÓN | C7: 5 | D7: 2 | E7: 3 | F7: 0 | G7: 0 | H7: 1
B8: ASTURIAS, PRINCIPADO | C8: 0 | D8: 0 | E8: 0 | F8: 1 | G8: 0 | H8: 0
B9: ILLES BALEARS | C9: 1 | D9: 1 | E9: 3 | F9: 1 | G9: 0 | H9: 0
B10: CANARIAS | C10: 0 | D10: 0 | E10: 0 | F10: 0 | G10: 0 | H10: 0
B11: CANTABRIA | C11: 0 | D11: 0 | E11: 0 | F11: 0 | G11: 0 | H11: 0
B12: CASTILLA Y LEÓN | C12: 7 | D12: 0 | E12: 0 | F12: 1 | G12: 3 | H12: 8
B13: CASTILLA - LA MANCHA | C13: 1 | D13: 0 | E13: 0 | F13: 8 | G13: 2 | H13: 2
B14: CATALUÑA | C14: 6 | D14: 4 | E14: 2 | F14: 8 | G14: 4 | H14: 4
B15: COMUNITAT VALENCIANA | C15: 3 | D15: 2 | E15: 4 | F15: 0 | G15: 3 | H15: 2
B16: EXTREMADURA | C16: 0 | D16: 4 | E16: 2 | F16: 2 | G16: 0 | H16: 1
B17: GALICIA | C17: 4 | D17: 3 | E17: 6 | F17: 0 | G17: 1 | H17: 6
... B23: TOTAL | C23: 54 | D23: 49 | E23: 44 | F23: 50 | G23: 36 | H23: 56
C27: Evolución 26-T1 | D27: Evolución 26-T2
B28: ANDALUCÍA | C28: =+IF(C6>0,(G6-C6)/C6,"-") -> -0.375 | D28: =+IF(D6>0,(H6-D6)/D6,"-") -> -1
B29: ARAGÓN | C29: =+IF(C7>0,(G7-C7)/C7,"-") -> -1 | D29: =+IF(D7>0,(H7-D7)/D7,"-") -> -0.5
B30: ASTURIAS, PRINCIPADO | C30: =+IF(C8>0,(G8-C8)/C8,"-") -> - | D30: =+IF(D8>0,(H8-D8)/D8,"-") -> -
B31: ILLES BALEARS | C31: =+IF(C9>0,(G9-C9)/C9,"-") -> -1 | D31: =+IF(D9>0,(H9-D9)/D9,"-") -> -1
B32: CANARIAS | C32: =+IF(C10>0,(G10-C10)/C10,"-") -> - | D32: =+IF(D10>0,(H10-D10)/D10,"-") -> -
B33: CANTABRIA | C33: =+IF(C11>0,(G11-C11)/C11,"-") -> - | D33: =+IF(D11>0,(H11-D11)/D11,"-") -> -
B34: CASTILLA Y LEÓN | C34: =+IF(C12>0,(G12-C12)/C12,"-") -> -0.57142857 | D34: =+IF(D12>0,(H12-D12)/D12,"-") -> -
B35: CASTILLA - LA MANCHA | C35: =+IF(C13>0,(G13-C13)/C13,"-") -> 1 | D35: =+IF(D13>0,(H13-D13)/D13,"-") -> -
B36: CATALUÑA | C36: =+IF(C14>0,(G14-C14)/C14,"-") -> -0.33333333 | D36: =+IF(D14>0,(H14-D14)/D14,"-") -> 0
B37: COMUNITAT VALENCIANA | C37: =+IF(C15>0,(G15-C15)/C15,"-") -> 0 | D37: =+IF(D15>0,(H15-D15)/D15,"-") -> 0
B38: EXTREMADURA | C38: =+IF(C16>0,(G16-C16)/C16,"-") -> - | D38: =+IF(D16>0,(H16-D16)/D16,"-") -> -0.75
B39: GALICIA | C39: =+IF(C17>0,(G17-C17)/C17,"-") -> -0.75 | D39: =+IF(D17>0,(H17-D17)/D17,"-") -> 1
... B45: TOTAL | C45: =+IF(C23>0,(G23-C23)/C23,"-") -> -0.33333333 | D45: =+IF(D23>0,(H23-D23)/D23,"-") -> 0.14285714

Sheet Concursos Liquidación TSJ
C5: 25-T1 | D5: 25-T2 | E5: 25-T3 | F5: 25-T4 | G5: 26-T1 | H5: 26-T2
B6: ANDALUCÍA | C6: 266 | D6: 221 | E6: 197 | F6: 311 | G6: 296 | H6: 340
B7: ARAGÓN | C7: 41 | D7: 21 | E7: 15 | F7: 38 | G7: 24 | H7: 19
B8: ASTURIAS, PRINCIPADO | C8: 23 | D8: 9 | E8: 5 | F8: 10 | G8: 11 | H8: 16
B9: ILLES BALEARS | C9: 16 | D9: 23 | E9: 21 | F9: 7 | G9: 6 | H9: 11
B10: CANARIAS | C10: 23 | D10: 14 | E10: 6 | F10: 15 | G10: 13 | H10: 4
B11: CANTABRIA | C11: 5 | D11: 4 | E11: 2 | F11: 10 | G11: 8 | H11: 7
B12: CASTILLA Y LEÓN | C12: 32 | D12: 26 | E12: 13 | F12: 19 | G12: 16 | H12: 20
B13: CASTILLA - LA MANCHA | C13: 19 | D13: 12 | E13: 18 | F13: 17 | G13: 9 | H13: 19
B14: CATALUÑA | C14: 94 | D14: 195 | E14: 105 | F14: 108 | G14: 130 | H14: 129
B15: COMUNITAT VALENCIANA | C15: 60 | D15: 50 | E15: 33 | F15: 47 | G15: 33 | H15: 34
B16: EXTREMADURA | C16: 37 | D16: 19 | E16: 11 | F16: 7 | G16: 12 | H16: 12
B17: GALICIA | C17: 74 | D17: 74 | E17: 64 | F17: 57 | G17: 42 | H17: 67
... B23: TOTAL | C23: 823 | D23: 761 | E23: 901 | F23: 1163 | G23: 1041 | H23: 1212
C27: Evolución 26-T1 | D27: Evolución 26-T2
B28: ANDALUCÍA | C28: =+IF(C6>0,(G6-C6)/C6,"-") -> 0.11278195 | D28: =+IF(D6>0,(H6-D6)/D6,"-") -> 0.53846154
B29: ARAGÓN | C29: =+IF(C7>0,(G7-C7)/C7,"-") -> -0.41463415 | D29: =+IF(D7>0,(H7-D7)/D7,"-") -> -0.095238095
B30: ASTURIAS, PRINCIPADO | C30: =+IF(C8>0,(G8-C8)/C8,"-") -> -0.52173913 | D30: =+IF(D8>0,(H8-D8)/D8,"-") -> 0.77777778
B31: ILLES BALEARS | C31: =+IF(C9>0,(G9-C9)/C9,"-") -> -0.625 | D31: =+IF(D9>0,(H9-D9)/D9,"-") -> -0.52173913
B32: CANARIAS | C32: =+IF(C10>0,(G10-C10)/C10,"-") -> -0.43478261 | D32: =+IF(D10>0,(H10-D10)/D10,"-") -> -0.71428571
B33: CANTABRIA | C33: =+IF(C11>0,(G11-C11)/C11,"-") -> 0.6 | D33: =+IF(D11>0,(H11-D11)/D11,"-") -> 0.75
B34: CASTILLA Y LEÓN | C34: =+IF(C12>0,(G12-C12)/C12,"-") -> -0.5 | D34: =+IF(D12>0,(H12-D12)/D12,"-") -> -0.23076923
B35: CASTILLA - LA MANCHA | C35: =+IF(C13>0,(G13-C13)/C13,"-") -> -0.52631579 | D35: =+IF(D13>0,(H13-D13)/D13,"-") -> 0.58333333
B36: CATALUÑA | C36: =+IF(C14>0,(G14-C14)/C14,"-") -> 0.38297872 | D36: =+IF(D14>0,(H14-D14)/D14,"-") -> -0.33846154
B37: COMUNITAT VALENCIANA | C37: =+IF(C15>0,(G15-C15)/C15,"-") -> -0.45 | D37: =+IF(D15>0,(H15-D15)/D15,"-") -> -0.32
B38: EXTREMADURA | C38: =+IF(C16>0,(G16-C16)/C16,"-") -> -0.67567568 | D38: =+IF(D16>0,(H16-D16)/D16,"-") -> -0.36842105
B39: GALICIA | C39: =+IF(C17>0,(G17-C17)/C17,"-") -> -0.43243243 | D39: =+IF(D17>0,(H17-D17)/D17,"-") -> -0.094594595
... B45: TOTAL | C45: =+IF(C23>0,(G23-C23)/C23,"-") -> 0.26488457 | D45: =+IF(D23>0,(H23-D23)/D23,"-") -> 0.59264126

Sheet E.R.E's TSJ
C5: 25-T1 | D5: 25-T2 | E5: 25-T3 | F5: 25-T4 | G5: 26-T1 | H5: 26-T2
B6: ANDALUCÍA | C6: 2 | D6: 5 | E6: 2 | F6: 3 | G6: 4 | H6: 6
B7: ARAGÓN | C7: 2 | D7: 2 | E7: 2 | F7: 0 | G7: 2 | H7: 0
B8: ASTURIAS, PRINCIPADO | C8: 4 | D8: 0 | E8: 0 | F8: 2 | G8: 0 | H8: 0
B9: ILLES BALEARS | C9: 0 | D9: 2 | E9: 1 | F9: 5 | G9: 0 | H9: 1
B10: CANARIAS | C10: 1 | D10: 1 | E10: 2 | F10: 1 | G10: 0 | H10: 0
B11: CANTABRIA | C11: 1 | D11: 0 | E11: 0 | F11: 0 | G11: 0 | H11: 0
B12: CASTILLA Y LEÓN | C12: 1 | D12: 2 | E12: 0 | F12: 1 | G12: 0 | H12: 1
B13: CASTILLA - LA MANCHA | C13: 0 | D13: 1 | E13: 2 | F13: 3 | G13: 0 | H13: 0
B14: CATALUÑA | C14: 36 | D14: 26 | E14: 23 | F14: 35 | G14: 40 | H14: 40
B15: COMUNITAT VALENCIANA | C15: 11 | D15: 14 | E15: 5 | F15: 14 | G15: 7 | H15: 9
B16: EXTREMADURA | C16: 0 | D16: 0 | E16: 0 | F16: 0 | G16: 0 | H16: 2
B17: GALICIA | C17: 9 | D17: 10 | E17: 8 | F17: 7 | G17: 5 | H17: 4
... B23: TOTAL | C23: 107 | D23: 95 | E23: 90 | F23: 109 | G23: 86 | H23: 97
C27: Evolución 26-T1 | D27: Evolución 26-T2
B28: ANDALUCÍA | C28: =+IF(C6>0,(G6-C6)/C6,"-") -> 1 | D28: =+IF(D6>0,(H6-D6)/D6,"-") -> 0.2
B29: ARAGÓN | C29: =+IF(C7>0,(G7-C7)/C7,"-") -> 0 | D29: =+IF(D7>0,(H7-D7)/D7,"-") -> -1
B30: ASTURIAS, PRINCIPADO | C30: =+IF(C8>0,(G8-C8)/C8,"-") -> -1 | D30: =+IF(D8>0,(H8-D8)/D8,"-") -> -
B31: ILLES BALEARS | C31: =+IF(C9>0,(G9-C9)/C9,"-") -> - | D31: =+IF(D9>0,(H9-D9)/D9,"-") -> -0.5
B32: CANARIAS | C32: =+IF(C10>0,(G10-C10)/C10,"-") -> -1 | D32: =+IF(D10>0,(H10-D10)/D10,"-") -> -1
B33: CANTABRIA | C33: =+IF(C11>0,(G11-C11)/C11,"-") -> -1 | D33: =+IF(D11>0,(H11-D11)/D11,"-") -> -
B34: CASTILLA Y LEÓN | C34: =+IF(C12>0,(G12-C12)/C12,"-") -> -1 | D34: =+IF(D12>0,(H12-D12)/D12,"-") -> -0.5
B35: CASTILLA - LA MANCHA | C35: =+IF(C13>0,(G13-C13)/C13,"-") -> - | D35: =+IF(D13>0,(H13-D13)/D13,"-") -> -1
B36: CATALUÑA | C36: =+IF(C14>0,(G14-C14)/C14,"-") -> 0.11111111 | D36: =+IF(D14>0,(H14-D14)/D14,"-") -> 0.53846154
B37: COMUNITAT VALENCIANA | C37: =+IF(C15>0,(G15-C15)/C15,"-") -> -0.36363636 | D37: =+IF(D15>0,(H15-D15)/D15,"-") -> -0.35714286
B38: EXTREMADURA | C38: =+IF(C16>0,(G16-C16)/C16,"-") -> - | D38: =+IF(D16>0,(H16-D16)/D16,"-") -> -
B39: GALICIA | C39: =+IF(C17>0,(G17-C17)/C17,"-") -> -0.44444444 | D39: =+IF(D17>0,(H17-D17)/D17,"-") -> -0.6
... B45: TOTAL | C45: =+IF(C23>0,(G23-C23)/C23,"-") -> -0.19626168 | D45: =+IF(D23>0,(H23-D23)/D23,"-") -> 0.021052632

Sheet Concurs.sin masa declarados TSJ
C5: 25-T1 | D5: 25-T2 | E5: 25-T3 | F5: 25-T4 | G5: 26-T1 | H5: 26-T2
B6: ANDALUCÍA | C6: 1900 | D6: 1709 | E6: 908 | F6: 2087 | G6: 1678 | H6: 1626
B7: ARAGÓN | C7: 180 | D7: 171 | E7: 154 | F7: 152 | G7: 137 | H7: 148
B8: ASTURIAS, PRINCIPADO | C8: 242 | D8: 253 | E8: 187 | F8: 331 | G8: 261 | H8: 253
B9: ILLES BALEARS | C9: 322 | D9: 457 | E9: 449 | F9: 360 | G9: 607 | H9: 390
B10: CANARIAS | C10: 495 | D10: 1134 | E10: 572 | F10: 802 | G10: 926 | H10: 580
B11: CANTABRIA | C11: 54 | D11: 39 | E11: 104 | F11: 106 | G11: 56 | H11: 45
B12: CASTILLA Y LEÓN | C12: 507 | D12: 363 | E12: 298 | F12: 466 | G12: 291 | H12: 337
B13: CASTILLA - LA MANCHA | C13: 473 | D13: 466 | E13: 342 | F13: 431 | G13: 470 | H13: 456
B14: CATALUÑA | C14: 3521 | D14: 3047 | E14: 2636 | F14: 3170 | G14: 3383 | H14: 3311
B15: COMUNITAT VALENCIANA | C15: 1516 | D15: 1513 | E15: 1513 | F15: 1666 | G15: 1575 | H15: 1534
B16: EXTREMADURA | C16: 117 | D16: 100 | E16: 159 | F16: 139 | G16: 166 | H16: 153
B17: GALICIA | C17: 382 | D17: 422 | E17: 409 | F17: 529 | G17: 545 | H17: 440
... B23: TOTAL | C23: 13008 | D23: 12401 | E23: 10915 | F23: 14320 | G23: 13500 | H23: 12216
C27: Evolución 26-T1 | D27: Evolución 26-T2
B28: ANDALUCÍA | C28: =+IF(C6>0,(G6-C6)/C6,"-") -> -0.11684211 | D28: =+IF(D6>0,(H6-D6)/D6,"-") -> -0.048566413
B29: ARAGÓN | C29: =+IF(C7>0,(G7-C7)/C7,"-") -> -0.23888889 | D29: =+IF(D7>0,(H7-D7)/D7,"-") -> -0.13450292
B30: ASTURIAS, PRINCIPADO | C30: =+IF(C8>0,(G8-C8)/C8,"-") -> 0.078512397 | D30: =+IF(D8>0,(H8-D8)/D8,"-") -> 0
B31: ILLES BALEARS | C31: =+IF(C9>0,(G9-C9)/C9,"-") -> 0.88509317 | D31: =+IF(D9>0,(H9-D9)/D9,"-") -> -0.14660832
B32: CANARIAS | C32: =+IF(C10>0,(G10-C10)/C10,"-") -> 0.87070707 | D32: =+IF(D10>0,(H10-D10)/D10,"-") -> -0.48853616
B33: CANTABRIA | C33: =+IF(C11>0,(G11-C11)/C11,"-") -> 0.037037037 | D33: =+IF(D11>0,(H11-D11)/D11,"-") -> 0.15384615
B34: CASTILLA Y LEÓN | C34: =+IF(C12>0,(G12-C12)/C12,"-") -> -0.4260355 | D34: =+IF(D12>0,(H12-D12)/D12,"-") -> -0.071625344
B35: CASTILLA - LA MANCHA | C35: =+IF(C13>0,(G13-C13)/C13,"-") -> -0.0063424947 | D35: =+IF(D13>0,(H13-D13)/D13,"-") -> -0.021459227
B36: CATALUÑA | C36: =+IF(C14>0,(G14-C14)/C14,"-") -> -0.039193411 | D36: =+IF(D14>0,(H14-D14)/D14,"-") -> 0.086642599
B37: COMUNITAT VALENCIANA | C37: =+IF(C15>0,(G15-C15)/C15,"-") -> 0.038918206 | D37: =+IF(D15>0,(H15-D15)/D15,"-") -> 0.013879709
B38: EXTREMADURA | C38: =+IF(C16>0,(G16-C16)/C16,"-") -> 0.41880342 | D38: =+IF(D16>0,(H16-D16)/D16,"-") -> 0.53
B39: GALICIA | C39: =+IF(C17>0,(G17-C17)/C17,"-") -> 0.42670157 | D39: =+IF(D17>0,(H17-D17)/D17,"-") -> 0.042654028
... B45: TOTAL | C45: =+IF(C23>0,(G23-C23)/C23,"-") -> 0.037822878 | D45: =+IF(D23>0,(H23-D23)/D23,"-") -> -0.014918152

Sheet PEM TSJ persona jurídica
C5: 25-T1 | D5: 25-T2 | E5: 25-T3 | F5: 25-T4 | G5: 26-T1 | H5: 26-T2
B6: ANDALUCÍA | C6: 54 | D6: 38 | E6: 44 | F6: 67 | G6: 84 | H6: 56
B7: ARAGÓN | C7: 7 | D7: 10 | E7: 8 | F7: 7 | G7: 6 | H7: 4
B8: ASTURIAS, PRINCIPADO | C8: 15 | D8: 9 | E8: 5 | F8: 10 | G8: 6 | H8: 5
B9: ILLES BALEARS | C9: 2 | D9: 2 | E9: 1 | F9: 0 | G9: 0 | H9: 1
B10: CANARIAS | C10: 22 | D10: 19 | E10: 30 | F10: 37 | G10: 16 | H10: 21
B11: CANTABRIA | C11: 12 | D11: 2 | E11: 14 | F11: 4 | G11: 7 | H11: 6
B12: CASTILLA Y LEÓN | C12: 15 | D12: 16 | E12: 9 | F12: 10 | G12: 20 | H12: 18
B13: CASTILLA - LA MANCHA | C13: 10 | D13: 12 | E13: 3 | F13: 10 | G13: 9 | H13: 18
B14: CATALUÑA | C14: 47 | D14: 38 | E14: 34 | F14: 42 | G14: 61 | H14: 54
B15: COMUNITAT VALENCIANA | C15: 100 | D15: 108 | E15: 82 | F15: 89 | G15: 95 | H15: 60
B16: EXTREMADURA | C16: 9 | D16: 8 | E16: 5 | F16: 10 | G16: 19 | H16: 16
B17: GALICIA | C17: 7 | D17: 7 | E17: 3 | F17: 9 | G17: 3 | H17: 6
... B23: TOTAL | C23: 567 | D23: 492 | E23: 507 | F23: 488 | G23: 540 | H23: 500
C27: Evolución 26-T1 | D27: Evolución 26-T2
B28: ANDALUCÍA | C28: =+IF(C6>0,(G6-C6)/C6,"-") -> 0.55555556 | D28: =+IF(D6>0,(H6-D6)/D6,"-") -> 0.47368421
B29: ARAGÓN | C29: =+IF(C7>0,(G7-C7)/C7,"-") -> -0.14285714 | D29: =+IF(D7>0,(H7-D7)/D7,"-") -> -0.6
B30: ASTURIAS, PRINCIPADO | C30: =+IF(C8>0,(G8-C8)/C8,"-") -> -0.6 | D30: =+IF(D8>0,(H8-D8)/D8,"-") -> -0.44444444
B31: ILLES BALEARS | C31: =+IF(C9>0,(G9-C9)/C9,"-") -> -1 | D31: =+IF(D9>0,(H9-D9)/D9,"-") -> -0.5
B32: CANARIAS | C32: =+IF(C10>0,(G10-C10)/C10,"-") -> -0.27272727 | D32: =+IF(D10>0,(H10-D10)/D10,"-") -> 0.10526316
B33: CANTABRIA | C33: =+IF(C11>0,(G11-C11)/C11,"-") -> -0.41666667 | D33: =+IF(D11>0,(H11-D11)/D11,"-") -> 2
B34: CASTILLA Y LEÓN | C34: =+IF(C12>0,(G12-C12)/C12,"-") -> 0.33333333 | D34: =+IF(D12>0,(H12-D12)/D12,"-") -> 0.125
B35: CASTILLA - LA MANCHA | C35: =+IF(C13>0,(G13-C13)/C13,"-") -> -0.1 | D35: =+IF(D13>0,(H13-D13)/D13,"-") -> 0.5
B36: CATALUÑA | C36: =+IF(C14>0,(G14-C14)/C14,"-") -> 0.29787234 | D36: =+IF(D14>0,(H14-D14)/D14,"-") -> 0.42105263
B37: COMUNITAT VALENCIANA | C37: =+IF(C15>0,(G15-C15)/C15,"-") -> -0.05 | D37: =+IF(D15>0,(H15-D15)/D15,"-") -> -0.44444444
B38: EXTREMADURA | C38: =+IF(C16>0,(G16-C16)/C16,"-") -> 1.1111111 | D38: =+IF(D16>0,(H16-D16)/D16,"-") -> 1
B39: GALICIA | C39: =+IF(C17>0,(G17-C17)/C17,"-") -> -0.57142857 | D39: =+IF(D17>0,(H17-D17)/D17,"-") -> -0.14285714
... B45: TOTAL | C45: =+IF(C23>0,(G23-C23)/C23,"-") -> -0.047619048 | D45: =+IF(D23>0,(H23-D23)/D23,"-") -> 0.016260163
C51: 25-T1 | D51: 25-T2 | E51: 25-T3 | F51: 25-T4 | G51: 26-T1 | H51: 26-T2 | I51: 45658
B52: ANDALUCÍA | C52: =+C6/$I52*100000 -> 0.61035246 | D52: =+D6/$I52*100000 -> 0.42950729 | E52: =+E6/$I52*100000 -> 0.49732423 | F52: =+F6/$I52*100000 -> 0.75728916 | G52: =+G6/$I52*100000 -> 0.94943716 | H52: =+H6/$I52*100000 -> 0.63295811 | I52: 8847347
B53: ARAGÓN | C53: =+C7/$I53*100000 -> 0.51296294 | D53: =+D7/$I53*100000 -> 0.7328042 | E53: =+E7/$I53*100000 -> 0.58624336 | F53: =+F7/$I53*100000 -> 0.51296294 | G53: =+G7/$I53*100000 -> 0.43968252 | H53: =+H7/$I53*100000 -> 0.29312168 | I53: 1364621
B54: ASTURIAS, PRINCIPADO | C54: =+C8/$I54*100000 -> 1.4776462 | D54: =+D8/$I54*100000 -> 0.8865877 | E54: =+E8/$I54*100000 -> 0.49254872 | F54: =+F8/$I54*100000 -> 0.98509745 | G54: =+G8/$I54*100000 -> 0.59105847 | H54: =+H8/$I54*100000 -> 0.49254872 | I54: 1015128
B55: ILLES BALEARS | C55: =+C9/$I55*100000 -> 0.16001997 | D55: =+D9/$I55*100000 -> 0.16001997 | E55: =+E9/$I55*100000 -> 0.080009985 | F55: =+F9/$I55*100000 -> 0 | G55: =+G9/$I55*100000 -> 0 | H55: =+H9/$I55*100000 -> 0.080009985 | I55: 1249844
B56: CANARIAS | C56: =+C10/$I56*100000 -> 0.97394002 | D56: =+D10/$I56*100000 -> 0.84113002 | E56: =+E10/$I56*100000 -> 1.3281 | F56: =+F10/$I56*100000 -> 1.63799 | G56: =+G10/$I56*100000 -> 0.70832002 | H56: =+H10/$I56*100000 -> 0.92967002 | I56: 2258866
B57: CANTABRIA | C57: =+C11/$I57*100000 -> 2.021485 | D57: =+D11/$I57*100000 -> 0.33691417 | E57: =+E11/$I57*100000 -> 2.3583992 | F57: =+F11/$I57*100000 -> 0.67382834 | G57: =+G11/$I57*100000 -> 1.1791996 | H57: =+H11/$I57*100000 -> 1.0107425 | I57: 593623
B58: CASTILLA - LEÓN | C58: =+C12/$I58*100000 -> 0.62468219 | D58: =+D12/$I58*100000 -> 0.66632767 | E58: =+E12/$I58*100000 -> 0.37480932 | F58: =+F12/$I58*100000 -> 0.4164548 | G58: =+G12/$I58*100000 -> 0.83290959 | H58: =+H12/$I58*100000 -> 0.74961863 | I58: 2401221
B59: CASTILLA - LA MANCHA | C59: =+C13/$I59*100000 -> 0.47028327 | D59: =+D13/$I59*100000 -> 0.56433992 | E59: =+E13/$I59*100000 -> 0.14108498 | F59: =+F13/$I59*100000 -> 0.47028327 | G59: =+G13/$I59*100000 -> 0.42325494 | H59: =+H13/$I59*100000 -> 0.84650989 | I59: 2126378
B60: CATALUÑA | C60: =+C14/$I60*100000 -> 0.57852377 | D60: =+D14/$I60*100000 -> 0.46774262 | E60: =+E14/$I60*100000 -> 0.41850656 | F60: =+F14/$I60*100000 -> 0.51697869 | G60: =+G14/$I60*100000 -> 0.75085 | H60: =+H14/$I60*100000 -> 0.66468688 | I60: 8124126
B61: C. VALENCIANA | C61: =+C15/$I61*100000 -> 1.8432561 | D61: =+D15/$I61*100000 -> 1.9907166 | E61: =+E15/$I61*100000 -> 1.51147 | F61: =+F15/$I61*100000 -> 1.640498 | G61: =+G15/$I61*100000 -> 1.7510933 | H61: =+H15/$I61*100000 -> 1.1059537 | I61: 5425182
B62: EXTREMADURA | C62: =+C16/$I62*100000 -> 0.85442092 | D62: =+D16/$I62*100000 -> 0.75948526 | E62: =+E16/$I62*100000 -> 0.47467829 | F62: =+F16/$I62*100000 -> 0.94935657 | G62: =+G16/$I62*100000 -> 1.8037775 | H62: =+H16/$I62*100000 -> 1.5189705 | I62: 1053345
B63: GALICIA | C63: =+C17/$I63*100000 -> 0.25785149 | D63: =+D17/$I63*100000 -> 0.25785149 | E63: =+E17/$I63*100000 -> 0.11050778 | F63: =+F17/$I63*100000 -> 0.33152334 | G63: =+G17/$I63*100000 -> 0.11050778 | H63: =+H17/$I63*100000 -> 0.22101556 | I63: 2714741
... B69: TOTAL | C69: =+C23/$I69*100000 -> 1.154121 | D69: =+D23/$I69*100000 -> 1.0014595 | E69: =+E23/$I69*100000 -> 1.0319918 | F69: =+F23/$I69*100000 -> 0.99331756 | G69: =+G23/$I69*100000 -> 1.0991629 | H69: =+H23/$I69*100000 -> 1.0177434 | I69: 49128297

Sheet PEM TSJ  persona natural
C5: 25-T1 | D5: 25-T2 | E5: 25-T3 | F5: 25-T4 | G5: 26-T1 | H5: 26-T2
B6: ANDALUCÍA | C6: 102 | D6: 133 | E6: 73 | F6: 70 | G6: 107 | H6: 127
B7: ARAGÓN | C7: 3 | D7: 2 | E7: 0 | F7: 1 | G7: 4 | H7: 4
B8: ASTURIAS, PRINCIPADO | C8: 6 | D8: 4 | E8: 2 | F8: 3 | G8: 3 | H8: 7
B9: ILLES BALEARS | C9: 0 | D9: 1 | E9: 0 | F9: 0 | G9: 0 | H9: 2
B10: CANARIAS | C10: 8 | D10: 16 | E10: 6 | F10: 8 | G10: 17 | H10: 19
B11: CANTABRIA | C11: 0 | D11: 1 | E11: 1 | F11: 4 | G11: 9 | H11: 14
B12: CASTILLA Y LEÓN | C12: 19 | D12: 19 | E12: 5 | F12: 22 | G12: 12 | H12: 15
B13: CASTILLA - LA MANCHA | C13: 13 | D13: 13 | E13: 4 | F13: 15 | G13: 30 | H13: 20
B14: CATALUÑA | C14: 7 | D14: 8 | E14: 6 | F14: 1 | G14: 8 | H14: 14
B15: COMUNITAT VALENCIANA | C15: 42 | D15: 48 | E15: 57 | F15: 85 | G15: 51 | H15: 37
B16: EXTREMADURA | C16: 0 | D16: 3 | E16: 1 | F16: 3 | G16: 1 | H16: 2
B17: GALICIA | C17: 1 | D17: 3 | E17: 5 | F17: 4 | G17: 2 | H17: 5
... B23: TOTAL | C23: 333 | D23: 379 | E23: 254 | F23: 373 | G23: 414 | H23: 437
C27: Evolución 26-T1 | D27: Evolución 26-T2
B28: ANDALUCÍA | C28: =+IF(C6>0,(G6-C6)/C6,"-") -> 0.049019608 | D28: =+IF(D6>0,(H6-D6)/D6,"-") -> -0.045112782
B29: ARAGÓN | C29: =+IF(C7>0,(G7-C7)/C7,"-") -> 0.33333333 | D29: =+IF(D7>0,(H7-D7)/D7,"-") -> 1
B30: ASTURIAS, PRINCIPADO | C30: =+IF(C8>0,(G8-C8)/C8,"-") -> -0.5 | D30: =+IF(D8>0,(H8-D8)/D8,"-") -> 0.75
B31: ILLES BALEARS | C31: =+IF(C9>0,(G9-C9)/C9,"-") -> - | D31: =+IF(D9>0,(H9-D9)/D9,"-") -> 1
B32: CANARIAS | C32: =+IF(C10>0,(G10-C10)/C10,"-") -> 1.125 | D32: =+IF(D10>0,(H10-D10)/D10,"-") -> 0.1875
B33: CANTABRIA | C33: =+IF(C11>0,(G11-C11)/C11,"-") -> - | D33: =+IF(D11>0,(H11-D11)/D11,"-") -> 13
B34: CASTILLA Y LEÓN | C34: =+IF(C12>0,(G12-C12)/C12,"-") -> -0.36842105 | D34: =+IF(D12>0,(H12-D12)/D12,"-") -> -0.21052632
B35: CASTILLA - LA MANCHA | C35: =+IF(C13>0,(G13-C13)/C13,"-") -> 1.3076923 | D35: =+IF(D13>0,(H13-D13)/D13,"-") -> 0.53846154
B36: CATALUÑA | C36: =+IF(C14>0,(G14-C14)/C14,"-") -> 0.14285714 | D36: =+IF(D14>0,(H14-D14)/D14,"-") -> 0.75
B37: COMUNITAT VALENCIANA | C37: =+IF(C15>0,(G15-C15)/C15,"-") -> 0.21428571 | D37: =+IF(D15>0,(H15-D15)/D15,"-") -> -0.22916667
B38: EXTREMADURA | C38: =+IF(C16>0,(G16-C16)/C16,"-") -> - | D38: =+IF(D16>0,(H16-D16)/D16,"-") -> -0.33333333
B39: GALICIA | C39: =+IF(C17>0,(G17-C17)/C17,"-") -> 1 | D39: =+IF(D17>0,(H17-D17)/D17,"-") -> 0.66666667
... B45: TOTAL | C45: =+IF(C23>0,(G23-C23)/C23,"-") -> 0.24324324 | D45: =+IF(D23>0,(H23-D23)/D23,"-") -> 0.1530343
C51: 25-T1 | D51: 25-T2 | E51: 25-T3 | F51: 25-T4 | G51: 26-T1 | H51: 26-T2 | J51: 45658
B52: ANDALUCÍA | C52: =+C6/$J52*100000 -> 1.152888 | D52: =+D6/$J52*100000 -> 1.5032755 | E52: =+E6/$J52*100000 -> 0.8251061 | F52: =+F6/$J52*100000 -> 0.79119763 | G52: =+G6/$J52*100000 -> 1.2094021 | H52: =+H6/$J52*100000 -> 1.4354586 | J52: 8847347
B53: ARAGÓN | C53: =+C7/$J53*100000 -> 0.21984126 | D53: =+D7/$J53*100000 -> 0.14656084 | E53: =+E7/$J53*100000 -> 0 | F53: =+F7/$J53*100000 -> 0.07328042 | G53: =+G7/$J53*100000 -> 0.29312168 | H53: =+H7/$J53*100000 -> 0.29312168 | J53: 1364621
B54: ASTURIAS, PRINCIPADO | C54: =+C8/$J54*100000 -> 0.59105847 | D54: =+D8/$J54*100000 -> 0.39403898 | E54: =+E8/$J54*100000 -> 0.19701949 | F54: =+F8/$J54*100000 -> 0.29552923 | G54: =+G8/$J54*100000 -> 0.29552923 | H54: =+H8/$J54*100000 -> 0.68956821 | J54: 1015128
B55: ILLES BALEARS | C55: =+C9/$J55*100000 -> 0 | D55: =+D9/$J55*100000 -> 0.080009985 | E55: =+E9/$J55*100000 -> 0 | F55: =+F9/$J55*100000 -> 0 | G55: =+G9/$J55*100000 -> 0 | H55: =+H9/$J55*100000 -> 0.16001997 | J55: 1249844
B56: CANARIAS | C56: =+C10/$J56*100000 -> 0.35416001 | D56: =+D10/$J56*100000 -> 0.70832002 | E56: =+E10/$J56*100000 -> 0.26562001 | F56: =+F10/$J56*100000 -> 0.35416001 | G56: =+G10/$J56*100000 -> 0.75259002 | H56: =+H10/$J56*100000 -> 0.84113002 | J56: 2258866
B57: CANTABRIA | C57: =+C11/$J57*100000 -> 0 | D57: =+D11/$J57*100000 -> 0.16845708 | E57: =+E11/$J57*100000 -> 0.16845708 | F57: =+F11/$J57*100000 -> 0.67382834 | G57: =+G11/$J57*100000 -> 1.5161138 | H57: =+H11/$J57*100000 -> 2.3583992 | J57: 593623
B58: CASTILLA - LEÓN | C58: =+C12/$J58*100000 -> 0.79126411 | D58: =+D12/$J58*100000 -> 0.79126411 | E58: =+E12/$J58*100000 -> 0.2082274 | F58: =+F12/$J58*100000 -> 0.91620055 | G58: =+G12/$J58*100000 -> 0.49974575 | H58: =+H12/$J58*100000 -> 0.62468219 | J58: 2401221
B59: CASTILLA - LA MANCHA | C59: =+C13/$J59*100000 -> 0.61136825 | D59: =+D13/$J59*100000 -> 0.61136825 | E59: =+E13/$J59*100000 -> 0.18811331 | F59: =+F13/$J59*100000 -> 0.70542491 | G59: =+G13/$J59*100000 -> 1.4108498 | H59: =+H13/$J59*100000 -> 0.94056654 | J59: 2126378
B60: CATALUÑA | C60: =+C14/$J60*100000 -> 0.086163115 | D60: =+D14/$J60*100000 -> 0.098472131 | E60: =+E14/$J60*100000 -> 0.073854098 | F60: =+F14/$J60*100000 -> 0.012309016 | G60: =+G14/$J60*100000 -> 0.098472131 | H60: =+H14/$J60*100000 -> 0.17232623 | J60: 8124126
B61: C. VALENCIANA | C61: =+C15/$J61*100000 -> 0.77416758 | D61: =+D15/$J61*100000 -> 0.88476294 | E61: =+E15/$J61*100000 -> 1.050656 | F61: =+F15/$J61*100000 -> 1.5667677 | G61: =+G15/$J61*100000 -> 0.94006063 | H61: =+H15/$J61*100000 -> 0.68200477 | J61: 5425182
B62: EXTREMADURA | C62: =+C16/$J62*100000 -> 0 | D62: =+D16/$J62*100000 -> 0.28480697 | E62: =+E16/$J62*100000 -> 0.094935657 | F62: =+F16/$J62*100000 -> 0.28480697 | G62: =+G16/$J62*100000 -> 0.094935657 | H62: =+H16/$J62*100000 -> 0.18987131 | J62: 1053345
B63: GALICIA | C63: =+C17/$J63*100000 -> 0.036835927 | D63: =+D17/$J63*100000 -> 0.11050778 | E63: =+E17/$J63*100000 -> 0.18417963 | F63: =+F17/$J63*100000 -> 0.14734371 | G63: =+G17/$J63*100000 -> 0.073671853 | H63: =+H17/$J63*100000 -> 0.18417963 | J63: 2714741
... B68: LA RIOJA | C68: =+C22/$J68*100000 -> 0.61198949 | D68: =+D22/$J68*100000 -> 0.91798423 | E68: =+E22/$J68*100000 -> 0.30599474 | F68: =+F22/$J68*100000 -> 0.91798423 | G68: =+G22/$J68*100000 -> 0.61198949 | H68: =+H22/$J68*100000 -> 0.91798423 | J68: 326803
B69: TOTAL | C69: 0.6780076 | D69: 0.7716663 | E69: 0.51715895 | F69: 0.75944995 | G69: =+G23/$J69*100000 -> 0.84269153 | H69: =+H23/$J69*100000 -> 0.88950773 | J69: 49128297

Sheet PEM presentados TSJ total
C5: 25-T1 | D5: 25-T2 | E5: 25-T3 | F5: 25-T4 | G5: 26-T1 | H5: 26-T2
B6: ANDALUCÍA | C6: 156 | D6: 171 | E6: 117 | F6: 137 | G6: 191 | H6: 183
B7: ARAGÓN | C7: 10 | D7: 12 | E7: 8 | F7: 8 | G7: 10 | H7: 8
B8: ASTURIAS, PRINCIPADO | C8: 21 | D8: 13 | E8: 7 | F8: 13 | G8: 9 | H8: 12
B9: ILLES BALEARS | C9: 2 | D9: 3 | E9: 1 | F9: 0 | G9: 0 | H9: 3
B10: CANARIAS | C10: 30 | D10: 35 | E10: 36 | F10: 45 | G10: 33 | H10: 40
B11: CANTABRIA | C11: 12 | D11: 3 | E11: 15 | F11: 8 | G11: 16 | H11: 20
B12: CASTILLA Y LEÓN | C12: 34 | D12: 35 | E12: 14 | F12: 32 | G12: 32 | H12: 33
B13: CASTILLA - LA MANCHA | C13: 23 | D13: 25 | E13: 7 | F13: 25 | G13: 39 | H13: 38
B14: CATALUÑA | C14: 54 | D14: 46 | E14: 40 | F14: 43 | G14: 69 | H14: 68
B15: COMUNITAT VALENCIANA | C15: 142 | D15: 156 | E15: 139 | F15: 174 | G15: 146 | H15: 97
B16: EXTREMADURA | C16: 9 | D16: 11 | E16: 6 | F16: 13 | G16: 20 | H16: 18
B17: GALICIA | C17: 8 | D17: 10 | E17: 8 | F17: 13 | G17: 5 | H17: 11
... B23: TOTAL | C23: 900 | D23: 871 | E23: 761 | F23: 861 | G23: 954 | H23: 937
C27: Evolución 26-T1 | D27: Evolución 26-T2
B28: ANDALUCÍA | C28: =+IF(C6>0,(G6-C6)/C6,"-") -> 0.22435897 | D28: =+IF(D6>0,(H6-D6)/D6,"-") -> 0.070175439
B29: ARAGÓN | C29: =+IF(C7>0,(G7-C7)/C7,"-") -> 0 | D29: =+IF(D7>0,(H7-D7)/D7,"-") -> -0.33333333
B30: ASTURIAS, PRINCIPADO | C30: =+IF(C8>0,(G8-C8)/C8,"-") -> -0.57142857 | D30: =+IF(D8>0,(H8-D8)/D8,"-") -> -0.076923077
B31: ILLES BALEARS | C31: =+IF(C9>0,(G9-C9)/C9,"-") -> -1 | D31: =+IF(D9>0,(H9-D9)/D9,"-") -> 0
B32: CANARIAS | C32: =+IF(C10>0,(G10-C10)/C10,"-") -> 0.1 | D32: =+IF(D10>0,(H10-D10)/D10,"-") -> 0.14285714
B33: CANTABRIA | C33: =+IF(C11>0,(G11-C11)/C11,"-") -> 0.33333333 | D33: =+IF(D11>0,(H11-D11)/D11,"-") -> 5.6666667
B34: CASTILLA Y LEÓN | C34: =+IF(C12>0,(G12-C12)/C12,"-") -> -0.058823529 | D34: =+IF(D12>0,(H12-D12)/D12,"-") -> -0.057142857
B35: CASTILLA - LA MANCHA | C35: =+IF(C13>0,(G13-C13)/C13,"-") -> 0.69565217 | D35: =+IF(D13>0,(H13-D13)/D13,"-") -> 0.52
B36: CATALUÑA | C36: =+IF(C14>0,(G14-C14)/C14,"-") -> 0.27777778 | D36: =+IF(D14>0,(H14-D14)/D14,"-") -> 0.47826087
B37: COMUNITAT VALENCIANA | C37: =+IF(C15>0,(G15-C15)/C15,"-") -> 0.028169014 | D37: =+IF(D15>0,(H15-D15)/D15,"-") -> -0.37820513
B38: EXTREMADURA | C38: =+IF(C16>0,(G16-C16)/C16,"-") -> 1.2222222 | D38: =+IF(D16>0,(H16-D16)/D16,"-") -> 0.63636364
B39: GALICIA | C39: =+IF(C17>0,(G17-C17)/C17,"-") -> -0.375 | D39: =+IF(D17>0,(H17-D17)/D17,"-") -> 0.1
... B45: TOTAL | C45: =+IF(C23>0,(G23-C23)/C23,"-") -> 0.06 | D45: =+IF(D23>0,(H23-D23)/D23,"-") -> 0.075774971
C51: 25-T1 | D51: 25-T2 | E51: 25-T3 | F51: 25-T4 | G51: 26-T1 | H51: 26-T2 | J51: 45658
B52: ANDALUCÍA | C52: =+C6/$J52*100000 -> 1.7632404 | D52: =+D6/$J52*100000 -> 1.9327828 | E52: =+E6/$J52*100000 -> 1.3224303 | F52: =+F6/$J52*100000 -> 1.5484868 | G52: =+G6/$J52*100000 -> 2.1588393 | H52: =+H6/$J52*100000 -> 2.0684167 | J52: 8847347
B53: ARAGÓN | C53: =+C7/$J53*100000 -> 0.7328042 | D53: =+D7/$J53*100000 -> 0.87936504 | E53: =+E7/$J53*100000 -> 0.58624336 | F53: =+F7/$J53*100000 -> 0.58624336 | G53: =+G7/$J53*100000 -> 0.7328042 | H53: =+H7/$J53*100000 -> 0.58624336 | J53: 1364621
B54: ASTURIAS, PRINCIPADO | C54: =+C8/$J54*100000 -> 2.0687046 | D54: =+D8/$J54*100000 -> 1.2806267 | E54: =+E8/$J54*100000 -> 0.68956821 | F54: =+F8/$J54*100000 -> 1.2806267 | G54: =+G8/$J54*100000 -> 0.8865877 | H54: =+H8/$J54*100000 -> 1.1821169 | J54: 1015128
B55: ILLES BALEARS | C55: =+C9/$J55*100000 -> 0.16001997 | D55: =+D9/$J55*100000 -> 0.24002996 | E55: =+E9/$J55*100000 -> 0.080009985 | F55: =+F9/$J55*100000 -> 0 | G55: =+G9/$J55*100000 -> 0 | H55: =+H9/$J55*100000 -> 0.24002996 | J55: 1249844
B56: CANARIAS | C56: =+C10/$J56*100000 -> 1.3281 | D56: =+D10/$J56*100000 -> 1.54945 | E56: =+E10/$J56*100000 -> 1.59372 | F56: =+F10/$J56*100000 -> 1.99215 | G56: =+G10/$J56*100000 -> 1.46091 | H56: =+H10/$J56*100000 -> 1.7708 | J56: 2258866
B57: CANTABRIA | C57: =+C11/$J57*100000 -> 2.021485 | D57: =+D11/$J57*100000 -> 0.50537125 | E57: =+E11/$J57*100000 -> 2.5268563 | F57: =+F11/$J57*100000 -> 1.3476567 | G57: =+G11/$J57*100000 -> 2.6953134 | H57: =+H11/$J57*100000 -> 3.3691417 | J57: 593623
B58: CASTILLA - LEÓN | C58: =+C12/$J58*100000 -> 1.4159463 | D58: =+D12/$J58*100000 -> 1.4575918 | E58: =+E12/$J58*100000 -> 0.58303671 | F58: =+F12/$J58*100000 -> 1.3326553 | G58: =+G12/$J58*100000 -> 1.3326553 | H58: =+H12/$J58*100000 -> 1.3743008 | J58: 2401221
B59: CASTILLA - LA MANCHA | C59: =+C13/$J59*100000 -> 1.0816515 | D59: =+D13/$J59*100000 -> 1.1757082 | E59: =+E13/$J59*100000 -> 0.32919829 | F59: =+F13/$J59*100000 -> 1.1757082 | G59: =+G13/$J59*100000 -> 1.8341048 | H59: =+H13/$J59*100000 -> 1.7870764 | J59: 2126378
B60: CATALUÑA | C60: =+C14/$J60*100000 -> 0.66468688 | D60: =+D14/$J60*100000 -> 0.56621475 | E60: =+E14/$J60*100000 -> 0.49236066 | F60: =+F14/$J60*100000 -> 0.5292877 | G60: =+G14/$J60*100000 -> 0.84932213 | H60: =+H14/$J60*100000 -> 0.83701311 | J60: 8124126
B61: C. VALENCIANA | C61: =+C15/$J61*100000 -> 2.6174237 | D61: =+D15/$J61*100000 -> 2.8754796 | E61: =+E15/$J61*100000 -> 2.562126 | F61: =+F15/$J61*100000 -> 3.2072657 | G61: =+G15/$J61*100000 -> 2.691154 | H61: =+H15/$J61*100000 -> 1.7879585 | J61: 5425182
B62: EXTREMADURA | C62: =+C16/$J62*100000 -> 0.85442092 | D62: =+D16/$J62*100000 -> 1.0442922 | E62: =+E16/$J62*100000 -> 0.56961394 | F62: =+F16/$J62*100000 -> 1.2341635 | G62: =+G16/$J62*100000 -> 1.8987131 | H62: =+H16/$J62*100000 -> 1.7088418 | J62: 1053345
B63: GALICIA | C63: =+C17/$J63*100000 -> 0.29468741 | D63: =+D17/$J63*100000 -> 0.36835927 | E63: =+E17/$J63*100000 -> 0.29468741 | F63: =+F17/$J63*100000 -> 0.47886704 | G63: =+G17/$J63*100000 -> 0.18417963 | H63: =+H17/$J63*100000 -> 0.40519519 | J63: 2714741
... B69: TOTAL | C69: =+C23/$J69*100000 -> 1.8319381 | D69: =+D23/$J69*100000 -> 1.772909 | E69: =+E23/$J69*100000 -> 1.5490055 | F69: =+F23/$J69*100000 -> 1.7525541 | G69: =+G23/$J69*100000 -> 1.9418544 | H69: =+H23/$J69*100000 -> 1.9072511 | J69: 49128297

Sheet PEM aperturados TSJ
C5: 25-T1 | D5: 25-T2 | E5: 25-T3 | F5: 25-T4 | G5: 26-T1 | H5: 26-T2
B6: ANDALUCÍA | C6: 67 | D6: 72 | E6: 73 | F6: 62 | G6: 107 | H6: 106
B7: ARAGÓN | C7: 7 | D7: 2 | E7: 5 | F7: 6 | G7: 5 | H7: 2
B8: ASTURIAS, PRINCIPADO | C8: 19 | D8: 27 | E8: 8 | F8: 7 | G8: 4 | H8: 15
B9: ILLES BALEARS | C9: 0 | D9: 2 | E9: 0 | F9: 0 | G9: 0 | H9: 5
B10: CANARIAS | C10: 30 | D10: 25 | E10: 22 | F10: 25 | G10: 25 | H10: 33
B11: CANTABRIA | C11: 12 | D11: 2 | E11: 7 | F11: 15 | G11: 14 | H11: 12
B12: CASTILLA Y LEÓN | C12: 19 | D12: 14 | E12: 7 | F12: 12 | G12: 15 | H12: 20
B13: CASTILLA - LA MANCHA | C13: 8 | D13: 12 | E13: 2 | F13: 7 | G13: 2 | H13: 8
B14: CATALUÑA | C14: 60 | D14: 38 | E14: 27 | F14: 39 | G14: 54 | H14: 46
B15: COMUNITAT VALENCIANA | C15: 84 | D15: 109 | E15: 66 | F15: 105 | G15: 100 | H15: 93
B16: EXTREMADURA | C16: 2 | D16: 5 | E16: 4 | F16: 5 | G16: 14 | H16: 12
B17: GALICIA | C17: 3 | D17: 6 | E17: 4 | F17: 9 | G17: 5 | H17: 7
... B23: TOTAL | C23: 633 | D23: 635 | E23: 490 | F23: 577 | G23: 634 | H23: 687
C27: Evolución 26-T1 | D27: Evolución 26-T2
B28: ANDALUCÍA | C28: =+IF(C6>0,(G6-C6)/C6,"-") -> 0.59701493 | D28: =+IF(D6>0,(H6-D6)/D6,"-") -> 0.47222222
B29: ARAGÓN | C29: =+IF(C7>0,(G7-C7)/C7,"-") -> -0.28571429 | D29: =+IF(D7>0,(H7-D7)/D7,"-") -> 0
B30: ASTURIAS, PRINCIPADO | C30: =+IF(C8>0,(G8-C8)/C8,"-") -> -0.78947368 | D30: =+IF(D8>0,(H8-D8)/D8,"-") -> -0.44444444
B31: ILLES BALEARS | C31: =+IF(C9>0,(G9-C9)/C9,"-") -> - | D31: =+IF(D9>0,(H9-D9)/D9,"-") -> 1.5
B32: CANARIAS | C32: =+IF(C10>0,(G10-C10)/C10,"-") -> -0.16666667 | D32: =+IF(D10>0,(H10-D10)/D10,"-") -> 0.32
B33: CANTABRIA | C33: =+IF(C11>0,(G11-C11)/C11,"-") -> 0.16666667 | D33: =+IF(D11>0,(H11-D11)/D11,"-") -> 5
B34: CASTILLA Y LEÓN | C34: =+IF(C12>0,(G12-C12)/C12,"-") -> -0.21052632 | D34: =+IF(D12>0,(H12-D12)/D12,"-") -> 0.42857143
B35: CASTILLA - LA MANCHA | C35: =+IF(C13>0,(G13-C13)/C13,"-") -> -0.75 | D35: =+IF(D13>0,(H13-D13)/D13,"-") -> -0.33333333
B36: CATALUÑA | C36: =+IF(C14>0,(G14-C14)/C14,"-") -> -0.1 | D36: =+IF(D14>0,(H14-D14)/D14,"-") -> 0.21052632
B37: COMUNITAT VALENCIANA | C37: =+IF(C15>0,(G15-C15)/C15,"-") -> 0.19047619 | D37: =+IF(D15>0,(H15-D15)/D15,"-") -> -0.14678899
B38: EXTREMADURA | C38: =+IF(C16>0,(G16-C16)/C16,"-") -> 6 | D38: =+IF(D16>0,(H16-D16)/D16,"-") -> 1.4
B39: GALICIA | C39: =+IF(C17>0,(G17-C17)/C17,"-") -> 0.66666667 | D39: =+IF(D17>0,(H17-D17)/D17,"-") -> 0.16666667
... B45: TOTAL | C45: =+IF(C23>0,(G23-C23)/C23,"-") -> 0.0015797788 | D45: =+IF(D23>0,(H23-D23)/D23,"-") -> 0.081889764

Sheet PEM de continuación TSJ
C5: 25-T1 | D5: 25-T2 | E5: 25-T3 | F5: 25-T4 | G5: 26-T1 | H5: 26-T2
B6: ANDALUCÍA | C6: 4 | D6: 5 | E6: 10 | F6: 7 | G6: 9 | H6: 8
B7: ARAGÓN | C7: 2 | D7: 1 | E7: 1 | F7: 3 | G7: 1 | H7: 1
B8: ASTURIAS, PRINCIPADO | C8: 3 | D8: 2 | E8: 1 | F8: 2 | G8: 1 | H8: 0
B9: ILLES BALEARS | C9: 0 | D9: 0 | E9: 0 | F9: 0 | G9: 0 | H9: 0
B10: CANARIAS | C10: 5 | D10: 3 | E10: 2 | F10: 1 | G10: 4 | H10: 6
B11: CANTABRIA | C11: 0 | D11: 0 | E11: 0 | F11: 3 | G11: 0 | H11: 1
B12: CASTILLA Y LEÓN | C12: 11 | D12: 3 | E12: 2 | F12: 2 | G12: 4 | H12: 2
B13: CASTILLA - LA MANCHA | C13: 1 | D13: 0 | E13: 0 | F13: 0 | G13: 2 | H13: 3
B14: CATALUÑA | C14: 2 | D14: 4 | E14: 3 | F14: 5 | G14: 6 | H14: 6
B15: COMUNITAT VALENCIANA | C15: 1 | D15: 15 | E15: 0 | F15: 6 | G15: 2 | H15: 4
B16: EXTREMADURA | C16: 0 | D16: 1 | E16: 1 | F16: 2 | G16: 4 | H16: 4
B17: GALICIA | C17: 1 | D17: 3 | E17: 1 | F17: 1 | G17: 3 | H17: 0
... B23: TOTAL | C23: 69 | D23: 83 | E23: 43 | F23: 48 | G23: 57 | H23: 41
C27: Evolución 26-T1 | D27: Evolución 26-T2
B28: ANDALUCÍA | C28: =+IF(C6>0,(G6-C6)/C6,"-") -> 1.25 | D28: =+IF(D6>0,(H6-D6)/D6,"-") -> 0.6
B29: ARAGÓN | C29: =+IF(C7>0,(G7-C7)/C7,"-") -> -0.5 | D29: =+IF(D7>0,(H7-D7)/D7,"-") -> 0
B30: ASTURIAS, PRINCIPADO | C30: =+IF(C8>0,(G8-C8)/C8,"-") -> -0.66666667 | D30: =+IF(D8>0,(H8-D8)/D8,"-") -> -1
B31: ILLES BALEARS | C31: =+IF(C9>0,(G9-C9)/C9,"-") -> - | D31: =+IF(D9>0,(H9-D9)/D9,"-") -> -
B32: CANARIAS | C32: =+IF(C10>0,(G10-C10)/C10,"-") -> -0.2 | D32: =+IF(D10>0,(H10-D10)/D10,"-") -> 1
B33: CANTABRIA | C33: =+IF(C11>0,(G11-C11)/C11,"-") -> - | D33: =+IF(D11>0,(H11-D11)/D11,"-") -> -
B34: CASTILLA Y LEÓN | C34: =+IF(C12>0,(G12-C12)/C12,"-") -> -0.63636364 | D34: =+IF(D12>0,(H12-D12)/D12,"-") -> -0.33333333
B35: CASTILLA - LA MANCHA | C35: =+IF(C13>0,(G13-C13)/C13,"-") -> 1 | D35: =+IF(D13>0,(H13-D13)/D13,"-") -> -
B36: CATALUÑA | C36: =+IF(C14>0,(G14-C14)/C14,"-") -> 2 | D36: =+IF(D14>0,(H14-D14)/D14,"-") -> 0.5
B37: COMUNITAT VALENCIANA | C37: =+IF(C15>0,(G15-C15)/C15,"-") -> 1 | D37: =+IF(D15>0,(H15-D15)/D15,"-") -> -0.73333333
B38: EXTREMADURA | C38: =+IF(C16>0,(G16-C16)/C16,"-") -> - | D38: =+IF(D16>0,(H16-D16)/D16,"-") -> 3
B39: GALICIA | C39: =+IF(C17>0,(G17-C17)/C17,"-") -> 2 | D39: =+IF(D17>0,(H17-D17)/D17,"-") -> -1
... B45: TOTAL | C45: =+IF(C23>0,(G23-C23)/C23,"-") -> -0.17391304 | D45: =+IF(D23>0,(H23-D23)/D23,"-") -> -0.5060241

Sheet PEM de liquidación TSJ
C5: 25-T1 | D5: 25-T2 | E5: 25-T3 | F5: 25-T4 | G5: 26-T1 | H5: 26-T2
B6: ANDALUCÍA | C6: 67 | D6: 69 | E6: 64 | F6: 55 | G6: 98 | H6: 98
B7: ARAGÓN | C7: 5 | D7: 1 | E7: 6 | F7: 6 | G7: 4 | H7: 1
B8: ASTURIAS, PRINCIPADO | C8: 16 | D8: 25 | E8: 8 | F8: 5 | G8: 3 | H8: 15
B9: ILLES BALEARS | C9: 0 | D9: 2 | E9: 0 | F9: 0 | G9: 0 | H9: 5
B10: CANARIAS | C10: 25 | D10: 23 | E10: 20 | F10: 24 | G10: 21 | H10: 27
B11: CANTABRIA | C11: 12 | D11: 2 | E11: 7 | F11: 13 | G11: 14 | H11: 11
B12: CASTILLA Y LEÓN | C12: 9 | D12: 15 | E12: 5 | F12: 10 | G12: 11 | H12: 18
B13: CASTILLA - LA MANCHA | C13: 7 | D13: 12 | E13: 2 | F13: 7 | G13: 0 | H13: 5
B14: CATALUÑA | C14: 59 | D14: 34 | E14: 25 | F14: 34 | G14: 48 | H14: 40
B15: COMUNITAT VALENCIANA | C15: 83 | D15: 95 | E15: 67 | F15: 99 | G15: 98 | H15: 89
B16: EXTREMADURA | C16: 2 | D16: 4 | E16: 3 | F16: 3 | G16: 10 | H16: 8
B17: GALICIA | C17: 5 | D17: 3 | E17: 3 | F17: 8 | G17: 2 | H17: 7
... B23: TOTAL | C23: 575 | D23: 570 | E23: 469 | F23: 535 | G23: 577 | H23: 646
C27: Evolución 26-T1 | D27: Evolución 26-T2
B28: ANDALUCÍA | C28: =+IF(C6>0,(G6-C6)/C6,"-") -> 0.46268657 | D28: =+IF(D6>0,(H6-D6)/D6,"-") -> 0.42028986
B29: ARAGÓN | C29: =+IF(C7>0,(G7-C7)/C7,"-") -> -0.2 | D29: =+IF(D7>0,(H7-D7)/D7,"-") -> 0
B30: ASTURIAS, PRINCIPADO | C30: =+IF(C8>0,(G8-C8)/C8,"-") -> -0.8125 | D30: =+IF(D8>0,(H8-D8)/D8,"-") -> -0.4
B31: ILLES BALEARS | C31: =+IF(C9>0,(G9-C9)/C9,"-") -> - | D31: =+IF(D9>0,(H9-D9)/D9,"-") -> 1.5
B32: CANARIAS | C32: =+IF(C10>0,(G10-C10)/C10,"-") -> -0.16 | D32: =+IF(D10>0,(H10-D10)/D10,"-") -> 0.17391304
B33: CANTABRIA | C33: =+IF(C11>0,(G11-C11)/C11,"-") -> 0.16666667 | D33: =+IF(D11>0,(H11-D11)/D11,"-") -> 4.5
B34: CASTILLA Y LEÓN | C34: =+IF(C12>0,(G12-C12)/C12,"-") -> 0.22222222 | D34: =+IF(D12>0,(H12-D12)/D12,"-") -> 0.2
B35: CASTILLA - LA MANCHA | C35: =+IF(C13>0,(G13-C13)/C13,"-") -> -1 | D35: =+IF(D13>0,(H13-D13)/D13,"-") -> -0.58333333
B36: CATALUÑA | C36: =+IF(C14>0,(G14-C14)/C14,"-") -> -0.18644068 | D36: =+IF(D14>0,(H14-D14)/D14,"-") -> 0.17647059
B37: COMUNITAT VALENCIANA | C37: =+IF(C15>0,(G15-C15)/C15,"-") -> 0.18072289 | D37: =+IF(D15>0,(H15-D15)/D15,"-") -> -0.063157895
B38: EXTREMADURA | C38: =+IF(C16>0,(G16-C16)/C16,"-") -> 4 | D38: =+IF(D16>0,(H16-D16)/D16,"-") -> 1
B39: GALICIA | C39: =+IF(C17>0,(G17-C17)/C17,"-") -> -0.6 | D39: =+IF(D17>0,(H17-D17)/D17,"-") -> 1.3333333
... B45: TOTAL | C45: =+IF(C23>0,(G23-C23)/C23,"-") -> 0.0034782609 | D45: =+IF(D23>0,(H23-D23)/D23,"-") -> 0.13333333

Sheet Despidos presentados TSJ
C5: 25-T1 | D5: 25-T2 | E5: 25-T3 | F5: 25-T4 | G5: 26-T1 | H5: 26-T2
B6: ANDALUCÍA | C6: 6617 | D6: 6260 | E6: 6900 | F6: 6946 | G6: 7195 | H6: 7302
B7: ARAGÓN | C7: 780 | D7: 789 | E7: 778 | F7: 773 | G7: 814 | H7: 957
B8: ASTURIAS, PRINCIPADO | C8: 702 | D8: 627 | E8: 619 | F8: 738 | G8: 683 | H8: 791
B9: ILLES BALEARS | C9: 640 | D9: 856 | E9: 940 | F9: 859 | G9: 657 | H9: 716
B10: CANARIAS | C10: 2780 | D10: 2616 | E10: 2753 | F10: 2589 | G10: 2634 | H10: 3181
B11: CANTABRIA | C11: 325 | D11: 331 | E11: 326 | F11: 308 | G11: 317 | H11: 374
B12: CASTILLA Y LEÓN | C12: 1612 | D12: 1387 | E12: 1402 | F12: 1572 | G12: 1713 | H12: 1715
B13: CASTILLA - LA MANCHA | C13: 1146 | D13: 1104 | E13: 1076 | F13: 1103 | G13: 1163 | H13: 1256
B14: CATALUÑA | C14: 7745 | D14: 7303 | E14: 7757 | F14: 8298 | G14: 8886 | H14: 9075
B15: COMUNITAT VALENCIANA | C15: 5353 | D15: 5442 | E15: 5118 | F15: 5641 | G15: 5676 | H15: 5885
B16: EXTREMADURA | C16: 545 | D16: 606 | E16: 640 | F16: 593 | G16: 560 | H16: 557
B17: GALICIA | C17: 1595 | D17: 1494 | E17: 1432 | F17: 1597 | G17: 1809 | H17: 1910
... B23: TOTAL | C23: 41116 | D23: 40680 | E23: 40762 | F23: 41926 | G23: 42572 | H23: 45230
C28: Evolución 26-T1 | D28: Evolución 26-T2
B29: ANDALUCÍA | C29: =+(G6-C6)/C6 -> 0.087350763 | D29: =+(H6-D6)/D6 -> 0.16645367
B30: ARAGÓN | C30: =+(G7-C7)/C7 -> 0.043589744 | D30: =+(H7-D7)/D7 -> 0.21292776
B31: ASTURIAS, PRINCIPADO | C31: =+(G8-C8)/C8 -> -0.027065527 | D31: =+(H8-D8)/D8 -> 0.261563
B32: ILLES BALEARS | C32: =+(G9-C9)/C9 -> 0.0265625 | D32: =+(H9-D9)/D9 -> -0.1635514
B33: CANARIAS | C33: =+(G10-C10)/C10 -> -0.052517986 | D33: =+(H10-D10)/D10 -> 0.21597859
B34: CANTABRIA | C34: =+(G11-C11)/C11 -> -0.024615385 | D34: =+(H11-D11)/D11 -> 0.12990937
B35: CASTILLA Y LEÓN | C35: =+(G12-C12)/C12 -> 0.062655087 | D35: =+(H12-D12)/D12 -> 0.23648161
B36: CASTILLA - LA MANCHA | C36: =+(G13-C13)/C13 -> 0.014834206 | D36: =+(H13-D13)/D13 -> 0.13768116
B37: CATALUÑA | C37: =+(G14-C14)/C14 -> 0.14732085 | D37: =+(H14-D14)/D14 -> 0.24264001
B38: COMUNITAT VALENCIANA | C38: =+(G15-C15)/C15 -> 0.060339996 | D38: =+(H15-D15)/D15 -> 0.081403896
B39: EXTREMADURA | C39: =+(G16-C16)/C16 -> 0.027522936 | D39: =+(H16-D16)/D16 -> -0.080858086
B40: GALICIA | C40: =+(G17-C17)/C17 -> 0.13416928 | D40: =+(H17-D17)/D17 -> 0.27844712
... B46: TOTAL | C46: =+(G23-C23)/C23 -> 0.035412005 | D46: =+(H23-D23)/D23 -> 0.11184857
C52: 25-T1 | D52: 25-T2 | E52: 25-T3 | F52: 25-T4 | G52: 26-T1 | H52: 26-T2 | I52: 45658
B53: ANDALUCÍA | C53: =+C6/$I53*100000 -> 74.790782 | D53: =+D6/$I53*100000 -> 70.755674 | E53: =+E6/$I53*100000 -> 77.989481 | F53: =+F6/$I53*100000 -> 78.509411 | G53: =+G6/$I53*100000 -> 81.323814 | H53: =+H6/$I53*100000 -> 82.533216 | I53: 8847347
B54: ARAGÓN | C54: =+C7/$I54*100000 -> 57.158728 | D54: =+D7/$I54*100000 -> 57.818251 | E54: =+E7/$I54*100000 -> 57.012167 | F54: =+F7/$I54*100000 -> 56.645765 | G54: =+G7/$I54*100000 -> 59.650262 | H54: =+H7/$I54*100000 -> 70.129362 | I54: 1364621
B55: ASTURIAS, PRINCIPADO | C55: =+C8/$I55*100000 -> 69.153841 | D55: =+D8/$I55*100000 -> 61.76561 | E55: =+E8/$I55*100000 -> 60.977532 | F55: =+F8/$I55*100000 -> 72.700192 | G55: =+G8/$I55*100000 -> 67.282156 | H55: =+H8/$I55*100000 -> 77.921208 | I55: 1015128
B56: ILLES BALEARS | C56: =+C9/$I56*100000 -> 51.206391 | D56: =+D9/$I56*100000 -> 68.488547 | E56: =+E9/$I56*100000 -> 75.209386 | F56: =+F9/$I56*100000 -> 68.728577 | G56: =+G9/$I56*100000 -> 52.56656 | H56: =+H9/$I56*100000 -> 57.287149 | I56: 1249844
B57: CANARIAS | C57: =+C10/$I57*100000 -> 123.0706 | D57: =+D10/$I57*100000 -> 115.81032 | E57: =+E10/$I57*100000 -> 121.87531 | F57: =+F10/$I57*100000 -> 114.61503 | G57: =+G10/$I57*100000 -> 116.60718 | H57: =+H10/$I57*100000 -> 140.82287 | I57: 2258866
B58: CANTABRIA | C58: =+C11/$I58*100000 -> 54.748553 | D58: =+D11/$I58*100000 -> 55.759295 | E58: =+E11/$I58*100000 -> 54.91701 | F58: =+F11/$I58*100000 -> 51.884782 | G58: =+G11/$I58*100000 -> 53.400896 | H58: =+H11/$I58*100000 -> 63.00295 | I58: 593623
B59: CASTILLA - LEÓN | C59: =+C12/$I59*100000 -> 67.132513 | D59: =+D12/$I59*100000 -> 57.76228 | E59: =+E12/$I59*100000 -> 58.386962 | F59: =+F12/$I59*100000 -> 65.466694 | G59: =+G12/$I59*100000 -> 71.338706 | H59: =+H12/$I59*100000 -> 71.421997 | I59: 2401221
B60: CASTILLA - LA MANCHA | C60: =+C13/$I60*100000 -> 53.894463 | D60: =+D13/$I60*100000 -> 51.919273 | E60: =+E13/$I60*100000 -> 50.60248 | F60: =+F13/$I60*100000 -> 51.872245 | G60: =+G13/$I60*100000 -> 54.693944 | H60: =+H13/$I60*100000 -> 59.067579 | I60: 2126378
B61: CATALUÑA | C61: =+C14/$I61*100000 -> 95.333332 | D61: =+D14/$I61*100000 -> 89.892747 | E61: =+E14/$I61*100000 -> 95.48104 | F61: =+F14/$I61*100000 -> 102.14022 | G61: =+G14/$I61*100000 -> 109.37792 | H61: =+H14/$I61*100000 -> 111.70432 | I61: 8124126
B62: C. VALENCIANA | C62: =+C15/$I62*100000 -> 98.669501 | D62: =+D15/$I62*100000 -> 100.31 | E62: =+E15/$I62*100000 -> 94.337849 | F62: =+F15/$I62*100000 -> 103.97808 | G62: =+G15/$I62*100000 -> 104.62322 | H62: =+H15/$I62*100000 -> 108.47562 | I62: 5425182
B63: EXTREMADURA | C63: =+C16/$I63*100000 -> 51.739933 | D63: =+D16/$I63*100000 -> 57.531008 | E63: =+E16/$I63*100000 -> 60.758821 | F63: =+F16/$I63*100000 -> 56.296845 | G63: =+G16/$I63*100000 -> 53.163968 | H63: =+H16/$I63*100000 -> 52.879161 | I63: 1053345
B64: GALICIA | C64: =+C17/$I64*100000 -> 58.753303 | D64: =+D17/$I64*100000 -> 55.032874 | E64: =+E17/$I64*100000 -> 52.749047 | F64: =+F17/$I64*100000 -> 58.826975 | G64: =+G17/$I64*100000 -> 66.636191 | H64: =+H17/$I64*100000 -> 70.35662 | I64: 2714741
... B70: TOTAL | C70: =+C23/$I70*100000 -> 83.691075 | D70: =+D23/$I70*100000 -> 82.803603 | E70: =+E23/$I70*100000 -> 82.970513 | F70: =+F23/$I70*100000 -> 85.33982 | G70: =+G23/$I70*100000 -> 86.654744 | H70: =+H23/$I70*100000 -> 92.065068 | I70: 49128297

Sheet Recl. cantidad TSJ
V2: I
C5: 25-T1 | D5: 25-T2 | E5: 25-T3 | F5: 25-T4 | G5: 26-T1 | H5: 26-T2
B6: ANDALUCÍA | C6: 5954 | D6: 6530 | E6: 5142 | F6: 6033 | G6: 6323 | H6: 5995
B7: ARAGÓN | C7: 877 | D7: 803 | E7: 759 | F7: 806 | G7: 603 | H7: 714
B8: ASTURIAS, PRINCIPADO | C8: 1251 | D8: 878 | E8: 871 | F8: 1269 | G8: 989 | H8: 1332
B9: ILLES BALEARS | C9: 744 | D9: 605 | E9: 651 | F9: 670 | G9: 717 | H9: 588
B10: CANARIAS | C10: 2309 | D10: 2380 | E10: 1963 | F10: 2268 | G10: 2199 | H10: 2865
B11: CANTABRIA | C11: 524 | D11: 504 | E11: 364 | F11: 636 | G11: 689 | H11: 524
B12: CASTILLA Y LEÓN | C12: 2124 | D12: 1727 | E12: 1482 | F12: 1327 | G12: 1638 | H12: 1788
B13: CASTILLA MANCHA | C13: 1203 | D13: 1062 | E13: 860 | F13: 1265 | G13: 1130 | H13: 1376
B14: CATALUÑA | C14: 4579 | D14: 3788 | E14: 3380 | F14: 3871 | G14: 4027 | H14: 3907
B15: COMUNITAT VALENCIANA | C15: 3312 | D15: 3214 | E15: 2780 | F15: 2965 | G15: 2939 | H15: 2891
B16: EXTREMADURA | C16: 559 | D16: 512 | E16: 478 | F16: 604 | G16: 586 | H16: 691
B17: GALICIA | C17: 2851 | D17: 2615 | E17: 2010 | F17: 2053 | G17: 1970 | H17: 2402
... B23: TOTAL | C23: 36146 | D23: 33884 | E23: 27928 | F23: 33192 | G23: 32208 | H23: 35043
C27: Evolución 26-T1 | D27: Evolución 26-T2
B28: ANDALUCÍA | C28: =+(G6-C6)/C6 -> 0.061975143 | D28: =+(H6-D6)/D6 -> -0.081929556
B29: ARAGÓN | C29: =+(G7-C7)/C7 -> -0.31242873 | D29: =+(H7-D7)/D7 -> -0.11083437
B30: ASTURIAS, PRINCIPADO | C30: =+(G8-C8)/C8 -> -0.20943245 | D30: =+(H8-D8)/D8 -> 0.51708428
B31: ILLES BALEARS | C31: =+(G9-C9)/C9 -> -0.036290323 | D31: =+(H9-D9)/D9 -> -0.028099174
B32: CANARIAS | C32: =+(G10-C10)/C10 -> -0.047639671 | D32: =+(H10-D10)/D10 -> 0.20378151
B33: CANTABRIA | C33: =+(G11-C11)/C11 -> 0.3148855 | D33: =+(H11-D11)/D11 -> 0.03968254
B34: CASTILLA Y LEÓN | C34: =+(G12-C12)/C12 -> -0.22881356 | D34: =+(H12-D12)/D12 -> 0.035321367
B35: CASTILLA - LA MANCHA | C35: =+(G13-C13)/C13 -> -0.060681629 | D35: =+(H13-D13)/D13 -> 0.29566855
B36: CATALUÑA | C36: =+(G14-C14)/C14 -> -0.12055034 | D36: =+(H14-D14)/D14 -> 0.031414995
B37: COMUNITAT VALENCIANA | C37: =+(G15-C15)/C15 -> -0.11262077 | D37: =+(H15-D15)/D15 -> -0.10049782
B38: EXTREMADURA | C38: =+(G16-C16)/C16 -> 0.048300537 | D38: =+(H16-D16)/D16 -> 0.34960938
B39: GALICIA | C39: =+(G17-C17)/C17 -> -0.30901438 | D39: =+(H17-D17)/D17 -> -0.081453155
... B45: TOTAL | C45: =+(G23-C23)/C23 -> -0.10894705 | D45: =+(H23-D23)/D23 -> 0.034204934
C51: 25-T1 | D51: 25-T2 | E51: 25-T3 | F51: 25-T4 | G51: 26-T1 | H51: 26-T2 | I51: 45658
B52: ANDALUCÍA | C52: =+C6/$I52*100000 -> 67.29701 | D52: =+D6/$I52*100000 -> 73.807436 | E52: =+E6/$I52*100000 -> 58.119118 | F52: =+F6/$I52*100000 -> 68.189933 | G52: =+G6/$I52*100000 -> 71.467752 | H52: =+H6/$I52*100000 -> 67.760426 | I52: 8847347
B53: ARAGÓN | C53: =+C7/$I53*100000 -> 64.266928 | D53: =+D7/$I53*100000 -> 58.844177 | E53: =+E7/$I53*100000 -> 55.619839 | F53: =+F7/$I53*100000 -> 59.064019 | G53: =+G7/$I53*100000 -> 44.188093 | H53: =+H7/$I53*100000 -> 52.32222 | I53: 1364621
B54: ASTURIAS, PRINCIPADO | C54: =+C8/$I54*100000 -> 123.23569 | D54: =+D8/$I54*100000 -> 86.491556 | E54: =+E8/$I54*100000 -> 85.801988 | F54: =+F8/$I54*100000 -> 125.00887 | G54: =+G8/$I54*100000 -> 97.426137 | H54: =+H8/$I54*100000 -> 131.21498 | I54: 1015128
B55: ILLES BALEARS | C55: =+C9/$I55*100000 -> 59.527429 | D55: =+D9/$I55*100000 -> 48.406041 | E55: =+E9/$I55*100000 -> 52.0865 | F55: =+F9/$I55*100000 -> 53.60669 | G55: =+G9/$I55*100000 -> 57.367159 | H55: =+H9/$I55*100000 -> 47.045871 | I55: 1249844
B56: CANARIAS | C56: =+C10/$I56*100000 -> 102.21943 | D56: =+D10/$I56*100000 -> 105.3626 | E56: =+E10/$I56*100000 -> 86.902012 | F56: =+F10/$I56*100000 -> 100.40436 | G56: =+G10/$I56*100000 -> 97.349732 | H56: =+H10/$I56*100000 -> 126.83355 | I56: 2258866
B57: CANTABRIA | C57: =+C11/$I57*100000 -> 88.271512 | D57: =+D11/$I57*100000 -> 84.902371 | E57: =+E11/$I57*100000 -> 61.318379 | F57: =+F11/$I57*100000 -> 107.13871 | G57: =+G11/$I57*100000 -> 116.06693 | H57: =+H11/$I57*100000 -> 88.271512 | I57: 593623
B58: CASTILLA - LEÓN | C58: =+C12/$I58*100000 -> 88.454999 | D58: =+D12/$I58*100000 -> 71.921743 | E58: =+E12/$I58*100000 -> 61.718601 | F58: =+F12/$I58*100000 -> 55.263551 | G58: =+G12/$I58*100000 -> 68.215295 | H58: =+H12/$I58*100000 -> 74.462117 | I58: 2401221
B59: CASTILLA - LA MANCHA | C59: =+C13/$I59*100000 -> 56.575077 | D59: =+D13/$I59*100000 -> 49.944083 | E59: =+E13/$I59*100000 -> 40.444361 | F59: =+F13/$I59*100000 -> 59.490834 | G59: =+G13/$I59*100000 -> 53.14201 | H59: =+H13/$I59*100000 -> 64.710978 | I59: 2126378
B60: CATALUÑA | C60: =+C14/$I60*100000 -> 56.362986 | D60: =+D14/$I60*100000 -> 46.626554 | E60: =+E14/$I60*100000 -> 41.604475 | F60: =+F14/$I60*100000 -> 47.648202 | G60: =+G14/$I60*100000 -> 49.568409 | H60: =+H14/$I60*100000 -> 48.091327 | I60: 8124126
B61: C. VALENCIANA | C61: =+C15/$I61*100000 -> 61.048643 | D61: =+D15/$I61*100000 -> 59.242252 | E61: =+E15/$I61*100000 -> 51.242521 | F61: =+F15/$I61*100000 -> 54.652544 | G61: =+G15/$I61*100000 -> 54.173298 | H61: =+H15/$I61*100000 -> 53.288535 | I61: 5425182
B62: EXTREMADURA | C62: =+C16/$I62*100000 -> 53.069032 | D62: =+D16/$I62*100000 -> 48.607057 | E62: =+E16/$I62*100000 -> 45.379244 | F62: =+F16/$I62*100000 -> 57.341137 | G62: =+G16/$I62*100000 -> 55.632295 | H62: =+H16/$I62*100000 -> 65.600539 | I62: 1053345
B63: GALICIA | C63: =+C17/$I63*100000 -> 105.01923 | D63: =+D17/$I63*100000 -> 96.325948 | E63: =+E17/$I63*100000 -> 74.040212 | F63: =+F17/$I63*100000 -> 75.624157 | G63: =+G17/$I63*100000 -> 72.566775 | H63: =+H17/$I63*100000 -> 88.479896 | I63: 2714741
... B69: TOTAL | C69: =+C23/$I69*100000 -> 73.574706 | D69: =+D23/$I69*100000 -> 68.970435 | E69: =+E23/$I69*100000 -> 56.847075 | F69: =+F23/$I69*100000 -> 67.561878 | G69: =+G23/$I69*100000 -> 65.558959 | H69: =+H23/$I69*100000 -> 71.329564 | I69: 49128297

Sheet Ej. Hipot. presentados TSJ 
C5: 25-T1 | D5: 25-T2 | E5: 25-T3 | F5: 25-T4 | G5: 26-T1 | H5: 26-T2
B6: ANDALUCÍA | C6: 1463 | D6: 1896 | E6: 1516 | F6: 1591 | G6: 1293 | H6: 1319
B7: ARAGÓN | C7: 106 | D7: 155 | E7: 92 | F7: 116 | G7: 112 | H7: 88
B8: ASTURIAS, PRINCIPADO | C8: 102 | D8: 150 | E8: 120 | F8: 120 | G8: 112 | H8: 120
B9: ILLES BALEARS | C9: 117 | D9: 106 | E9: 117 | F9: 119 | G9: 103 | H9: 69
B10: CANARIAS | C10: 282 | D10: 330 | E10: 303 | F10: 282 | G10: 157 | H10: 271
B11: CANTABRIA | C11: 58 | D11: 67 | E11: 65 | F11: 77 | G11: 59 | H11: 47
B12: CASTILLA - LEÓN | C12: 252 | D12: 290 | E12: 232 | F12: 300 | G12: 198 | H12: 233
B13: CASTILLA - LA MANCHA | C13: 300 | D13: 397 | E13: 344 | F13: 461 | G13: 320 | H13: 306
B14: CATALUÑA | C14: 1226 | D14: 3102 | E14: 2320 | F14: 2722 | G14: 2616 | H14: 2270
B15: C. VALENCIANA | C15: 762 | D15: 1098 | E15: 744 | F15: 926 | G15: 841 | H15: 807
B16: EXTREMADURA | C16: 134 | D16: 133 | E16: 121 | F16: 129 | G16: 133 | H16: 117
B17: GALICIA | C17: 225 | D17: 274 | E17: 262 | F17: 250 | G17: 222 | H17: 227
... B23: TOTAL | C23: 6120 | D23: 9640 | E23: 7444 | F23: 8212 | G23: 7194 | H23: 6886
C27: Evolución 26-T1 | D27: Evolución 26-T2
B28: ANDALUCÍA | C28: =+(G6-C6)/C6 -> -0.11619959 | D28: =+(H6-D6)/D6 -> -0.30432489
B29: ARAGÓN | C29: =+(G7-C7)/C7 -> 0.056603774 | D29: =+(H7-D7)/D7 -> -0.43225806
B30: ASTURIAS, PRINCIPADO | C30: =+(G8-C8)/C8 -> 0.098039216 | D30: =+(H8-D8)/D8 -> -0.2
B31: ILLES BALEARS | C31: =+(G9-C9)/C9 -> -0.11965812 | D31: =+(H9-D9)/D9 -> -0.3490566
B32: CANARIAS | C32: =+(G10-C10)/C10 -> -0.44326241 | D32: =+(H10-D10)/D10 -> -0.17878788
B33: CANTABRIA | C33: =+(G11-C11)/C11 -> 0.017241379 | D33: =+(H11-D11)/D11 -> -0.29850746
B34: CASTILLA - LEÓN | C34: =+(G12-C12)/C12 -> -0.21428571 | D34: =+(H12-D12)/D12 -> -0.19655172
B35: CASTILLA - LA MANCHA | C35: =+(G13-C13)/C13 -> 0.066666667 | D35: =+(H13-D13)/D13 -> -0.22921914
B36: CATALUÑA | C36: =+(G14-C14)/C14 -> 1.1337684 | D36: =+(H14-D14)/D14 -> -0.26821406
B37: C. VALENCIANA | C37: =+(G15-C15)/C15 -> 0.10367454 | D37: =+(H15-D15)/D15 -> -0.26502732
B38: EXTREMADURA | C38: =+(G16-C16)/C16 -> -0.0074626866 | D38: =+(H16-D16)/D16 -> -0.12030075
B39: GALICIA | C39: =+(G17-C17)/C17 -> -0.013333333 | D39: =+(H17-D17)/D17 -> -0.17153285
... B45: TOTAL | C45: =+(G23-C23)/C23 -> 0.1754902 | D45: =+(H23-D23)/D23 -> -0.28568465
C51: 25-T1 | D51: 25-T2 | E51: 25-T3 | F51: 25-T4 | G51: 26-T1 | H51: 26-T2 | J51: 45658
B52: ANDALUCÍA | C52: =+C6/$J52*100000 -> 16.536031 | D52: =+D6/$J52*100000 -> 21.430153 | E52: =+E6/$J52*100000 -> 17.13508 | F52: =+F6/$J52*100000 -> 17.982792 | G52: =+G6/$J52*100000 -> 14.614551 | H52: =+H6/$J52*100000 -> 14.908424 | J52: 8847347
B53: ARAGÓN | C53: =+C7/$J53*100000 -> 7.7677245 | D53: =+D7/$J53*100000 -> 11.358465 | E53: =+E7/$J53*100000 -> 6.7417986 | F53: =+F7/$J53*100000 -> 8.5005287 | G53: =+G7/$J53*100000 -> 8.207407 | H53: =+H7/$J53*100000 -> 6.448677 | J53: 1364621
B54: ASTURIAS, PRINCIPADO | C54: =+C8/$J54*100000 -> 10.047994 | D54: =+D8/$J54*100000 -> 14.776462 | E54: =+E8/$J54*100000 -> 11.821169 | F54: =+F8/$J54*100000 -> 11.821169 | G54: =+G8/$J54*100000 -> 11.033091 | H54: =+H8/$J54*100000 -> 11.821169 | J54: 1015128
B55: ILLES BALEARS | C55: =+C9/$J55*100000 -> 9.3611683 | D55: =+D9/$J55*100000 -> 8.4810584 | E55: =+E9/$J55*100000 -> 9.3611683 | F55: =+F9/$J55*100000 -> 9.5211882 | G55: =+G9/$J55*100000 -> 8.2410285 | H55: =+H9/$J55*100000 -> 5.520689 | J55: 1249844
B56: CANARIAS | C56: =+C10/$J56*100000 -> 12.48414 | D56: =+D10/$J56*100000 -> 14.6091 | E56: =+E10/$J56*100000 -> 13.41381 | F56: =+F10/$J56*100000 -> 12.48414 | G56: =+G10/$J56*100000 -> 6.9503902 | H56: =+H10/$J56*100000 -> 11.99717 | J56: 2258866
B57: CANTABRIA | C57: =+C11/$J57*100000 -> 9.7705109 | D57: =+D11/$J57*100000 -> 11.286625 | E57: =+E11/$J57*100000 -> 10.949711 | F57: =+F11/$J57*100000 -> 12.971196 | G57: =+G11/$J57*100000 -> 9.938968 | H57: =+H11/$J57*100000 -> 7.917483 | J57: 593623
B58: CASTILLA - LEÓN | C58: =+C12/$J58*100000 -> 10.494661 | D58: =+D12/$J58*100000 -> 12.077189 | E58: =+E12/$J58*100000 -> 9.6617513 | F58: =+F12/$J58*100000 -> 12.493644 | G58: =+G12/$J58*100000 -> 8.2458049 | H58: =+H12/$J58*100000 -> 9.7033967 | J58: 2401221
B59: CASTILLA - LA MANCHA | C59: =+C13/$J59*100000 -> 14.108498 | D59: =+D13/$J59*100000 -> 18.670246 | E59: =+E13/$J59*100000 -> 16.177745 | F59: =+F13/$J59*100000 -> 21.680059 | G59: =+G13/$J59*100000 -> 15.049065 | H59: =+H13/$J59*100000 -> 14.390668 | J59: 2126378
B60: CATALUÑA | C60: =+C14/$J60*100000 -> 15.090854 | D60: =+D14/$J60*100000 -> 38.182569 | E60: =+E14/$J60*100000 -> 28.556918 | F60: =+F14/$J60*100000 -> 33.505143 | G60: =+G14/$J60*100000 -> 32.200387 | H60: =+H14/$J60*100000 -> 27.941467 | J60: 8124126
B61: C. VALENCIANA | C61: =+C15/$J61*100000 -> 14.045612 | D61: =+D15/$J61*100000 -> 20.238952 | E61: =+E15/$J61*100000 -> 13.713826 | F61: =+F15/$J61*100000 -> 17.068552 | G61: =+G15/$J61*100000 -> 15.501784 | H61: =+H15/$J61*100000 -> 14.875077 | J61: 5425182
B62: EXTREMADURA | C62: =+C16/$J62*100000 -> 12.721378 | D62: =+D16/$J62*100000 -> 12.626442 | E62: =+E16/$J62*100000 -> 11.487215 | F62: =+F16/$J62*100000 -> 12.2467 | G62: =+G16/$J62*100000 -> 12.626442 | H62: =+H16/$J62*100000 -> 11.107472 | J62: 1053345
B63: GALICIA | C63: =+C17/$J63*100000 -> 8.2880835 | D63: =+D17/$J63*100000 -> 10.093044 | E63: =+E17/$J63*100000 -> 9.6510127 | F63: =+F17/$J63*100000 -> 9.2089816 | G63: =+G17/$J63*100000 -> 8.1775757 | H63: =+H17/$J63*100000 -> 8.3617553 | J63: 2714741
... B69: TOTAL | C69: =+C23/$J69*100000 -> 12.457179 | D69: =+D23/$J69*100000 -> 19.622093 | E69: =+E23/$J69*100000 -> 15.152164 | F69: =+F23/$J69*100000 -> 16.715418 | G69: =+G23/$J69*100000 -> 14.643292 | H69: =+H23/$J69*100000 -> 14.016362 | J69: 49128297

Sheet Monitorios presentados TSJ  
C5: 25-T1 | D5: 25-T2 | E5: 25-T3 | F5: 25-T4 | G5: 26-T1 | H5: 26-T2
B6: ANDALUCÍA | C6: 97450 | D6: 35264 | E6: 17916 | F6: 29310 | G6: 37439 | H6: 33025
B7: ARAGÓN | C7: 8061 | D7: 5583 | E7: 2223 | F7: 3708 | G7: 5569 | H7: 4401
B8: ASTURIAS, PRINCIPADO | C8: 10559 | D8: 3032 | E8: 1533 | F8: 3042 | G8: 4094 | H8: 3475
B9: ILLES BALEARS | C9: 13871 | D9: 5265 | E9: 2118 | F9: 4511 | G9: 5622 | H9: 4647
B10: CANARIAS | C10: 32029 | D10: 18214 | E10: 5252 | F10: 9354 | G10: 11677 | H10: 11409
B11: CANTABRIA | C11: 3910 | D11: 2117 | E11: 866 | F11: 1533 | G11: 2151 | H11: 2126
B12: CASTILLA Y LEÓN | C12: 19391 | D12: 8909 | E12: 3643 | F12: 5782 | G12: 8599 | H12: 7443
B13: CASTILLA - LA MANCHA | C13: 19058 | D13: 10368 | E13: 4359 | F13: 6150 | G13: 9584 | H13: 7470
B14: CATALUÑA | C14: 87684 | D14: 33355 | E14: 11594 | F14: 22184 | G14: 27483 | H14: 25031
B15: COMUNITAT VALENCIANA | C15: 52333 | D15: 26897 | E15: 11227 | F15: 18267 | G15: 22869 | H15: 20778
B16: EXTREMADURA | C16: 9840 | D16: 3535 | E16: 1813 | F16: 2743 | G16: 4397 | H16: 3667
B17: GALICIA | C17: 23967 | D17: 10205 | E17: 4434 | F17: 7517 | G17: 9916 | H17: 9302
... B23: TOTAL | C23: 488518 | D23: 226803 | E23: 88567 | F23: 152996 | G23: 199678 | H23: 179846
C28: Evolución 26-T1 | D28: Evolución 26-T2
B29: ANDALUCÍA | C29: =+(G6-C6)/C6 -> -0.61581324 | D29: =+(H6-D6)/D6 -> -0.063492514
B30: ARAGÓN | C30: =+(G7-C7)/C7 -> -0.30914279 | D30: =+(H7-D7)/D7 -> -0.21171413
B31: ASTURIAS, PRINCIPADO | C31: =+(G8-C8)/C8 -> -0.61227389 | D31: =+(H8-D8)/D8 -> 0.14610818
B32: ILLES BALEARS | C32: =+(G9-C9)/C9 -> -0.59469397 | D32: =+(H9-D9)/D9 -> -0.11737892
B33: CANARIAS | C33: =+(G10-C10)/C10 -> -0.63542415 | D33: =+(H10-D10)/D10 -> -0.3736137
B34: CANTABRIA | C34: =+(G11-C11)/C11 -> -0.44987212 | D34: =+(H11-D11)/D11 -> 0.004251299
B35: CASTILLA Y LEÓN | C35: =+(G12-C12)/C12 -> -0.55654685 | D35: =+(H12-D12)/D12 -> -0.1645527
B36: CASTILLA - LA MANCHA | C36: =+(G13-C13)/C13 -> -0.49711407 | D36: =+(H13-D13)/D13 -> -0.27951389
B37: CATALUÑA | C37: =+(G14-C14)/C14 -> -0.68656767 | D37: =+(H14-D14)/D14 -> -0.24955779
B38: COMUNITAT VALENCIANA | C38: =+(G15-C15)/C15 -> -0.56300996 | D38: =+(H15-D15)/D15 -> -0.22749749
B39: EXTREMADURA | C39: =+(G16-C16)/C16 -> -0.55315041 | D39: =+(H16-D16)/D16 -> 0.037340877
B40: GALICIA | C40: =+(G17-C17)/C17 -> -0.58626445 | D40: =+(H17-D17)/D17 -> -0.088486036
... B46: TOTAL | C46: =+(G23-C23)/C23 -> -0.59125764 | D46: =+(H23-D23)/D23 -> -0.20703871
C52: 25-T1 | D52: 25-T2 | E52: 25-T3 | F52: 25-T4 | G52: 26-T1 | H52: 26-T2 | I52: 45658
B53: ANDALUCÍA | C53: =+C6/$I53*100000 -> 1101.4601 | D53: =+D6/$I53*100000 -> 398.58276 | E53: =+E6/$I53*100000 -> 202.50138 | F53: =+F6/$I53*100000 -> 331.28575 | G53: =+G6/$I53*100000 -> 423.1664 | H53: =+H6/$I53*100000 -> 373.27574 | I53: 8847347
B54: ARAGÓN | C54: =+C7/$I54*100000 -> 590.71347 | D54: =+D7/$I54*100000 -> 409.12458 | E54: =+E7/$I54*100000 -> 162.90237 | F54: =+F7/$I54*100000 -> 271.7238 | G54: =+G7/$I54*100000 -> 408.09866 | H54: =+H7/$I54*100000 -> 322.50713 | I54: 1364621
B55: ASTURIAS, PRINCIPADO | C55: =+C8/$I55*100000 -> 1040.1644 | D55: =+D8/$I55*100000 -> 298.68155 | E55: =+E8/$I55*100000 -> 151.01544 | F55: =+F8/$I55*100000 -> 299.66664 | G55: =+G8/$I55*100000 -> 403.29889 | H55: =+H8/$I55*100000 -> 342.32136 | I55: 1015128
B56: ILLES BALEARS | C56: =+C9/$I56*100000 -> 1109.8185 | D56: =+D9/$I56*100000 -> 421.25257 | E56: =+E9/$I56*100000 -> 169.46115 | F56: =+F9/$I56*100000 -> 360.92504 | G56: =+G9/$I56*100000 -> 449.81614 | H56: =+H9/$I56*100000 -> 371.8064 | I56: 1249844
B57: CANARIAS | C57: =+C10/$I57*100000 -> 1417.9239 | D57: =+D10/$I57*100000 -> 806.3338 | E57: =+E10/$I57*100000 -> 232.50605 | F57: =+F10/$I57*100000 -> 414.10159 | G57: =+G10/$I57*100000 -> 516.9408 | H57: =+H10/$I57*100000 -> 505.07644 | I57: 2258866
B58: CANTABRIA | C58: =+C11/$I58*100000 -> 658.6672 | D58: =+D11/$I58*100000 -> 356.62365 | E58: =+E11/$I58*100000 -> 145.88384 | F58: =+F11/$I58*100000 -> 258.24471 | G58: =+G11/$I58*100000 -> 362.35119 | H58: =+H11/$I58*100000 -> 358.13976 | I58: 593623
B59: CASTILLA - LEÓN | C59: =+C12/$I59*100000 -> 807.54749 | D59: =+D12/$I59*100000 -> 371.01958 | E59: =+E12/$I59*100000 -> 151.71448 | F59: =+F12/$I59*100000 -> 240.79416 | G59: =+G12/$I59*100000 -> 358.10948 | H59: =+H12/$I59*100000 -> 309.9673 | I59: 2401221
B60: CASTILLA - LA MANCHA | C60: =+C13/$I60*100000 -> 896.26586 | D60: =+D13/$I60*100000 -> 487.58969 | E60: =+E13/$I60*100000 -> 204.99648 | F60: =+F13/$I60*100000 -> 289.22421 | G60: =+G13/$I60*100000 -> 450.71949 | H60: =+H13/$I60*100000 -> 351.3016 | I60: 2126378
B61: CATALUÑA | C61: =+C14/$I61*100000 -> 1079.3038 | D61: =+D14/$I61*100000 -> 410.56724 | E61: =+E14/$I61*100000 -> 142.71074 | F61: =+F14/$I61*100000 -> 273.06322 | G61: =+G14/$I61*100000 -> 338.2887 | H61: =+H14/$I61*100000 -> 308.10699 | I61: 8124126
B62: C. VALENCIANA | C62: =+C15/$I62*100000 -> 964.63123 | D62: =+D15/$I62*100000 -> 495.7806 | E62: =+E15/$I62*100000 -> 206.94237 | F62: =+F15/$I62*100000 -> 336.7076 | G62: =+G15/$I62*100000 -> 421.53425 | H62: =+H15/$I62*100000 -> 382.99176 | I62: 5425182
B63: EXTREMADURA | C63: =+C16/$I63*100000 -> 934.16687 | D63: =+D16/$I63*100000 -> 335.59755 | E63: =+E16/$I63*100000 -> 172.11835 | F63: =+F16/$I63*100000 -> 260.40851 | G63: =+G16/$I63*100000 -> 417.43209 | H63: =+H16/$I63*100000 -> 348.12906 | I63: 1053345
B64: GALICIA | C64: =+C17/$I64*100000 -> 882.84665 | D64: =+D17/$I64*100000 -> 375.91063 | E64: =+E17/$I64*100000 -> 163.3305 | F64: =+F17/$I64*100000 -> 276.89566 | G64: =+G17/$I64*100000 -> 365.26505 | H64: =+H17/$I64*100000 -> 342.64779 | I64: 2714741
... B70: TOTAL | C70: =+C23/$I70*100000 -> 994.37194 | D70: =+D23/$I70*100000 -> 461.65451 | E70: =+E23/$I70*100000 -> 180.27696 | F70: =+F23/$I70*100000 -> 311.42134 | G70: =+G23/$I70*100000 -> 406.44193 | H70: =+H23/$I70*100000 -> 366.07416 | I70: 49128297

Sheet Lanzamientos SC recibidos TSJ
C5: 08-T1 | D5: 08-T2 | E5: 08-T3 | F5: 08-T4 | G5: 09-T1 | H5: 09-T2 | I5: 09-T3 | J5: 09-T4 | K5: 10-T1 | L5: 10-T2 | M5: 10-T3 | N5: 10-T4 | O5: 11-T1 | P5: 11-T2 | Q5: 11-T3 | R5: 11-T4 | S5: 12-T1 | T5: 12-T2 | U5: 12-T3 | V5: 12-T4 | W5: 13-T1 | X5: 13-T2 | Y5: 13-T3 (1) | Z5: 13-T4(1) | AA5: 25-T1 | AB5: 25-T2 | AC5: 25-T3 | AD5: 25-T4 | AE5: 26-T1 | AF5: 26-T2
B6: ANDALUCÍA | C6: 832 | D6: 979 | E6: 736 | F6: 944 | G6: 1152 | H6: 1099 | I6: 894 | J6: 1134 | K6: 1507 | L6: 1831 | M6: 1411 | N6: 2137 | O6: 2606 | P6: 2712 | Q6: 1937 | R6: 2609 | S6: 3272 | T6: 3861 | U6: 2787 | V6: 3817 | W6: 3175 | X6: 3572 | Y6: 3450 | Z6: 3492 | AA6: 2357 | AB6: 2316 | AC6: 1499 | AD6: 1956 | AE6: 2095 | AF6: 2059
B7: ARAGÓN | C7: 273 | D7: 231 | E7: 184 | F7: 189 | G7: 211 | H7: 283 | I7: 197 | J7: 182 | K7: 303 | L7: 469 | M7: 254 | N7: 430 | O7: 485 | P7: 523 | Q7: 310 | R7: 321 | S7: 622 | T7: 584 | U7: 232 | V7: 418 | W7: 346 | X7: 382 | Y7: 257 | Z7: 387 | AA7: 312 | AB7: 292 | AC7: 208 | AD7: 37 | AE7: 331 | AF7: 328
B8: ASTURIAS, PRINCIPADO | C8: 58 | D8: 175 | E8: 146 | F8: 162 | G8: 275 | H8: 258 | I8: 197 | J8: 277 | K8: 556 | L8: 388 | M8: 183 | N8: 422 | O8: 454 | P8: 428 | Q8: 218 | R8: 772 | S8: 587 | T8: 536 | U8: 380 | V8: 556 | W8: 366 | X8: 331 | Y8: 295 | Z8: 453 | AA8: 201 | AB8: 174 | AC8: 125 | AD8: 208 | AE8: 250 | AF8: 258
B9: ILLES BALEARS | C9: 486 | D9: 979 | E9: 646 | F9: 782 | G9: 939 | H9: 1306 | I9: 965 | J9: 970 | K9: 1061 | L9: 1020 | M9: 471 | N9: 389 | O9: 1096 | P9: 994 | Q9: 621 | R9: 945 | S9: 1021 | T9: 901 | U9: 574 | V9: 934 | W9: 849 | X9: 829 | Y9: 566 | Z9: 846 | AA9: 1154 | AB9: 608 | AC9: 679 | AD9: 280 | AE9: 827 | AF9: 1067
B10: CANARIAS | C10: 100 | D10: 710 | E10: 490 | F10: 231 | G10: 239 | H10: 211 | I10: 144 | J10: 218 | K10: 243 | L10: 361 | M10: 205 | N10: 190 | O10: 375 | P10: 370 | Q10: 232 | R10: 263 | S10: 345 | T10: 405 | U10: 227 | V10: 339 | W10: 491 | X10: 270 | Y10: 145 | Z10: 224 | AA10: 185 | AB10: 220 | AC10: 151 | AD10: 229 | AE10: 548 | AF10: 524
B11: CANTABRIA | C11: 49 | D11: 71 | E11: 58 | F11: 72 | G11: 96 | H11: 91 | I11: 67 | J11: 81 | K11: 118 | L11: 131 | M11: 60 | N11: 114 | O11: 127 | P11: 131 | Q11: 86 | R11: 109 | S11: 136 | T11: 135 | U11: 72 | V11: 106 | W11: 109 | X11: 103 | Y11: 78 | Z11: 101 | AA11: 116 | AB11: 86 | AC11: 86 | AD11: 56 | AE11: 104 | AF11: 129
B12: CASTILLA Y LEÓN | C12: 149 | D12: 291 | E12: 273 | F12: 360 | G12: 439 | H12: 338 | I12: 297 | J12: 383 | K12: 394 | L12: 647 | M12: 448 | N12: 574 | O12: 628 | P12: 695 | Q12: 467 | R12: 650 | S12: 840 | T12: 853 | U12: 545 | V12: 679 | W12: 698 | X12: 594 | Y12: 403 | Z12: 558 | AA12: 474 | AB12: 503 | AC12: 323 | AD12: 251 | AE12: 411 | AF12: 402
B13: CASTILLA - LA MANCHA | C13: 65 | D13: 207 | E13: 114 | F13: 193 | G13: 187 | H13: 199 | I13: 154 | J13: 194 | K13: 247 | L13: 288 | M13: 235 | N13: 279 | O13: 325 | P13: 311 | Q13: 187 | R13: 315 | S13: 362 | T13: 311 | U13: 191 | V13: 281 | W13: 302 | X13: 270 | Y13: 163 | Z13: 222 | AA13: 403 | AB13: 352 | AC13: 251 | AD13: 143 | AE13: 284 | AF13: 385
B14: CATALUÑA | C14: 964 | D14: 1050 | E14: 694 | F14: 1218 | G14: 1322 | H14: 1384 | I14: 1091 | J14: 1524 | K14: 1793 | L14: 1802 | M14: 1161 | N14: 1889 | O14: 1925 | P14: 1952 | Q14: 1064 | R14: 1848 | S14: 1874 | T14: 1803 | U14: 1050 | V14: 1659 | W14: 1793 | X14: 1662 | Y14: 2500 | Z14: 3692 | AA14: 3125 | AB14: 4166 | AC14: 1969 | AD14: 2654 | AE14: 6299 | AF14: 4866
B15: COMUNITAT VALENCIANA | C15: 1147 | D15: 1544 | E15: 972 | F15: 1267 | G15: 1799 | H15: 1718 | I15: 1185 | J15: 1749 | K15: 2449 | L15: 2794 | M15: 1984 | N15: 2692 | O15: 3394 | P15: 3927 | Q15: 2797 | R15: 3593 | S15: 4562 | T15: 4808 | U15: 3094 | V15: 3591 | W15: 3789 | X15: 4061 | Y15: 2707 | Z15: 3553 | AA15: 2097 | AB15: 1974 | AC15: 1324 | AD15: 1431 | AE15: 1966 | AF15: 2080
B16: EXTREMADURA | C16: 21 | D16: 28 | E16: 19 | F16: 39 | G16: 37 | H16: 48 | I16: 29 | J16: 40 | K16: 64 | L16: 73 | M16: 59 | N16: 88 | O16: 103 | P16: 117 | Q16: 86 | R16: 133 | S16: 142 | T16: 152 | U16: 108 | V16: 162 | W16: 142 | X16: 123 | Y16: 86 | Z16: 125 | AA16: 72 | AB16: 85 | AC16: 67 | AD16: 70 | AE16: 91 | AF16: 89
B17: GALICIA | C17: 280 | D17: 299 | E17: 197 | F17: 251 | G17: 316 | H17: 382 | I17: 236 | J17: 261 | K17: 465 | L17: 584 | M17: 382 | N17: 456 | O17: 564 | P17: 588 | Q17: 317 | R17: 416 | S17: 527 | T17: 531 | U17: 308 | V17: 435 | W17: 447 | X17: 433 | Y17: 289 | Z17: 415 | AA17: 281 | AB17: 349 | AC17: 249 | AD17: 101 | AE17: 264 | AF17: 339
... B22: LA RIOJA | C22: 6 | D22: 25 | E22: 30 | F22: 50 | G22: 67 | H22: 60 | I22: 39 | J22: 27 | K22: 50 | L22: 81 | M22: 32 | N22: 59 | O22: 69 | P22: 73 | Q22: 45 | R22: 57 | S22: 63 | T22: 52 | U22: 30 | V22: 101 | W22: 90 | X22: 56 | Y22: 31 | Z22: 63 | AA22: 42 | AB22: 45 | AC22: 37 | AD22: 1 | AE22: 38 | AF22: 69
B23: TOTAL | C23: =SUM(C6:C22) -> 5614 | D23: =SUM(D6:D22) -> 8316 | E23: =SUM(E6:E22) -> 5790 | F23: =SUM(F6:F22) -> 7531 | G23: =SUM(G6:G22) -> 8855 | H23: =SUM(H6:H22) -> 9777 | I23: =SUM(I6:I22) -> 7334 | J23: =SUM(J6:J22) -> 9456 | ... Z23: =SUM(Z6:Z22) -> 17842 | AA23: 13563 | AB23: 13628 | AC23: 8647 | AD23: 8787 | AE23: 16167 | AF23: 17276
C28: Evolución 09-T1 | D28: Evolución 09-T2 | E28: Evolución 09-T3 | F28: Evolución 09-T4 | G28: Evolución 10-T1 | H28: Evolución 10-T2 | I28: Evolución 10-T3 | J28: Evolución 10-T4 | K28: Evolución 11-T1 | L28: Evolución 11-T2 | M28: Evolución 11-T3 | N28: Evolución 11-T4 | O28: Evolución 12-T1 | P28: Evolución 12-T2 | Q28: Evolución 12-T3 | R28: Evolución 12-T4 | S28: Evolución 13-T1 | T28: Evolución 13-T2 | U28: Evolución 13-T3 | V28: Evolución 13-T4 | W28: Evolución 14-T1 | X28: Evolución 14-T2 | Y28: Evolución 14-T3 | Z28: Evolución 14-T4 | AA28: Evolución 26-T1 | AB28: Evolución 26-T2
B29: ANDALUCÍA | C29: =+(G6-C6)/C6 -> 0.38461538 | D29: =+(H6-D6)/D6 -> 0.12257406 | E29: =+(I6-E6)/E6 -> 0.21467391 | F29: =+(J6-F6)/F6 -> 0.20127119 | G29: =+(K6-G6)/G6 -> 0.30815972 | H29: =+(L6-H6)/H6 -> 0.66606005 | I29: =+(M6-I6)/I6 -> 0.57829978 | J29: =+(N6-J6)/J6 -> 0.88447972 | ... T29: =+(X6-T6)/T6 -> -0.074851075 | U29: 0.2378902 | V29: -0.085145402 | W29: 0.032440945 | X29: -0.051791713 | Y29: -0.21072464 | Z29: 0.063573883 | AA29: =+(AE6-AA6)/AA6 -> -0.11115825 | AB29: =+(AF6-AB6)/AB6 -> -0.11096718
B30: ARAGÓN | C30: =+(G7-C7)/C7 -> -0.22710623 | D30: =+(H7-D7)/D7 -> 0.22510823 | E30: =+(I7-E7)/E7 -> 0.070652174 | F30: =+(J7-F7)/F7 -> -0.037037037 | G30: =+(K7-G7)/G7 -> 0.43601896 | H30: =+(L7-H7)/H7 -> 0.65724382 | I30: =+(M7-I7)/I7 -> 0.2893401 | J30: =+(N7-J7)/J7 -> 1.3626374 | ... T30: =+(X7-T7)/T7 -> -0.34589041 | U30: 0.10775862 | V30: -0.074162679 | W30: 0.23699422 | X30: 0.020942408 | Y30: 0.22957198 | Z30: -0.11369509 | AA30: =+(AE7-AA7)/AA7 -> 0.060897436 | AB30: =+(AF7-AB7)/AB7 -> 0.12328767
B31: ASTURIAS, PRINCIPADO | C31: =+(G8-C8)/C8 -> 3.7413793 | D31: =+(H8-D8)/D8 -> 0.47428571 | E31: =+(I8-E8)/E8 -> 0.34931507 | F31: =+(J8-F8)/F8 -> 0.70987654 | G31: =+(K8-G8)/G8 -> 1.0218182 | H31: =+(L8-H8)/H8 -> 0.50387597 | I31: =+(M8-I8)/I8 -> -0.07106599 | J31: =+(N8-J8)/J8 -> 0.5234657 | ... T31: =+(X8-T8)/T8 -> -0.38246269 | U31: -0.22368421 | V31: -0.1852518 | W31: 0.30601093 | X31: 0.23564955 | Y31: 0.091525424 | Z31: 0.035320088 | AA31: =+(AE8-AA8)/AA8 -> 0.24378109 | AB31: =+(AF8-AB8)/AB8 -> 0.48275862
B32: ILLES BALEARS | C32: =+(G9-C9)/C9 -> 0.93209877 | D32: =+(H9-D9)/D9 -> 0.3340143 | E32: =+(I9-E9)/E9 -> 0.49380805 | F32: =+(J9-F9)/F9 -> 0.24040921 | G32: =+(K9-G9)/G9 -> 0.12992545 | H32: =+(L9-H9)/H9 -> -0.21898928 | I32: =+(M9-I9)/I9 -> -0.5119171 | J32: =+(N9-J9)/J9 -> -0.59896907 | ... T32: =+(X9-T9)/T9 -> -0.07991121 | U32: -0.013937282 | V32: -0.094218415 | W32: 0.014134276 | X32: -0.010856454 | Y32: 0.098939929 | Z32: -0.082742317 | AA32: =+(AE9-AA9)/AA9 -> -0.28336222 | AB32: =+(AF9-AB9)/AB9 -> 0.75493421
B33: CANARIAS | C33: =+(G10-C10)/C10 -> 1.39 | D33: =+(H10-D10)/D10 -> -0.7028169 | E33: =+(I10-E10)/E10 -> -0.70612245 | F33: =+(J10-F10)/F10 -> -0.056277056 | G33: =+(K10-G10)/G10 -> 0.016736402 | H33: =+(L10-H10)/H10 -> 0.71090047 | I33: =+(M10-I10)/I10 -> 0.42361111 | J33: =+(N10-J10)/J10 -> -0.12844037 | ... T33: =+(X10-T10)/T10 -> -0.33333333 | U33: -0.36123348 | V33: -0.33923304 | W33: -0.49490835 | X33: -0.059259259 | Y33: 0.62068966 | Z33: 0.1875 | AA33: =+(AE10-AA10)/AA10 -> 1.9621622 | AB33: =+(AF10-AB10)/AB10 -> 1.3818182
B34: CANTABRIA | C34: =+(G11-C11)/C11 -> 0.95918367 | D34: =+(H11-D11)/D11 -> 0.28169014 | E34: =+(I11-E11)/E11 -> 0.15517241 | F34: =+(J11-F11)/F11 -> 0.125 | G34: =+(K11-G11)/G11 -> 0.22916667 | H34: =+(L11-H11)/H11 -> 0.43956044 | I34: =+(M11-I11)/I11 -> -0.10447761 | J34: =+(N11-J11)/J11 -> 0.40740741 | ... T34: =+(X11-T11)/T11 -> -0.23703704 | U34: 0.083333333 | V34: -0.047169811 | W34: -0.036697248 | X34: 0.077669903 | Y34: 0.23076923 | Z34: -0.16831683 | AA34: =+(AE11-AA11)/AA11 -> -0.10344828 | AB34: =+(AF11-AB11)/AB11 -> 0.5
B35: CASTILLA Y LEÓN | C35: =+(G12-C12)/C12 -> 1.9463087 | D35: =+(H12-D12)/D12 -> 0.16151203 | E35: =+(I12-E12)/E12 -> 0.087912088 | F35: =+(J12-F12)/F12 -> 0.063888889 | G35: =+(K12-G12)/G12 -> -0.10250569 | H35: =+(L12-H12)/H12 -> 0.91420118 | I35: =+(M12-I12)/I12 -> 0.50841751 | J35: =+(N12-J12)/J12 -> 0.49869452 | ... T35: =+(X12-T12)/T12 -> -0.30363423 | U35: -0.26055046 | V35: -0.17820324 | W35: -0.070200573 | X35: -0.22727273 | Y35: 0.074441687 | Z35: 0.091397849 | AA35: =+(AE12-AA12)/AA12 -> -0.13291139 | AB35: =+(AF12-AB12)/AB12 -> -0.20079523
B36: CASTILLA -LA MANCHA | C36: =+(G13-C13)/C13 -> 1.8769231 | D36: =+(H13-D13)/D13 -> -0.038647343 | E36: =+(I13-E13)/E13 -> 0.35087719 | F36: =+(J13-F13)/F13 -> 0.0051813472 | G36: =+(K13-G13)/G13 -> 0.32085561 | H36: =+(L13-H13)/H13 -> 0.44723618 | I36: =+(M13-I13)/I13 -> 0.52597403 | J36: =+(N13-J13)/J13 -> 0.43814433 | ... T36: =+(X13-T13)/T13 -> -0.1318328 | U36: -0.14659686 | V36: -0.20996441 | W36: -0.14238411 | X36: 0.044444444 | Y36: 0.079754601 | Z36: 0.1036036 | AA36: =+(AE13-AA13)/AA13 -> -0.29528536 | AB36: =+(AF13-AB13)/AB13 -> 0.09375
B37: CATALUÑA | C37: =+(G14-C14)/C14 -> 0.37136929 | D37: =+(H14-D14)/D14 -> 0.31809524 | E37: =+(I14-E14)/E14 -> 0.57204611 | F37: =+(J14-F14)/F14 -> 0.25123153 | G37: =+(K14-G14)/G14 -> 0.35627837 | H37: =+(L14-H14)/H14 -> 0.30202312 | I37: =+(M14-I14)/I14 -> 0.06416132 | J37: =+(N14-J14)/J14 -> 0.23950131 | ... T37: =+(X14-T14)/T14 -> -0.078202995 | U37: -0.077142857 | V37: -0.081374322 | W37: 0.23201339 | X37: 0.48074609 | Y37: 0.23529412 | Z37: 0.22506562 | AA37: =+(AE14-AA14)/AA14 -> 1.01568 | AB37: =+(AF14-AB14)/AB14 -> 0.16802688
B38: COMUNITAT VALENCIANA | C38: =+(G15-C15)/C15 -> 0.56843941 | D38: =+(H15-D15)/D15 -> 0.1126943 | E38: =+(I15-E15)/E15 -> 0.2191358 | F38: =+(J15-F15)/F15 -> 0.3804262 | G38: =+(K15-G15)/G15 -> 0.36131184 | H38: =+(L15-H15)/H15 -> 0.62630966 | I38: =+(M15-I15)/I15 -> 0.6742616 | J38: =+(N15-J15)/J15 -> 0.53916524 | ... T38: =+(X15-T15)/T15 -> -0.15536606 | U38: -0.1250808 | V38: -0.010582011 | W38: -0.065188704 | X38: -0.060083723 | Y38: -0.0092353158 | Z38: -0.052913031 | AA38: =+(AE15-AA15)/AA15 -> -0.062470196 | AB38: =+(AF15-AB15)/AB15 -> 0.053698075
B39: EXTREMADURA | C39: =+(G16-C16)/C16 -> 0.76190476 | D39: =+(H16-D16)/D16 -> 0.71428571 | E39: =+(I16-E16)/E16 -> 0.52631579 | F39: =+(J16-F16)/F16 -> 0.025641026 | G39: =+(K16-G16)/G16 -> 0.72972973 | H39: =+(L16-H16)/H16 -> 0.52083333 | I39: =+(M16-I16)/I16 -> 1.0344828 | J39: =+(N16-J16)/J16 -> 1.2 | ... T39: =+(X16-T16)/T16 -> -0.19078947 | U39: -0.2037037 | V39: -0.22839506 | W39: 0.1056338 | X39: 0.38211382 | Y39: 0.55813953 | Z39: 0.288 | AA39: =+(AE16-AA16)/AA16 -> 0.26388889 | AB39: =+(AF16-AB16)/AB16 -> 0.047058824
B40: GALICIA | C40: =+(G17-C17)/C17 -> 0.12857143 | D40: =+(H17-D17)/D17 -> 0.27759197 | E40: =+(I17-E17)/E17 -> 0.19796954 | F40: =+(J17-F17)/F17 -> 0.039840637 | G40: =+(K17-G17)/G17 -> 0.47151899 | H40: =+(L17-H17)/H17 -> 0.52879581 | I40: =+(M17-I17)/I17 -> 0.61864407 | J40: =+(N17-J17)/J17 -> 0.74712644 | ... T40: =+(X17-T17)/T17 -> -0.18455744 | U40: -0.061688312 | V40: -0.045977011 | W40: -0.0089485459 | X40: 0.13856813 | Y40: -0.010380623 | Z40: 0.16385542 | AA40: =+(AE17-AA17)/AA17 -> -0.060498221 | AB40: =+(AF17-AB17)/AB17 -> -0.028653295
... B46: TOTAL | C46: =+(G23-C23)/C23 -> 0.57730673 | D46: =+(H23-D23)/D23 -> 0.17568543 | E46: =+(I23-E23)/E23 -> 0.26666667 | F46: =+(J23-F23)/F23 -> 0.25561014 | G46: =+(K23-G23)/G23 -> 0.3352908 | H46: =+(L23-H23)/H23 -> 0.38897412 | I46: =+(M23-I23)/I23 -> 0.36501227 | J46: =+(N23-J23)/J23 -> 0.4606599 | ... T46: =+(X23-T23)/T23 -> -0.15503407 | U46: -0.0051546392 | V46: -0.13935866 | W46: -0.0085951214 | X46: 0.0088992415 | Y46: -0.061299322 | Z46: 0.028071966 | AA46: =+(AE23-AA23)/AA23 -> 0.19199292 | AB46: =+(AF23-AB23)/AB23 -> 0.26768418

Sheet Lanzamientos con Cump ptivo TSJ
C5: 08-T1 | D5: 08-T2 | E5: 08-T3 | F5: 08-T4 | G5: 09-T1 | H5: 09-T2 | I5: 09-T3 | J5: 09-T4 | K5: 10-T1 | L5: 10-T2 | M5: 10-T3 | N5: 10-T4 | O5: 11-T1 | P5: 11-T2 | Q5: 11-T3 | R5: 11-T4 | S5: 12-T1 | T5: 12-T2 | U5: 12-T3 | V5: 12-T4 | W5: 13-T1 | X5: 13-T2 | Y5: 13-T3(1) | Z5: 13-T4(1) | AA5: 25-T1 | AB5: 25-T2 | AC5: 25-T3 | AD5: 25-T4 | AE5: 26-T1 | AF5: 26-T2
B6: ANDALUCÍA | C6: 569 | D6: 647 | E6: 476 | F6: 697 | G6: 660 | H6: 759 | I6: 618 | J6: 728 | K6: 859 | L6: 1175 | M6: 917 | N6: 1337 | O6: 1592 | P6: 1742 | Q6: 1171 | R6: 1639 | S6: 1961 | T6: 2313 | U6: 1541 | V6: 2286 | W6: 1744 | X6: 1698 | Y6: 1480 | Z6: 2092 | AA6: 1185 | AB6: 1143 | AC6: 749 | AD6: 950 | AE6: 1006 | AF6: 1014
B7: ARAGÓN | C7: 274 | D7: 227 | E7: 201 | F7: 175 | G7: 233 | H7: 251 | I7: 214 | J7: 165 | K7: 249 | L7: 508 | M7: 262 | N7: 424 | O7: 406 | P7: 497 | Q7: 348 | R7: 316 | S7: 530 | T7: 509 | U7: 289 | V7: 309 | W7: 223 | X7: 273 | Y7: 218 | Z7: 268 | AA7: 183 | AB7: 152 | AC7: 146 | AD7: 28 | AE7: 204 | AF7: 210
B8: ASTURIAS, PRINCIPADO | C8: 45 | D8: 102 | E8: 82 | F8: 147 | G8: 193 | H8: 214 | I8: 118 | J8: 207 | K8: 382 | L8: 448 | M8: 168 | N8: 286 | O8: 242 | P8: 203 | Q8: 164 | R8: 215 | S8: 248 | T8: 267 | U8: 137 | V8: 230 | W8: 218 | X8: 196 | Y8: 171 | Z8: 279 | AA8: 107 | AB8: 134 | AC8: 89 | AD8: 132 | AE8: 162 | AF8: 184
B9: ILLES BALEARS | C9: 79 | D9: 119 | E9: 241 | F9: 205 | G9: 224 | H9: 350 | I9: 350 | J9: 463 | K9: 419 | L9: 394 | M9: 247 | N9: 175 | O9: 390 | P9: 524 | Q9: 267 | R9: 247 | S9: 220 | T9: 390 | U9: 295 | V9: 396 | W9: 395 | X9: 321 | Y9: 264 | Z9: 316 | AA9: 284 | AB9: 319 | AC9: 203 | AD9: 126 | AE9: 342 | AF9: 338
B10: CANARIAS | C10: 66 | D10: 203 | E10: 169 | F10: 160 | G10: 188 | H10: 194 | I10: 125 | J10: 158 | K10: 202 | L10: 173 | M10: 153 | N10: 146 | O10: 274 | P10: 310 | Q10: 189 | R10: 189 | S10: 257 | T10: 301 | U10: 124 | V10: 274 | W10: 175 | X10: 177 | Y10: 101 | Z10: 163 | AA10: 91 | AB10: 120 | AC10: 83 | AD10: 67 | AE10: 263 | AF10: 237
B11: CANTABRIA | C11: 35 | D11: 44 | E11: 43 | F11: 54 | G11: 59 | H11: 79 | I11: 56 | J11: 62 | K11: 68 | L11: 107 | M11: 54 | N11: 83 | O11: 95 | P11: 101 | Q11: 65 | R11: 86 | S11: 110 | T11: 99 | U11: 55 | V11: 71 | W11: 85 | X11: 79 | Y11: 48 | Z11: 74 | AA11: 86 | AB11: 46 | AC11: 52 | AD11: 19 | AE11: 54 | AF11: 89
B12: CASTILLA Y LEÓN | C12: 100 | D12: 179 | E12: 239 | F12: 272 | G12: 296 | H12: 232 | I12: 208 | J12: 250 | K12: 196 | L12: 468 | M12: 347 | N12: 431 | O12: 388 | P12: 580 | Q12: 403 | R12: 477 | S12: 485 | T12: 608 | U12: 455 | V12: 474 | W12: 508 | X12: 408 | Y12: 276 | Z12: 381 | AA12: 309 | AB12: 333 | AC12: 246 | AD12: 170 | AE12: 212 | AF12: 359
B13: CASTILLA - LA MANCHA | C13: 29 | D13: 64 | E13: 105 | F13: 102 | G13: 93 | H13: 116 | I13: 92 | J13: 87 | K13: 123 | L13: 131 | M13: 126 | N13: 176 | O13: 234 | P13: 225 | Q13: 157 | R13: 194 | S13: 240 | T13: 236 | U13: 132 | V13: 173 | W13: 149 | X13: 147 | Y13: 98 | Z13: 129 | AA13: 142 | AB13: 151 | AC13: 141 | AD13: 66 | AE13: 173 | AF13: 159
B14: CATALUÑA | C14: 836 | D14: 857 | E14: 354 | F14: 851 | G14: 823 | H14: 1119 | I14: 689 | J14: 979 | K14: 1164 | L14: 1385 | M14: 830 | N14: 962 | O14: 1179 | P14: 1419 | Q14: 783 | R14: 1070 | S14: 1291 | T14: 1328 | U14: 696 | V14: 842 | W14: 923 | X14: 1173 | Y14: 1418 | Z14: 2033 | AA14: 1521 | AB14: 2831 | AC14: 878 | AD14: 819 | AE14: 2617 | AF14: 2574
B15: COMUNITAT VALENCIANA | C15: 833 | D15: 1001 | E15: 581 | F15: 980 | G15: 1368 | H15: 1151 | I15: 811 | J15: 1160 | K15: 1516 | L15: 2084 | M15: 1366 | N15: 1854 | O15: 2262 | P15: 2788 | Q15: 2070 | R15: 2709 | S15: 3583 | T15: 3655 | U15: 2334 | V15: 2688 | W15: 2740 | X15: 2679 | Y15: 1547 | Z15: 2616 | AA15: 1037 | AB15: 1106 | AC15: 744 | AD15: 788 | AE15: 1006 | AF15: 1302
B16: EXTREMADURA | C16: 20 | D16: 19 | E16: 15 | F16: 28 | G16: 37 | H16: 37 | I16: 23 | J16: 34 | K16: 56 | L16: 50 | M16: 46 | N16: 73 | O16: 83 | P16: 77 | Q16: 64 | R16: 120 | S16: 90 | T16: 106 | U16: 73 | V16: 102 | W16: 107 | X16: 69 | Y16: 57 | Z16: 88 | AA16: 37 | AB16: 51 | AC16: 34 | AD16: 39 | AE16: 50 | AF16: 41
B17: GALICIA | C17: 212 | D17: 260 | E17: 152 | F17: 194 | G17: 291 | H17: 316 | I17: 225 | J17: 222 | K17: 375 | L17: 503 | M17: 328 | N17: 356 | O17: 479 | P17: 490 | Q17: 294 | R17: 325 | S17: 406 | T17: 426 | U17: 272 | V17: 357 | W17: 356 | X17: 337 | Y17: 230 | Z17: 318 | AA17: 201 | AB17: 234 | AC17: 196 | AD17: 62 | AE17: 187 | AF17: 218
... B22: LA RIOJA | C22: 6 | D22: 15 | E22: 25 | F22: 42 | G22: 51 | H22: 43 | I22: 35 | J22: 24 | K22: 38 | L22: 54 | M22: 36 | N22: 43 | O22: 51 | P22: 53 | Q22: 34 | R22: 41 | S22: 39 | T22: 34 | U22: 24 | V22: 61 | W22: 66 | X22: 48 | Y22: 15 | Z22: 39 | AA22: 26 | AB22: 20 | AC22: 30 | AD22: 2 | AE22: 25 | AF22: 31
B23: TOTAL | C23: =SUM(C6:C22) -> 4142 | D23: =SUM(D6:D22) -> 4819 | E23: =SUM(E6:E22) -> 3489 | F23: =SUM(F6:F22) -> 4983 | G23: =SUM(G6:G22) -> 5602 | H23: =SUM(H6:H22) -> 6200 | I23: =SUM(I6:I22) -> 4631 | J23: =SUM(J6:J22) -> 6060 | ... Z23: =SUM(Z6:Z22) -> 11085 | AA23: 6598 | AB23: 8075 | AC23: 4496 | AD23: 3906 | AE23: 7696 | AF23: 8972
C27: Evolución 09-T1 | D27: Evolución 09-T2 | E27: Evolución 09-T3 | F27: Evolución 09-T4 | G27: Evolución 10-T1 | H27: Evolución 10-T2 | I27: Evolución 10-T3 | J27: Evolución 10-T4 | K27: Evolución 11-T1 | L27: Evolución 11-T2 | M27: Evolución 11-T3 | N27: Evolución 11-T4 | O27: Evolución 12-T1 | P27: Evolución 12-T2 | Q27: Evolución 12-T3 | R27: Evolución 12-T4 | S27: Evolución 13-T1 | T27: Evolución 13-T2 | U27: Evolución 13-T3 | V27: Evolución 13-T4 | W27: Evolución 14-T1 | X27: Evolución 14-T2 | Y27: Evolución 14-T3 | Z27: Evolución 14-T4 | AA27: Evolución 26-T1 | AB27: Evolución 26-T2
B28: ANDALUCÍA | C28: =+(G6-C6)/C6 -> 0.1599297 | D28: =+(H6-D6)/D6 -> 0.17310665 | E28: =+(I6-E6)/E6 -> 0.29831933 | F28: =+(J6-F6)/F6 -> 0.044476327 | G28: =+(K6-G6)/G6 -> 0.30151515 | H28: =+(L6-H6)/H6 -> 0.54808959 | I28: =+(M6-I6)/I6 -> 0.48381877 | J28: =+(N6-J6)/J6 -> 0.83653846 | ... T28: =+(X6-T6)/T6 -> -0.26588846 | U28: -0.039584685 | V28: -0.084864392 | W28: 0.14048165 | X28: 0.18315665 | Y28: 0.28716216 | Z28: 0.11806883 | AA28: =+(AE6-AA6)/AA6 -> -0.15105485 | AB28: =+(AF6-AB6)/AB6 -> -0.11286089
B29: ARAGÓN | C29: =+(G7-C7)/C7 -> -0.14963504 | D29: =+(H7-D7)/D7 -> 0.10572687 | E29: =+(I7-E7)/E7 -> 0.064676617 | F29: =+(J7-F7)/F7 -> -0.057142857 | G29: =+(K7-G7)/G7 -> 0.068669528 | H29: =+(L7-H7)/H7 -> 1.0239044 | I29: =+(M7-I7)/I7 -> 0.22429907 | J29: =+(N7-J7)/J7 -> 1.569697 | ... T29: =+(X7-T7)/T7 -> -0.46365422 | U29: -0.24567474 | V29: -0.13268608 | W29: 0.27802691 | X29: 0.010989011 | Y29: 0.077981651 | Z29: 0.03358209 | AA29: =+(AE7-AA7)/AA7 -> 0.1147541 | AB29: =+(AF7-AB7)/AB7 -> 0.38157895
B30: ASTURIAS, PRINCIPADO | C30: =+(G8-C8)/C8 -> 3.2888889 | D30: =+(H8-D8)/D8 -> 1.0980392 | E30: =+(I8-E8)/E8 -> 0.43902439 | F30: =+(J8-F8)/F8 -> 0.40816327 | G30: =+(K8-G8)/G8 -> 0.97927461 | H30: =+(L8-H8)/H8 -> 1.0934579 | I30: =+(M8-I8)/I8 -> 0.42372881 | J30: =+(N8-J8)/J8 -> 0.38164251 | ... T30: =+(X8-T8)/T8 -> -0.2659176 | U30: 0.24817518 | V30: 0.21304348 | W30: 0.24770642 | X30: 0.44897959 | Y30: 0.15204678 | Z30: 0.082437276 | AA30: =+(AE8-AA8)/AA8 -> 0.51401869 | AB30: =+(AF8-AB8)/AB8 -> 0.37313433
B31: ILLES BALEARS | C31: =+(G9-C9)/C9 -> 1.835443 | D31: =+(H9-D9)/D9 -> 1.9411765 | E31: =+(I9-E9)/E9 -> 0.45228216 | F31: =+(J9-F9)/F9 -> 1.2585366 | G31: =+(K9-G9)/G9 -> 0.87053571 | H31: =+(L9-H9)/H9 -> 0.12571429 | I31: =+(M9-I9)/I9 -> -0.29428571 | J31: =+(N9-J9)/J9 -> -0.62203024 | ... T31: =+(X9-T9)/T9 -> -0.17692308 | U31: -0.10508475 | V31: -0.2020202 | W31: -0.020253165 | X31: 0.17445483 | Y31: 0.29166667 | Z31: 0.069620253 | AA31: =+(AE9-AA9)/AA9 -> 0.20422535 | AB31: =+(AF9-AB9)/AB9 -> 0.059561129
B32: CANARIAS | C32: =+(G10-C10)/C10 -> 1.8484848 | D32: =+(H10-D10)/D10 -> -0.044334975 | E32: =+(I10-E10)/E10 -> -0.26035503 | F32: =+(J10-F10)/F10 -> -0.0125 | G32: =+(K10-G10)/G10 -> 0.074468085 | H32: =+(L10-H10)/H10 -> -0.10824742 | I32: =+(M10-I10)/I10 -> 0.224 | J32: =+(N10-J10)/J10 -> -0.075949367 | ... T32: =+(X10-T10)/T10 -> -0.41196013 | U32: -0.18548387 | V32: -0.40510949 | W32: -0.14857143 | X32: -0.04519774 | Y32: 0.51485149 | Z32: 0.25766871 | AA32: =+(AE10-AA10)/AA10 -> 1.8901099 | AB32: =+(AF10-AB10)/AB10 -> 0.975
B33: CANTABRIA | C33: =+(G11-C11)/C11 -> 0.68571429 | D33: =+(H11-D11)/D11 -> 0.79545455 | E33: =+(I11-E11)/E11 -> 0.30232558 | F33: =+(J11-F11)/F11 -> 0.14814815 | G33: =+(K11-G11)/G11 -> 0.15254237 | H33: =+(L11-H11)/H11 -> 0.35443038 | I33: =+(M11-I11)/I11 -> -0.035714286 | J33: =+(N11-J11)/J11 -> 0.33870968 | ... T33: =+(X11-T11)/T11 -> -0.2020202 | U33: -0.12727273 | V33: 0.042253521 | W33: 0 | X33: -0.063291139 | Y33: 0.27083333 | Z33: -0.013513514 | AA33: =+(AE11-AA11)/AA11 -> -0.37209302 | AB33: =+(AF11-AB11)/AB11 -> 0.93478261
B34: CASTILLA Y LEÓN | C34: =+(G12-C12)/C12 -> 1.96 | D34: =+(H12-D12)/D12 -> 0.29608939 | E34: =+(I12-E12)/E12 -> -0.12970711 | F34: =+(J12-F12)/F12 -> -0.080882353 | G34: =+(K12-G12)/G12 -> -0.33783784 | H34: =+(L12-H12)/H12 -> 1.0172414 | I34: =+(M12-I12)/I12 -> 0.66826923 | J34: =+(N12-J12)/J12 -> 0.724 | ... T34: =+(X12-T12)/T12 -> -0.32894737 | U34: -0.39340659 | V34: -0.19620253 | W34: -0.049212598 | X34: -0.12009804 | Y34: 0.0036231884 | Z34: 0.37270341 | AA34: =+(AE12-AA12)/AA12 -> -0.31391586 | AB34: =+(AF12-AB12)/AB12 -> 0.078078078
B35: CASTILLA - LA MANCHA | C35: =+(G13-C13)/C13 -> 2.2068966 | D35: =+(H13-D13)/D13 -> 0.8125 | E35: =+(I13-E13)/E13 -> -0.12380952 | F35: =+(J13-F13)/F13 -> -0.14705882 | G35: =+(K13-G13)/G13 -> 0.32258065 | H35: =+(L13-H13)/H13 -> 0.12931034 | I35: =+(M13-I13)/I13 -> 0.36956522 | J35: =+(N13-J13)/J13 -> 1.0229885 | ... T35: =+(X13-T13)/T13 -> -0.37711864 | U35: -0.25757576 | V35: -0.25433526 | W35: 0.1409396 | X35: 0.27210884 | Y35: 0.16326531 | Z35: 0.10852713 | AA35: =+(AE13-AA13)/AA13 -> 0.21830986 | AB35: =+(AF13-AB13)/AB13 -> 0.052980132
B36: CATALUÑA | C36: =+(G14-C14)/C14 -> -0.015550239 | D36: =+(H14-D14)/D14 -> 0.30571762 | E36: =+(I14-E14)/E14 -> 0.94632768 | F36: =+(J14-F14)/F14 -> 0.15041128 | G36: =+(K14-G14)/G14 -> 0.41433779 | H36: =+(L14-H14)/H14 -> 0.23771224 | I36: =+(M14-I14)/I14 -> 0.20464441 | J36: =+(N14-J14)/J14 -> -0.017364658 | ... T36: =+(X14-T14)/T14 -> -0.11671687 | U36: -0.21264368 | V36: 0.14845606 | W36: 0.30552546 | X36: 0.0059676044 | Y36: 0.24087591 | Z36: 0.2254395 | AA36: =+(AE14-AA14)/AA14 -> 0.72057857 | AB36: =+(AF14-AB14)/AB14 -> -0.090780643
B37: COMUNITAT VALENCIANA | C37: =+(G15-C15)/C15 -> 0.6422569 | D37: =+(H15-D15)/D15 -> 0.14985015 | E37: =+(I15-E15)/E15 -> 0.39586919 | F37: =+(J15-F15)/F15 -> 0.18367347 | G37: =+(K15-G15)/G15 -> 0.10818713 | H37: =+(L15-H15)/H15 -> 0.81059948 | I37: =+(M15-I15)/I15 -> 0.68434032 | J37: =+(N15-J15)/J15 -> 0.59827586 | ... T37: =+(X15-T15)/T15 -> -0.26703146 | U37: -0.33718937 | V37: -0.026785714 | W37: -0.098540146 | X37: 0.015677492 | Y37: 0.36393019 | Z37: -0.10359327 | AA37: =+(AE15-AA15)/AA15 -> -0.029893925 | AB37: =+(AF15-AB15)/AB15 -> 0.17721519
B38: EXTREMADURA | C38: =+(G16-C16)/C16 -> 0.85 | D38: =+(H16-D16)/D16 -> 0.94736842 | E38: =+(I16-E16)/E16 -> 0.53333333 | F38: =+(J16-F16)/F16 -> 0.21428571 | G38: =+(K16-G16)/G16 -> 0.51351351 | H38: =+(L16-H16)/H16 -> 0.35135135 | I38: =+(M16-I16)/I16 -> 1 | J38: =+(N16-J16)/J16 -> 1.1470588 | ... T38: =+(X16-T16)/T16 -> -0.3490566 | U38: -0.21917808 | V38: -0.1372549 | W38: -0.18691589 | X38: 0.30434783 | Y38: 0.59649123 | Z38: 0.20454545 | AA38: =+(AE16-AA16)/AA16 -> 0.35135135 | AB38: =+(AF16-AB16)/AB16 -> -0.19607843
B39: GALICIA | C39: =+(G17-C17)/C17 -> 0.37264151 | D39: =+(H17-D17)/D17 -> 0.21538462 | E39: =+(I17-E17)/E17 -> 0.48026316 | F39: =+(J17-F17)/F17 -> 0.1443299 | G39: =+(K17-G17)/G17 -> 0.28865979 | H39: =+(L17-H17)/H17 -> 0.59177215 | I39: =+(M17-I17)/I17 -> 0.45777778 | J39: =+(N17-J17)/J17 -> 0.6036036 | ... T39: =+(X17-T17)/T17 -> -0.20892019 | U39: -0.15441176 | V39: -0.1092437 | W39: -0.019662921 | X39: 0.115727 | Y39: 0.082608696 | Z39: 0.15408805 | AA39: =+(AE17-AA17)/AA17 -> -0.069651741 | AB39: =+(AF17-AB17)/AB17 -> -0.068376068
... B45: TOTAL | C45: =+(G23-C23)/C23 -> 0.35248672 | D45: =+(H23-D23)/D23 -> 0.28657398 | E45: =+(I23-E23)/E23 -> 0.32731442 | F45: =+(J23-F23)/F23 -> 0.21613486 | G45: =+(K23-G23)/G23 -> 0.31238843 | H45: =+(L23-H23)/H23 -> 0.54903226 | I45: =+(M23-I23)/I23 -> 0.3740013 | J45: =+(N23-J23)/J23 -> 0.54620462 | ... T45: =+(X23-T23)/T23 -> -0.22999856 | U45: -0.20475141 | V45: -0.10847126 | W45: 0.083184435 | X45: 0.032949546 | Y45: 0.23098245 | Z45: 0.079648668 | AA45: =+(AE23-AA23)/AA23 -> 0.16641406 | AB45: =+(AF23-AB23)/AB23 -> 0.11108359

Sheet Lanzamientos practic. total TSJ
C5: 25-T1 | D5: 25-T2 | E5: 25-T3 | F5: 25-T4 | G5: 26-T1 | H5: 26-T2
B6: ANDALUCÍA | C6: 1125 | D6: 1090 | E6: 745 | F6: 822 | G6: 616 | H6: 737
B7: ARAGÓN | C7: 183 | D7: 159 | E7: 128 | F7: 161 | G7: 52 | H7: 61
B8: ASTURIAS, PRINCIPADO | C8: 182 | D8: 182 | E8: 111 | F8: 128 | G8: 48 | H8: 103
B9: ILLES BALEARS | C9: 272 | D9: 245 | E9: 210 | F9: 124 | G9: 54 | H9: 119
B10: CANARIAS | C10: 470 | D10: 406 | E10: 315 | F10: 235 | G10: 103 | H10: 167
B11: CANTABRIA | C11: 67 | D11: 50 | E11: 46 | F11: 28 | G11: 37 | H11: 42
B12: CASTILLA Y LEÓN | C12: 263 | D12: 233 | E12: 180 | F12: 199 | G12: 112 | H12: 144
B13: CASTILLA - LA MANCHA | C13: 240 | D13: 197 | E13: 160 | F13: 143 | G13: 108 | H13: 93
B14: CATALUÑA | C14: 2069 | D14: 1910 | E14: 1260 | F14: 1575 | G14: 921 | H14: 983
B15: COMUNITAT VALENCIANA | C15: 794 | D15: 806 | E15: 600 | F15: 792 | G15: 741 | H15: 629
B16: EXTREMADURA | C16: 76 | D16: 86 | E16: 47 | F16: 52 | G16: 31 | H16: 39
B17: GALICIA | C17: 313 | D17: 320 | E17: 205 | F17: 208 | G17: 157 | H17: 145
... B23: TOTAL | C23: 7334 | D23: 6960 | E23: 4839 | F23: 5407 | G23: 4011 | H23: 4474
C29: Evolución 26-T1 | D29: Evolución 26-T2
B30: ANDALUCÍA | C30: =+(G6-C6)/C6 -> -0.45244444 | D30: =+(H6-D6)/D6 -> -0.32385321
B31: ARAGÓN | C31: =+(G7-C7)/C7 -> -0.71584699 | D31: =+(H7-D7)/D7 -> -0.6163522
B32: ASTURIAS, PRINCIPADO | C32: =+(G8-C8)/C8 -> -0.73626374 | D32: =+(H8-D8)/D8 -> -0.43406593
B33: ILLES BALEARS | C33: =+(G9-C9)/C9 -> -0.80147059 | D33: =+(H9-D9)/D9 -> -0.51428571
B34: CANARIAS | C34: =+(G10-C10)/C10 -> -0.78085106 | D34: =+(H10-D10)/D10 -> -0.58866995
B35: CANTABRIA | C35: =+(G11-C11)/C11 -> -0.44776119 | D35: =+(H11-D11)/D11 -> -0.16
B36: CASTILLA Y LEÓN | C36: =+(G12-C12)/C12 -> -0.57414449 | D36: =+(H12-D12)/D12 -> -0.38197425
B37: CASTILLA - LA MANCHA | C37: =+(G13-C13)/C13 -> -0.55 | D37: =+(H13-D13)/D13 -> -0.52791878
B38: CATALUÑA | C38: =+(G14-C14)/C14 -> -0.55485742 | D38: =+(H14-D14)/D14 -> -0.48534031
B39: COMUNITAT VALENCIANA | C39: =+(G15-C15)/C15 -> -0.06675063 | D39: =+(H15-D15)/D15 -> -0.21960298
B40: EXTREMADURA | C40: =+(G16-C16)/C16 -> -0.59210526 | D40: =+(H16-D16)/D16 -> -0.54651163
B41: GALICIA | C41: =+(G17-C17)/C17 -> -0.49840256 | D41: =+(H17-D17)/D17 -> -0.546875
... B47: TOTAL | C47: =+(G23-C23)/C23 -> -0.45309517 | D47: =+(H23-D23)/D23 -> -0.35718391
C53: 25-T1 | D53: 25-T2 | E53: 25-T3 | F53: 25-T4 | G53: 26-T1 | H53: 26-T2 | J53: 45658
B54: ANDALUCÍA | C54: =+C6/$J54*100000 -> 12.715676 | D54: =+D6/$J54*100000 -> 12.320077 | E54: =+E6/$J54*100000 -> 8.4206034 | F54: =+F6/$J54*100000 -> 9.2909208 | G54: =+G6/$J54*100000 -> 6.9625392 | H54: =+H6/$J54*100000 -> 8.3301808 | J54: 8847347
B55: ARAGÓN | C55: =+C7/$J55*100000 -> 13.410317 | D55: =+D7/$J55*100000 -> 11.651587 | E55: =+E7/$J55*100000 -> 9.3798938 | F55: =+F7/$J55*100000 -> 11.798148 | G55: =+G7/$J55*100000 -> 3.8105818 | H55: =+H7/$J55*100000 -> 4.4701056 | J55: 1364621
B56: ASTURIAS, PRINCIPADO | C56: =+C8/$J56*100000 -> 17.928774 | D56: =+D8/$J56*100000 -> 17.928774 | E56: =+E8/$J56*100000 -> 10.934582 | F56: =+F8/$J56*100000 -> 12.609247 | G56: =+G8/$J56*100000 -> 4.7284677 | H56: =+H8/$J56*100000 -> 10.146504 | J56: 1015128
B57: ILLES BALEARS | C57: =+C9/$J57*100000 -> 21.762716 | D57: =+D9/$J57*100000 -> 19.602446 | E57: =+E9/$J57*100000 -> 16.802097 | F57: =+F9/$J57*100000 -> 9.9212382 | G57: =+G9/$J57*100000 -> 4.3205392 | H57: =+H9/$J57*100000 -> 9.5211882 | J57: 1249844
B58: CANARIAS | C58: =+C10/$J58*100000 -> 20.8069 | D58: =+D10/$J58*100000 -> 17.97362 | E58: =+E10/$J58*100000 -> 13.94505 | F58: =+F10/$J58*100000 -> 10.40345 | G58: =+G10/$J58*100000 -> 4.5598101 | H58: =+H10/$J58*100000 -> 7.3930902 | J58: 2258866
B59: CANTABRIA | C59: =+C11/$J59*100000 -> 11.286625 | D59: =+D11/$J59*100000 -> 8.4228542 | E59: =+E11/$J59*100000 -> 7.7490259 | F59: =+F11/$J59*100000 -> 4.7167984 | G59: =+G11/$J59*100000 -> 6.2329121 | H59: =+H11/$J59*100000 -> 7.0751976 | J59: 593623
B60: CASTILLA - LEÓN | C60: =+C12/$J60*100000 -> 10.952761 | D60: =+D12/$J60*100000 -> 9.7033967 | E60: =+E12/$J60*100000 -> 7.4961863 | F60: =+F12/$J60*100000 -> 8.2874504 | G60: =+G12/$J60*100000 -> 4.6642937 | H60: =+H12/$J60*100000 -> 5.9969491 | J60: 2401221
B61: CASTILLA - LA MANCHA | C61: =+C13/$J61*100000 -> 11.286798 | D61: =+D13/$J61*100000 -> 9.2645804 | E61: =+E13/$J61*100000 -> 7.5245323 | F61: =+F13/$J61*100000 -> 6.7250508 | G61: =+G13/$J61*100000 -> 5.0790593 | H61: =+H13/$J61*100000 -> 4.3736344 | J61: 2126378
B62: CATALUÑA | C62: =+C14/$J62*100000 -> 25.467355 | D62: =+D14/$J62*100000 -> 23.510221 | E62: =+E14/$J62*100000 -> 15.509361 | F62: =+F14/$J62*100000 -> 19.386701 | G62: =+G14/$J62*100000 -> 11.336604 | H62: =+H14/$J62*100000 -> 12.099763 | J62: 8124126
B63: C. VALENCIANA | C63: =+C15/$J63*100000 -> 14.635454 | D63: =+D15/$J63*100000 -> 14.856644 | E63: =+E15/$J63*100000 -> 11.059537 | F63: =+F15/$J63*100000 -> 14.598589 | G63: =+G15/$J63*100000 -> 13.658528 | H63: =+H15/$J63*100000 -> 11.594081 | J63: 5425182
B64: EXTREMADURA | C64: =+C16/$J64*100000 -> 7.21511 | D64: =+D16/$J64*100000 -> 8.1644665 | E64: =+E16/$J64*100000 -> 4.4619759 | F64: =+F16/$J64*100000 -> 4.9366542 | G64: =+G16/$J64*100000 -> 2.9430054 | H64: =+H16/$J64*100000 -> 3.7024906 | J64: 1053345
B65: GALICIA | C65: =+C17/$J65*100000 -> 11.529645 | D65: =+D17/$J65*100000 -> 11.787496 | E65: =+E17/$J65*100000 -> 7.5513649 | F65: =+F17/$J65*100000 -> 7.6618727 | G65: =+G17/$J65*100000 -> 5.7832405 | H65: =+H17/$J65*100000 -> 5.3412093 | J65: 2714741
... B71: TOTAL | C71: =+C23/$J71*100000 -> 14.92826 | D71: =+D23/$J71*100000 -> 14.166988 | E71: =+E23/$J71*100000 -> 9.8497206 | F71: =+F23/$J71*100000 -> 11.005877 | G71: =+G23/$J71*100000 -> 8.1643376 | H71: =+H23/$J71*100000 -> 9.1067679 | J71: 49128297

Sheet Lanzamientos E.hipotecaria TSJ
C5: 25-T1 | D5: 25-T2 | E5: 25-T3 | F5: 25-T4 | G5: 26-T1 | H5: 26-T2
B6: ANDALUCÍA | C6: 240 | D6: 292 | E6: 180 | F6: 201 | G6: 208 | H6: 247
B7: ARAGÓN | C7: 22 | D7: 30 | E7: 27 | F7: 25 | G7: 6 | H7: 9
B8: ASTURIAS, PRINCIPADO | C8: 22 | D8: 30 | E8: 20 | F8: 23 | G8: 18 | H8: 32
B9: ILLES BALEARS | C9: 17 | D9: 31 | E9: 26 | F9: 15 | G9: 2 | H9: 10
B10: CANARIAS | C10: 76 | D10: 50 | E10: 53 | F10: 45 | G10: 34 | H10: 53
B11: CANTABRIA | C11: 2 | D11: 9 | E11: 2 | F11: 7 | G11: 7 | H11: 10
B12: CASTILLA Y LEÓN | C12: 34 | D12: 29 | E12: 25 | F12: 44 | G12: 45 | H12: 41
B13: CASTILLA - LA MANCHA | C13: 54 | D13: 30 | E13: 33 | F13: 19 | G13: 32 | H13: 23
B14: CATALUÑA | C14: 315 | D14: 274 | E14: 184 | F14: 277 | G14: 217 | H14: 209
B15: COMUNITAT VALENCIANA | C15: 154 | D15: 172 | E15: 127 | F15: 184 | G15: 158 | H15: 184
B16: EXTREMADURA | C16: 17 | D16: 19 | E16: 5 | F16: 12 | G16: 10 | H16: 12
B17: GALICIA | C17: 32 | D17: 32 | E17: 33 | F17: 21 | G17: 33 | H17: 32
... B23: TOTAL | C23: 1189 | D23: 1217 | E23: 847 | F23: 1093 | G23: 971 | H23: 1109
C29: Evolución 26-T1 | D29: Evolución 26-T2
B30: ANDALUCÍA | C30: =+(G6-C6)/C6 -> -0.13333333 | D30: =+(H6-D6)/D6 -> -0.15410959
B31: ARAGÓN | C31: =+(G7-C7)/C7 -> -0.72727273 | D31: =+(H7-D7)/D7 -> -0.7
B32: ASTURIAS, PRINCIPADO | C32: =+(G8-C8)/C8 -> -0.18181818 | D32: =+(H8-D8)/D8 -> 0.066666667
B33: ILLES BALEARS | C33: =+(G9-C9)/C9 -> -0.88235294 | D33: =+(H9-D9)/D9 -> -0.67741935
B34: CANARIAS | C34: =+(G10-C10)/C10 -> -0.55263158 | D34: =+(H10-D10)/D10 -> 0.06
B35: CANTABRIA | C35: =+(G11-C11)/C11 -> 2.5 | D35: =+(H11-D11)/D11 -> 0.11111111
B36: CASTILLA Y LEÓN | C36: =+(G12-C12)/C12 -> 0.32352941 | D36: =+(H12-D12)/D12 -> 0.4137931
B37: CASTILLA - LA MANCHA | C37: =+(G13-C13)/C13 -> -0.40740741 | D37: =+(H13-D13)/D13 -> -0.23333333
B38: CATALUÑA | C38: =+(G14-C14)/C14 -> -0.31111111 | D38: =+(H14-D14)/D14 -> -0.23722628
B39: COMUNITAT VALENCIANA | C39: =+(G15-C15)/C15 -> 0.025974026 | D39: =+(H15-D15)/D15 -> 0.069767442
B40: EXTREMADURA | C40: =+(G16-C16)/C16 -> -0.41176471 | D40: =+(H16-D16)/D16 -> -0.36842105
B41: GALICIA | C41: =+(G17-C17)/C17 -> 0.03125 | D41: =+(H17-D17)/D17 -> 0
... B47: TOTAL | C47: =+(G23-C23)/C23 -> -0.18334735 | D47: =+(H23-D23)/D23 -> -0.08874281
C53: 25-T1 | D53: 25-T2 | E53: 25-T3 | F53: 25-T4 | G53: 26-T1 | H53: 26-T2 | J53: 45658
B54: ANDALUCÍA | C54: =+C6/$J54*100000 -> 2.7126776 | D54: =+D6/$J54*100000 -> 3.3004244 | E54: =+E6/$J54*100000 -> 2.0345082 | F54: =+F6/$J54*100000 -> 2.2718675 | G54: =+G6/$J54*100000 -> 2.3509873 | H54: =+H6/$J54*100000 -> 2.7917974 | J54: 8847347
B55: ARAGÓN | C55: =+C7/$J55*100000 -> 1.6121692 | D55: =+D7/$J55*100000 -> 2.1984126 | E55: =+E7/$J55*100000 -> 1.9785713 | F55: =+F7/$J55*100000 -> 1.8320105 | G55: =+G7/$J55*100000 -> 0.43968252 | H55: =+H7/$J55*100000 -> 0.65952378 | J55: 1364621
B56: ASTURIAS, PRINCIPADO | C56: =+C8/$J56*100000 -> 2.1672144 | D56: =+D8/$J56*100000 -> 2.9552923 | E56: =+E8/$J56*100000 -> 1.9701949 | F56: =+F8/$J56*100000 -> 2.2657241 | G56: =+G8/$J56*100000 -> 1.7731754 | H56: =+H8/$J56*100000 -> 3.1523118 | J56: 1015128
B57: ILLES BALEARS | C57: =+C9/$J57*100000 -> 1.3601697 | D57: =+D9/$J57*100000 -> 2.4803095 | E57: =+E9/$J57*100000 -> 2.0802596 | F57: =+F9/$J57*100000 -> 1.2001498 | G57: =+G9/$J57*100000 -> 0.16001997 | H57: =+H9/$J57*100000 -> 0.80009985 | J57: 1249844
B58: CANARIAS | C58: =+C10/$J58*100000 -> 3.3645201 | D58: =+D10/$J58*100000 -> 2.2135 | E58: =+E10/$J58*100000 -> 2.3463101 | F58: =+F10/$J58*100000 -> 1.99215 | G58: =+G10/$J58*100000 -> 1.50518 | H58: =+H10/$J58*100000 -> 2.3463101 | J58: 2258866
B59: CANTABRIA | C59: =+C11/$J59*100000 -> 0.33691417 | D59: =+D11/$J59*100000 -> 1.5161138 | E59: =+E11/$J59*100000 -> 0.33691417 | F59: =+F11/$J59*100000 -> 1.1791996 | G59: =+G11/$J59*100000 -> 1.1791996 | H59: =+H11/$J59*100000 -> 1.6845708 | J59: 593623
B60: CASTILLA - LEÓN | C60: =+C12/$J60*100000 -> 1.4159463 | D60: =+D12/$J60*100000 -> 1.2077189 | E60: =+E12/$J60*100000 -> 1.041137 | F60: =+F12/$J60*100000 -> 1.8324011 | G60: =+G12/$J60*100000 -> 1.8740466 | H60: =+H12/$J60*100000 -> 1.7074647 | J60: 2401221
B61: CASTILLA - LA MANCHA | C61: =+C13/$J61*100000 -> 2.5395297 | D61: =+D13/$J61*100000 -> 1.4108498 | E61: =+E13/$J61*100000 -> 1.5519348 | F61: =+F13/$J61*100000 -> 0.89353821 | G61: =+G13/$J61*100000 -> 1.5049065 | H61: =+H13/$J61*100000 -> 1.0816515 | J61: 2126378
B62: CATALUÑA | C62: =+C14/$J62*100000 -> 3.8773402 | D62: =+D14/$J62*100000 -> 3.3726705 | E62: =+E14/$J62*100000 -> 2.264859 | F62: =+F14/$J62*100000 -> 3.4095975 | G62: =+G14/$J62*100000 -> 2.6710566 | H62: =+H14/$J62*100000 -> 2.5725844 | J62: 8124126
B63: C. VALENCIANA | C63: =+C15/$J63*100000 -> 2.8386144 | D63: =+D15/$J63*100000 -> 3.1704006 | E63: =+E15/$J63*100000 -> 2.3409353 | F63: =+F15/$J63*100000 -> 3.3915913 | G63: =+G15/$J63*100000 -> 2.9123447 | H63: =+H15/$J63*100000 -> 3.3915913 | J63: 5425182
B64: EXTREMADURA | C64: =+C16/$J64*100000 -> 1.6139062 | D64: =+D16/$J64*100000 -> 1.8037775 | E64: =+E16/$J64*100000 -> 0.47467829 | F64: =+F16/$J64*100000 -> 1.1392279 | G64: =+G16/$J64*100000 -> 0.94935657 | H64: =+H16/$J64*100000 -> 1.1392279 | J64: 1053345
B65: GALICIA | C65: =+C17/$J65*100000 -> 1.1787496 | D65: =+D17/$J65*100000 -> 1.1787496 | E65: =+E17/$J65*100000 -> 1.2155856 | F65: =+F17/$J65*100000 -> 0.77355446 | G65: =+G17/$J65*100000 -> 1.2155856 | H65: =+H17/$J65*100000 -> 1.1787496 | J65: 2714741
... B71: TOTAL | C71: =+C23/$J71*100000 -> 2.4201938 | D71: =+D23/$J71*100000 -> 2.4771874 | E71: =+E23/$J71*100000 -> 1.7240573 | F71: =+F23/$J71*100000 -> 2.2247871 | G71: =+G23/$J71*100000 -> 1.9764577 | H71: =+H23/$J71*100000 -> 2.2573549 | J71: 49128297
C77: ,
C78: 0
C79: ,,

Sheet Lanzamientos L.A.U  TSJ
C5: 25-T1 | D5: 25-T2 | E5: 25-T3 | F5: 25-T4 | G5: 25-T1 | H5: 26-T2
B6: ANDALUCÍA | C6: 807 | D6: 747 | E6: 514 | F6: 532 | G6: 355 | H6: 397
B7: ARAGÓN | C7: 149 | D7: 121 | E7: 99 | F7: 136 | G7: 44 | H7: 52
B8: ASTURIAS, PRINCIPADO | C8: 147 | D8: 142 | E8: 84 | F8: 94 | G8: 29 | H8: 61
B9: ILLES BALEARS | C9: 249 | D9: 204 | E9: 175 | F9: 103 | G9: 48 | H9: 104
B10: CANARIAS | C10: 372 | D10: 332 | E10: 248 | F10: 177 | G10: 61 | H10: 99
B11: CANTABRIA | C11: 61 | D11: 40 | E11: 31 | F11: 18 | G11: 30 | H11: 30
B12: CASTILLA Y LEÓN | C12: 212 | D12: 180 | E12: 125 | F12: 129 | G12: 57 | H12: 95
B13: CASTILLA - LA MANCHA | C13: 167 | D13: 140 | E13: 103 | F13: 108 | G13: 70 | H13: 65
B14: CATALUÑA | C14: 1542 | D14: 1453 | E14: 930 | F14: 1100 | G14: 489 | H14: 456
B15: COMUNITAT VALENCIANA | C15: 591 | D15: 601 | E15: 436 | F15: 530 | G15: 513 | H15: 361
B16: EXTREMADURA | C16: 54 | D16: 58 | E16: 27 | F16: 28 | G16: 18 | H16: 24
B17: GALICIA | C17: 268 | D17: 273 | E17: 163 | F17: 172 | G17: 115 | H17: 101
... B23: TOTAL | C23: 5644 | D23: 5299 | E23: 3581 | F23: 3793 | G23: 2615 | H23: 2774
C29: Evolución 26-T1 | D29: Evolución 26-T2
B30: ANDALUCÍA | C30: =+(G6-C6)/C6 -> -0.56009913 | D30: =+(H6-D6)/D6 -> -0.46854083
B31: ARAGÓN | C31: =+(G7-C7)/C7 -> -0.70469799 | D31: =+(H7-D7)/D7 -> -0.57024793
B32: ASTURIAS, PRINCIPADO | C32: =+(G8-C8)/C8 -> -0.80272109 | D32: =+(H8-D8)/D8 -> -0.57042254
B33: ILLES BALEARS | C33: =+(G9-C9)/C9 -> -0.80722892 | D33: =+(H9-D9)/D9 -> -0.49019608
B34: CANARIAS | C34: =+(G10-C10)/C10 -> -0.83602151 | D34: =+(H10-D10)/D10 -> -0.70180723
B35: CANTABRIA | C35: =+(G11-C11)/C11 -> -0.50819672 | D35: =+(H11-D11)/D11 -> -0.25
B36: CASTILLA Y LEÓN | C36: =+(G12-C12)/C12 -> -0.73113208 | D36: =+(H12-D12)/D12 -> -0.47222222
B37: CASTILLA - LA MANCHA | C37: =+(G13-C13)/C13 -> -0.58083832 | D37: =+(H13-D13)/D13 -> -0.53571429
B38: CATALUÑA | C38: =+(G14-C14)/C14 -> -0.68287938 | D38: =+(H14-D14)/D14 -> -0.68616655
B39: COMUNITAT VALENCIANA | C39: =+(G15-C15)/C15 -> -0.1319797 | D39: =+(H15-D15)/D15 -> -0.39933444
B40: EXTREMADURA | C40: =+(G16-C16)/C16 -> -0.66666667 | D40: =+(H16-D16)/D16 -> -0.5862069
B41: GALICIA | C41: =+(G17-C17)/C17 -> -0.57089552 | D41: =+(H17-D17)/D17 -> -0.63003663
... B47: TOTAL | C47: =+(G23-C23)/C23 -> -0.53667612 | D47: =+(H23-D23)/D23 -> -0.476505
C53: 25-T1 | D53: 25-T2 | E53: 25-T3 | F53: 25-T4 | G53: 26-T1 | H53: 26-T2 | J53: 45658
B54: ANDALUCÍA | C54: =+C6/$J54*100000 -> 9.1213784 | D54: =+D6/$J54*100000 -> 8.443209 | E54: =+E6/$J54*100000 -> 5.8096512 | F54: =+F6/$J54*100000 -> 6.013102 | G54: =+G6/$J54*100000 -> 4.0125023 | H54: =+H6/$J54*100000 -> 4.4872209 | J54: 8847347
B55: ARAGÓN | C55: =+C7/$J55*100000 -> 10.918783 | D55: =+D7/$J55*100000 -> 8.8669308 | E55: =+E7/$J55*100000 -> 7.2547616 | F55: =+F7/$J55*100000 -> 9.9661371 | G55: =+G7/$J55*100000 -> 3.2243385 | H55: =+H7/$J55*100000 -> 3.8105818 | J55: 1364621
B56: ASTURIAS, PRINCIPADO | C56: =+C8/$J56*100000 -> 14.480932 | D56: =+D8/$J56*100000 -> 13.988384 | E56: =+E8/$J56*100000 -> 8.2748185 | F56: =+F8/$J56*100000 -> 9.259916 | G56: =+G8/$J56*100000 -> 2.8567826 | H56: =+H8/$J56*100000 -> 6.0090944 | J56: 1015128
B57: ILLES BALEARS | C57: =+C9/$J57*100000 -> 19.922486 | D57: =+D9/$J57*100000 -> 16.322037 | E57: =+E9/$J57*100000 -> 14.001747 | F57: =+F9/$J57*100000 -> 8.2410285 | G57: =+G9/$J57*100000 -> 3.8404793 | H57: =+H9/$J57*100000 -> 8.3210385 | J57: 1249844
B58: CANARIAS | C58: =+C10/$J58*100000 -> 16.46844 | D58: =+D10/$J58*100000 -> 14.69764 | E58: =+E10/$J58*100000 -> 10.97896 | F58: =+F10/$J58*100000 -> 7.8357902 | G58: =+G10/$J58*100000 -> 2.7004701 | H58: =+H10/$J58*100000 -> 4.3827301 | J58: 2258866
B59: CANTABRIA | C59: =+C11/$J59*100000 -> 10.275882 | D59: =+D11/$J59*100000 -> 6.7382834 | E59: =+E11/$J59*100000 -> 5.2221696 | F59: =+F11/$J59*100000 -> 3.0322275 | G59: =+G11/$J59*100000 -> 5.0537125 | H59: =+H11/$J59*100000 -> 5.0537125 | J59: 593623
B60: CASTILLA - LEÓN | C60: =+C12/$J60*100000 -> 8.8288417 | D60: =+D12/$J60*100000 -> 7.4961863 | E60: =+E12/$J60*100000 -> 5.2056849 | F60: =+F12/$J60*100000 -> 5.3722669 | G60: =+G12/$J60*100000 -> 2.3737923 | H60: =+H12/$J60*100000 -> 3.9563206 | J60: 2401221
B61: CASTILLA - LA MANCHA | C61: =+C13/$J61*100000 -> 7.8537306 | D61: =+D13/$J61*100000 -> 6.5839658 | E61: =+E13/$J61*100000 -> 4.8439177 | F61: =+F13/$J61*100000 -> 5.0790593 | G61: =+G13/$J61*100000 -> 3.2919829 | H61: =+H13/$J61*100000 -> 3.0568413 | J61: 2126378
B62: CATALUÑA | C62: =+C14/$J62*100000 -> 18.980503 | D62: =+D14/$J62*100000 -> 17.885001 | E62: =+E14/$J62*100000 -> 11.447385 | F62: =+F14/$J62*100000 -> 13.539918 | G62: =+G14/$J62*100000 -> 6.019109 | H62: =+H14/$J62*100000 -> 5.6129115 | J62: 8124126
B63: C. VALENCIANA | C63: =+C15/$J63*100000 -> 10.893644 | D63: =+D15/$J63*100000 -> 11.077969 | E63: =+E15/$J63*100000 -> 8.0365967 | F63: =+F15/$J63*100000 -> 9.7692575 | G63: =+G15/$J63*100000 -> 9.455904 | H63: =+H15/$J63*100000 -> 6.6541546 | J63: 5425182
B64: EXTREMADURA | C64: =+C16/$J64*100000 -> 5.1265255 | D64: =+D16/$J64*100000 -> 5.5062681 | E64: =+E16/$J64*100000 -> 2.5632627 | F64: =+F16/$J64*100000 -> 2.6581984 | G64: =+G16/$J64*100000 -> 1.7088418 | H64: =+H16/$J64*100000 -> 2.2784558 | J64: 1053345
B65: GALICIA | C65: =+C17/$J65*100000 -> 9.8720283 | D65: =+D17/$J65*100000 -> 10.056208 | E65: =+E17/$J65*100000 -> 6.004256 | F65: =+F17/$J65*100000 -> 6.3357794 | G65: =+G17/$J65*100000 -> 4.2361315 | H65: =+H17/$J65*100000 -> 3.7204286 | J65: 2714741
... B71: TOTAL | C71: =+C23/$J71*100000 -> 11.488287 | D71: =+D23/$J71*100000 -> 10.786045 | E71: =+E23/$J71*100000 -> 7.2890782 | F71: =+F23/$J71*100000 -> 7.7206014 | G71: =+G23/$J71*100000 -> 5.322798 | H71: =+H23/$J71*100000 -> 5.6464404 | J71: 49128297

Sheet Lanzamientos. Otros TSJ
C5: 25-T1 | D5: 25-T2 | E5: 25-T3 | F5: 25-T4 | G5: 26-T1 | H5: 26-T2
B6: ANDALUCÍA | C6: 78 | D6: 51 | E6: 51 | F6: 89 | G6: 53 | H6: 93
B7: ARAGÓN | C7: 12 | D7: 8 | E7: 2 | F7: 0 | G7: 2 | H7: 0
B8: ASTURIAS, PRINCIPADO | C8: 13 | D8: 10 | E8: 7 | F8: 11 | G8: 1 | H8: 10
B9: ILLES BALEARS | C9: 6 | D9: 10 | E9: 9 | F9: 6 | G9: 4 | H9: 5
B10: CANARIAS | C10: 22 | D10: 24 | E10: 14 | F10: 13 | G10: 8 | H10: 15
B11: CANTABRIA | C11: 4 | D11: 1 | E11: 13 | F11: 3 | G11: 0 | H11: 2
B12: CASTILLA Y LEÓN | C12: 17 | D12: 24 | E12: 30 | F12: 26 | G12: 10 | H12: 8
B13: CASTILLA - LA MANCHA | C13: 19 | D13: 27 | E13: 24 | F13: 16 | G13: 6 | H13: 5
B14: CATALUÑA | C14: 212 | D14: 183 | E14: 146 | F14: 198 | G14: 215 | H14: 318
B15: COMUNITAT VALENCIANA | C15: 49 | D15: 33 | E15: 37 | F15: 78 | G15: 70 | H15: 84
B16: EXTREMADURA | C16: 5 | D16: 9 | E16: 15 | F16: 12 | G16: 3 | H16: 3
B17: GALICIA | C17: 13 | D17: 15 | E17: 9 | F17: 15 | G17: 9 | H17: 12
... B23: TOTAL | C23: 501 | D23: 444 | E23: 411 | F23: 521 | G23: 425 | H23: 591
C29: Evolución 26-T1 | D29: Evolución 26-T2
B30: ANDALUCÍA | C30: =+(G6-C6)/C6 -> -0.32051282 | D30: =+(H6-D6)/D6 -> 0.82352941
B31: ARAGÓN | C31: =+(G7-C7)/C7 -> -0.83333333 | D31: =+(H7-D7)/D7 -> -1
B32: ASTURIAS, PRINCIPADO | C32: =+(G8-C8)/C8 -> -0.92307692 | D32: =+(H8-D8)/D8 -> 0
B33: ILLES BALEARS | C33: =+(G9-C9)/C9 -> -0.33333333 | D33: =+(H9-D9)/D9 -> -0.5
B34: CANARIAS | C34: =+(G10-C10)/C10 -> -0.63636364 | D34: =+(H10-D10)/D10 -> -0.375
B35: CANTABRIA | C35: =+(G11-C11)/C11 -> -1 | D35: =+(H11-D11)/D11 -> 1
B36: CASTILLA Y LEÓN | C36: =+(G12-C12)/C12 -> -0.41176471 | D36: =+(H12-D12)/D12 -> -0.66666667
B37: CASTILLA - LA MANCHA | C37: =+(G13-C13)/C13 -> -0.68421053 | D37: =+(H13-D13)/D13 -> -0.81481481
B38: CATALUÑA | C38: =+(G14-C14)/C14 -> 0.014150943 | D38: =+(H14-D14)/D14 -> 0.73770492
B39: COMUNITAT VALENCIANA | C39: =+(G15-C15)/C15 -> 0.42857143 | D39: =+(H15-D15)/D15 -> 1.5454545
B40: EXTREMADURA | C40: =+(G16-C16)/C16 -> -0.4 | D40: =+(H16-D16)/D16 -> -0.66666667
B41: GALICIA | C41: =+(G17-C17)/C17 -> -0.30769231 | D41: =+(H17-D17)/D17 -> -0.2
... B43: MURCIA, REGIÓN | C43: =+(G19-C19)/C19 -> 0.47058824 | D43: =+(H19-D19)/D19 -> -0.26666667
B44: NAVARRA, COM. FORAL | C44: =+(G20-C20)/C20 -> -1 | D44: -
B45: PAÍS VASCO | C45: =+(G21-C21)/C21 -> -0.44444444 | D45: =+(H21-D21)/D21 -> 0.5
B46: LA RIOJA | C46: =+(G22-C22)/C22 -> -0.5 | D46: =+(H22-D22)/D22 -> -0.25
B47: TOTAL | C47: =+(G23-C23)/C23 -> -0.15169661 | D47: =+(H23-D23)/D23 -> 0.33108108
C53: 25-T1 | D53: 25-T2 | E53: 25-T3 | F53: 25-T4 | G53: 26-T1 | H53: 26-T2 | J53: 45658
B54: ANDALUCÍA | C54: =+C6/$J54*100000 -> 0.88162022 | D54: =+D6/$J54*100000 -> 0.57644399 | E54: =+E6/$J54*100000 -> 0.57644399 | F54: =+F6/$J54*100000 -> 1.0059513 | G54: =+G6/$J54*100000 -> 0.59904964 | H54: =+H6/$J54*100000 -> 1.0511626 | J54: 8847347
B55: ARAGÓN | C55: =+C7/$J55*100000 -> 0.87936504 | D55: =+D7/$J55*100000 -> 0.58624336 | E55: =+E7/$J55*100000 -> 0.14656084 | F55: =+F7/$J55*100000 -> 0 | G55: =+G7/$J55*100000 -> 0.14656084 | H55: =+H7/$J55*100000 -> 0 | J55: 1364621
B56: ASTURIAS, PRINCIPADO | C56: =+C8/$J56*100000 -> 1.2806267 | D56: =+D8/$J56*100000 -> 0.98509745 | E56: =+E8/$J56*100000 -> 0.68956821 | F56: =+F8/$J56*100000 -> 1.0836072 | G56: =+G8/$J56*100000 -> 0.098509745 | H56: =+H8/$J56*100000 -> 0.98509745 | J56: 1015128
B57: ILLES BALEARS | C57: =+C9/$J57*100000 -> 0.48005991 | D57: =+D9/$J57*100000 -> 0.80009985 | E57: =+E9/$J57*100000 -> 0.72008987 | F57: =+F9/$J57*100000 -> 0.48005991 | G57: =+G9/$J57*100000 -> 0.32003994 | H57: =+H9/$J57*100000 -> 0.40004993 | J57: 1249844
B58: CANARIAS | C58: =+C10/$J58*100000 -> 0.97394002 | D58: =+D10/$J58*100000 -> 1.06248 | E58: =+E10/$J58*100000 -> 0.61978001 | F58: =+F10/$J58*100000 -> 0.57551001 | G58: =+G10/$J58*100000 -> 0.35416001 | H58: =+H10/$J58*100000 -> 0.66405001 | J58: 2258866
B59: CANTABRIA | C59: =+C11/$J59*100000 -> 0.67382834 | D59: =+D11/$J59*100000 -> 0.16845708 | E59: =+E11/$J59*100000 -> 2.1899421 | F59: =+F11/$J59*100000 -> 0.50537125 | G59: =+G11/$J59*100000 -> 0 | H59: =+H11/$J59*100000 -> 0.33691417 | J59: 593623
B60: CASTILLA - LEÓN | C60: =+C12/$J60*100000 -> 0.70797315 | D60: =+D12/$J60*100000 -> 0.99949151 | E60: =+E12/$J60*100000 -> 1.2493644 | F60: =+F12/$J60*100000 -> 1.0827825 | G60: =+G12/$J60*100000 -> 0.4164548 | H60: =+H12/$J60*100000 -> 0.33316384 | J60: 2401221
B61: CASTILLA - LA MANCHA | C61: =+C13/$J61*100000 -> 0.89353821 | D61: =+D13/$J61*100000 -> 1.2697648 | E61: =+E13/$J61*100000 -> 1.1286798 | F61: =+F13/$J61*100000 -> 0.75245323 | G61: =+G13/$J61*100000 -> 0.28216996 | H61: =+H13/$J61*100000 -> 0.23514164 | J61: 2126378
B62: CATALUÑA | C62: =+C14/$J62*100000 -> 2.6095115 | D62: =+D14/$J62*100000 -> 2.25255 | E62: =+E14/$J62*100000 -> 1.7971164 | F62: =+F14/$J62*100000 -> 2.4371852 | G62: =+G14/$J62*100000 -> 2.6464385 | H62: =+H14/$J62*100000 -> 3.9142672 | J62: 8124126
B63: C. VALENCIANA | C63: =+C15/$J63*100000 -> 0.90319551 | D63: =+D15/$J63*100000 -> 0.60827452 | E63: =+E15/$J63*100000 -> 0.68200477 | F63: =+F15/$J63*100000 -> 1.4377398 | G63: =+G15/$J63*100000 -> 1.2902793 | H63: =+H15/$J63*100000 -> 1.5483352 | J63: 5425182
B64: EXTREMADURA | C64: =+C16/$J64*100000 -> 0.47467829 | D64: =+D16/$J64*100000 -> 0.85442092 | E64: =+E16/$J64*100000 -> 1.4240349 | F64: =+F16/$J64*100000 -> 1.1392279 | G64: =+G16/$J64*100000 -> 0.28480697 | H64: =+H16/$J64*100000 -> 0.28480697 | J64: 1053345
B65: GALICIA | C65: =+C17/$J65*100000 -> 0.47886704 | D65: =+D17/$J65*100000 -> 0.5525389 | E65: =+E17/$J65*100000 -> 0.33152334 | F65: =+F17/$J65*100000 -> 0.5525389 | G65: =+G17/$J65*100000 -> 0.33152334 | H65: =+H17/$J65*100000 -> 0.44203112 | J65: 2714741
... B71: TOTAL | C71: =+C23/$J71*100000 -> 1.0197789 | D71: =+D23/$J71*100000 -> 0.90375614 | E71: =+E23/$J71*100000 -> 0.83658507 | F71: =+F23/$J71*100000 -> 1.0604886 | G71: =+G23/$J71*100000 -> 0.86508189 | H71: =+H23/$J71*100000 -> 1.2029727 | J71: 49128297

Sheet Verb. pos. ocupas
T2: i
C6: 25-T1 | D6: 25-T2 | E6: 25-T3 | F6: 25-T4 | G6: 26-T1 | H6: 26-T2
B7: ANDALUCÍA | C7: 111 | D7: 105 | E7: 66 | F7: 57 | G7: 94 | H7: 74
B8: ARAGÓN | C8: 4 | D8: 6 | E8: 2 | F8: 3 | G8: 6 | H8: 8
B9: ASTURIAS, PRINCIPADO | C9: 8 | D9: 18 | E9: 13 | F9: 7 | G9: 6 | H9: 12
B10: ILLES BALEARS | C10: 37 | D10: 27 | E10: 18 | F10: 25 | G10: 17 | H10: 31
B11: CANARIAS | C11: 39 | D11: 28 | E11: 24 | F11: 23 | G11: 53 | H11: 28
B12: CANTABRIA | C12: 2 | D12: 5 | E12: 2 | F12: 1 | G12: 2 | H12: 5
B13: CASTILLA Y LEÓN | C13: 20 | D13: 16 | E13: 16 | F13: 9 | G13: 24 | H13: 21
B14: CASTILLA - LA MANCHA | C14: 43 | D14: 28 | E14: 11 | F14: 38 | G14: 20 | H14: 28
B15: CATALUÑA | C15: 122 | D15: 88 | E15: 56 | F15: 111 | G15: 88 | H15: 89
B16: COMUNITAT VALENCIANA | C16: 72 | D16: 50 | E16: 36 | F16: 54 | G16: 64 | H16: 57
B17: EXTREMADURA | C17: 12 | D17: 11 | E17: 6 | F17: 5 | G17: 7 | H17: 9
B18: GALICIA | C18: 22 | D18: 15 | E18: 11 | F18: 18 | G18: 26 | H18: 22
... B24: TOTAL | C24: 592 | D24: 487 | E24: 322 | F24: 444 | G24: 460 | H24: 443
C27: Evolucion 26-T1 | D27: Evolucion 26-T2
B28: ANDALUCÍA | C28: =+(G7-C7)/C7 -> -0.15315315 | D28: =+(H7-D7)/D7 -> -0.2952381
B29: ARAGÓN | C29: =+(G8-C8)/C8 -> 0.5 | D29: =+(H8-D8)/D8 -> 0.33333333
B30: ASTURIAS, PRINCIPADO | C30: =+(G9-C9)/C9 -> -0.25 | D30: =+(H9-D9)/D9 -> -0.33333333
B31: ILLES BALEARS | C31: =+(G10-C10)/C10 -> -0.54054054 | D31: =+(H10-D10)/D10 -> 0.14814815
B32: CANARIAS | C32: =+(G11-C11)/C11 -> 0.35897436 | D32: =+(H11-D11)/D11 -> 0
B33: CANTABRIA | C33: =+(G12-C12)/C12 -> 0 | D33: =+(H12-D12)/D12 -> 0
B34: CASTILLA Y LEÓN | C34: =+(G13-C13)/C13 -> 0.2 | D34: =+(H13-D13)/D13 -> 0.3125
B35: CASTILLA - LA MANCHA | C35: =+(G14-C14)/C14 -> -0.53488372 | D35: =+(H14-D14)/D14 -> 0
B36: CATALUÑA | C36: =+(G15-C15)/C15 -> -0.27868852 | D36: =+(H15-D15)/D15 -> 0.011363636
B37: COMUNITAT VALENCIANA | C37: =+(G16-C16)/C16 -> -0.11111111 | D37: =+(H16-D16)/D16 -> 0.14
B38: EXTREMADURA | C38: =+(G17-C17)/C17 -> -0.41666667 | D38: =+(H17-D17)/D17 -> -0.18181818
B39: GALICIA | C39: =+(G18-C18)/C18 -> 0.18181818 | D39: =+(H18-D18)/D18 -> 0.46666667
... B41: MURCIA, REGIÓN | C41: =+(G20-C20)/C20 -> -0.0625 | D41: =+(H20-D20)/D20 -> -0.5625
B42: NAVARRA, COM. FORAL | C42: =+(G21-C21)/C21 -> -1 | D42: -
B43: PAÍS VASCO | C43: =+(G22-C22)/C22 -> -0.52941176 | D43: =+(H22-D22)/D22 -> -0.58823529
B44: LA RIOJA | C44: - | D44: =+(H23-D23)/D23 -> -0.875
B45: TOTAL | C45: =+(G24-C24)/C24 -> -0.22297297 | D45: =+(H24-D24)/D24 -> -0.090349076
C51: 25-T1 | D51: 25-T2 | E51: 25-T3 | F51: 25-T4 | G51: 26-T1 | H51: 26-T2 | J51: 45658
B52: ANDALUCÍA | C52: =+C7/$J52*100000 -> 1.2546134 | D52: =+D7/$J52*100000 -> 1.1867964 | E52: =+E7/$J52*100000 -> 0.74598634 | F52: =+F7/$J52*100000 -> 0.64426093 | G52: =+G7/$J52*100000 -> 1.0624654 | H52: =+H7/$J52*100000 -> 0.83640893 | J52: 8847347
B53: ARAGÓN | C53: =+C8/$J53*100000 -> 0.29312168 | D53: =+D8/$J53*100000 -> 0.43968252 | E53: =+E8/$J53*100000 -> 0.14656084 | F53: =+F8/$J53*100000 -> 0.21984126 | G53: =+G8/$J53*100000 -> 0.43968252 | H53: =+H8/$J53*100000 -> 0.58624336 | J53: 1364621
B54: ASTURIAS, PRINCIPADO | C54: =+C9/$J54*100000 -> 0.78807796 | D54: =+D9/$J54*100000 -> 1.7731754 | E54: =+E9/$J54*100000 -> 1.2806267 | F54: =+F9/$J54*100000 -> 0.68956821 | G54: =+G9/$J54*100000 -> 0.59105847 | H54: =+H9/$J54*100000 -> 1.1821169 | J54: 1015128
B55: ILLES BALEARS | C55: =+C10/$J55*100000 -> 2.9603695 | D55: =+D10/$J55*100000 -> 2.1602696 | E55: =+E10/$J55*100000 -> 1.4401797 | F55: =+F10/$J55*100000 -> 2.0002496 | G55: =+G10/$J55*100000 -> 1.3601697 | H55: =+H10/$J55*100000 -> 2.4803095 | J55: 1249844
B56: CANARIAS | C56: =+C11/$J56*100000 -> 1.72653 | D56: =+D11/$J56*100000 -> 1.23956 | E56: =+E11/$J56*100000 -> 1.06248 | F56: =+F11/$J56*100000 -> 1.01821 | G56: =+G11/$J56*100000 -> 2.3463101 | H56: =+H11/$J56*100000 -> 1.23956 | J56: 2258866
B57: CANTABRIA | C57: =+C12/$J57*100000 -> 0.33691417 | D57: =+D12/$J57*100000 -> 0.84228542 | E57: =+E12/$J57*100000 -> 0.33691417 | F57: =+F12/$J57*100000 -> 0.16845708 | G57: =+G12/$J57*100000 -> 0.33691417 | H57: =+H12/$J57*100000 -> 0.84228542 | J57: 593623
B58: CASTILLA - LEÓN | C58: =+C13/$J58*100000 -> 0.83290959 | D58: =+D13/$J58*100000 -> 0.66632767 | E58: =+E13/$J58*100000 -> 0.66632767 | F58: =+F13/$J58*100000 -> 0.37480932 | G58: =+G13/$J58*100000 -> 0.99949151 | H58: =+H13/$J58*100000 -> 0.87455507 | J58: 2401221
B59: CASTILLA - LA MANCHA | C59: =+C14/$J59*100000 -> 2.0222181 | D59: =+D14/$J59*100000 -> 1.3167932 | E59: =+E14/$J59*100000 -> 0.5173116 | F59: =+F14/$J59*100000 -> 1.7870764 | G59: =+G14/$J59*100000 -> 0.94056654 | H59: =+H14/$J59*100000 -> 1.3167932 | J59: 2126378
B60: CATALUÑA | C60: =+C15/$J60*100000 -> 1.5017 | D60: =+D15/$J60*100000 -> 1.0831934 | E60: =+E15/$J60*100000 -> 0.68930492 | F60: =+F15/$J60*100000 -> 1.3663008 | G60: =+G15/$J60*100000 -> 1.0831934 | H60: =+H15/$J60*100000 -> 1.0955025 | J60: 8124126
B61: C. VALENCIANA | C61: =+C16/$J61*100000 -> 1.3271444 | D61: =+D16/$J61*100000 -> 0.92162807 | E61: =+E16/$J61*100000 -> 0.66357221 | F61: =+F16/$J61*100000 -> 0.99535831 | G61: =+G16/$J61*100000 -> 1.1796839 | H61: =+H16/$J61*100000 -> 1.050656 | J61: 5425182
B62: EXTREMADURA | C62: =+C17/$J62*100000 -> 1.1392279 | D62: =+D17/$J62*100000 -> 1.0442922 | E62: =+E17/$J62*100000 -> 0.56961394 | F62: =+F17/$J62*100000 -> 0.47467829 | G62: =+G17/$J62*100000 -> 0.6645496 | H62: =+H17/$J62*100000 -> 0.85442092 | J62: 1053345
B63: GALICIA | C63: =+C18/$J63*100000 -> 0.81039038 | D63: =+D18/$J63*100000 -> 0.5525389 | E63: =+E18/$J63*100000 -> 0.40519519 | F63: =+F18/$J63*100000 -> 0.66304668 | G63: =+G18/$J63*100000 -> 0.95773409 | H63: =+H18/$J63*100000 -> 0.81039038 | J63: 2714741
... B69: TOTAL | C69: =+C24/$J69*100000 -> 1.2050082 | D69: =+D24/$J69*100000 -> 0.99128207 | E69: =+E24/$J69*100000 -> 0.65542675 | F69: =+F24/$J69*100000 -> 0.90375614 | G69: =+G24/$J69*100000 -> 0.93632393 | H69: =+H24/$J69*100000 -> 0.90172065 | J69: 49128297

Sheet Anexo suspensión lanzamientos
C6: PETICIONES DE SUSPENSIÓN DE LANZAMIENTO POR ESPECIAL VULNERABILIDAD | E6: LANZAMIENTOS SUSPENDIDOS | F6: CAUSAS DEL LEVANTAMIENTO DE LA SUSPENSIÓN
C7: Ingresados trimestre | D7: Resueltos trimestre | F7: Medidas de alojamiento temporal | G7: Ayudas económicas | H7: Adjudicación de vivienda ayuda para el alquiler | I7: Otra intervención de las administraciones públicas
B8: ANDALUCÍA | C8: 190 | D8: 189 | E8: 89 | F8: 1 | G8: 0 | H8: 1 | I8: 12
B9: ARAGÓN | C9: 16 | D9: 22 | E9: 15 | F9: 1 | G9: 0 | H9: 0 | I9: 1
B10: ASTURIAS, PRINCIPADO | C10: 24 | D10: 23 | E10: 12 | F10: 0 | G10: 0 | H10: 1 | I10: 0
B11: ILLES BALEARS | C11: 59 | D11: 53 | E11: 34 | F11: 0 | G11: 0 | H11: 0 | I11: 30
B12: CANARIAS | C12: 77 | D12: 23 | E12: 8 | F12: 0 | G12: 0 | H12: 0 | I12: 0
B13: CANTABRIA | C13: 16 | D13: 15 | E13: 0 | F13: 0 | G13: 0 | H13: 0 | I13: 1
B14: CASTILLA Y LEÓN | C14: 53 | D14: 64 | E14: 36 | F14: 0 | G14: 0 | H14: 0 | I14: 6
B15: CASTILLA - LA MANCHA | C15: 60 | D15: 49 | E15: 25 | F15: 0 | G15: 0 | H15: 0 | I15: 5
B16: CATALUÑA | C16: 265 | D16: 286 | E16: 227 | F16: 5 | G16: 1 | H16: 2 | I16: 6
B17: COMUNITAT VALENCIANA | C17: 134 | D17: 219 | E17: 91 | F17: 1 | G17: 0 | H17: 2 | I17: 5
B18: EXTREMADURA | C18: 19 | D18: 18 | E18: 17 | F18: 0 | G18: 0 | H18: 0 | I18: 5
B19: GALICIA | C19: 31 | D19: 39 | E19: 9 | F19: 0 | G19: 0 | H19: 0 | I19: 1
... B25: TOTAL | C25: 1111 | D25: 1205 | E25: 683 | F25: 14 | G25: 1 | H25: 8 | I25: 133
C33: PETICIONES DE SUSPENSIÓN DE LANZAMIENTO POR ESPECIAL VULNERABILIDAD | E33: CAUSAS DEL LEVANTAMIENTO DE LA SUSPENSIÓN
C34: Ingresados trimestre | D34: Resueltos trimestre | E34: Medidas de alojamiento temporal | F34: Ayudas económicas | G34: Adjudicación de vivienda ayuda para el alquiler | H34: Otra intervención de las administraciones públicas
B35: ANDALUCÍA | C35: 56 | D35: 73 | E35: 0 | F35: 0 | G35: 0 | H35: 1
B36: ARAGÓN | C36: 6 | D36: 6 | E36: 2 | F36: 0 | G36: 0 | H36: 1
B37: ASTURIAS, PRINCIPADO | C37: 56 | D37: 47 | E37: 0 | F37: 0 | G37: 0 | H37: 0
B38: ILLES BALEARS | C38: 3 | D38: 4 | E38: 0 | F38: 0 | G38: 0 | H38: 0
B39: CANARIAS | C39: 6 | D39: 12 | E39: 0 | F39: 0 | G39: 0 | H39: 0
B40: CANTABRIA | C40: 15 | D40: 15 | E40: 0 | F40: 0 | G40: 0 | H40: 3
B41: CASTILLA Y LEÓN | C41: 20 | D41: 17 | E41: 0 | F41: 0 | G41: 0 | H41: 0
B42: CASTILLA - LA MANCHA | C42: 38 | D42: 25 | E42: 0 | F42: 0 | G42: 0 | H42: 1
B43: CATALUÑA | C43: 39 | D43: 51 | E43: 0 | F43: 0 | G43: 0 | H43: 0
B44: COMUNITAT VALENCIANA | C44: 243 | D44: 175 | E44: 0 | F44: 3 | G44: 2 | H44: 1
B45: EXTREMADURA | C45: 10 | D45: 11 | E45: 0 | F45: 0 | G45: 2 | H45: 0
B46: GALICIA | C46: 9 | D46: 21 | E46: 0 | F46: 0 | G46: 0 | H46: 0
... B51: LA RIOJA | C51: 2 | D51: 1 | E51: 0 | F51: 0 | G51: 0 | H51: 0
B52: TOTAL | C52: =SUM(C35:C51) -> 529 | D52: =SUM(D35:D51) -> 488 | E52: 5 | F52: 3 | G52: 4 | H52: 16

Sheet Provincias
C6: Concursos personas naturales no empresarios presentados | D6: Concursos personas naturales empresarios presentados | E6: Concursos personas juridicas presentados | F6: Total concursos presentados | G6: Concursos declarados | H6: Concursos fase convenio | I6: Concursos liquidacion | J6: Expedientes art. 169 TRLC (EREs) | K6: Concursos sin masa declarados | L6: PEM presentados personas naturales | M6: PEM presentados personas juridicas | N6: Total PEM presentados | O6: PEM aperturados | P6: PEM de continuación | Q6: PEM de liquidación | R6: Demandas despido ingresadas | S6: Demandas reclamación de cantidad ingresadas | T6: Ejecuciones hipotecarias ingresadas | U6: Monitorios ingresados | V6: Total Lanzamientos practicados* | W6: Lanzamientos derivados EH practicados* | X6: Lanzamientos derivados LAU practicados* | Y6: Resto lanzamientos practicados* | Z6: Verbales posesorios por ocupación ilegal viviendas ingresados
B7: ALMERIA | C7: 290 | D7: 0 | E7: 17 | F7: 307 | G7: 174 | H7: 0 | I7: 19 | J7: 0 | K7: 171 | L7: 21 | M7: 5 | N7: 26 | O7: 10 | P7: 0 | Q7: 10 | R7: 878 | S7: 446 | T7: 202 | U7: 3483 | V7: 76 | W7: 32 | X7: 36 | Y7: 8 | Z7: 11
B8: CADIZ | C8: 579 | D8: 0 | E8: 38 | F8: 617 | G8: 227 | H8: 0 | I8: 42 | J8: 1 | K8: 201 | L8: 35 | M8: 12 | N8: 47 | O8: 20 | P8: 2 | Q8: 18 | R8: 876 | S8: 939 | T8: 264 | U8: 4954 | V8: 173 | W8: 77 | X8: 82 | Y8: 14 | Z8: 22
B9: CORDOBA | C9: 152 | D9: 0 | E9: 14 | F9: 166 | G9: 159 | H9: 0 | I9: 22 | J9: 0 | K9: 135 | L9: 5 | M9: 1 | N9: 6 | O9: 1 | P9: 1 | Q9: 0 | R9: 462 | S9: 518 | T9: 89 | U9: 2366 | V9: 34 | W9: 12 | X9: 18 | Y9: 4 | Z9: 3
B10: GRANADA | C10: 301 | D10: 0 | E10: 5 | F10: 306 | G10: 204 | H10: 0 | I10: 36 | J10: 1 | K10: 157 | L10: 8 | M10: 13 | N10: 21 | O10: 21 | P10: 0 | Q10: 21 | R10: 862 | S10: 728 | T10: 121 | U10: 3860 | V10: 123 | W10: 31 | X10: 91 | Y10: 1 | Z10: 5
B11: HUELVA | C11: 112 | D11: 0 | E11: 7 | F11: 119 | G11: 68 | H11: 0 | I11: 20 | J11: 0 | K11: 68 | L11: 12 | M11: 1 | N11: 13 | O11: 5 | P11: 0 | Q11: 5 | R11: 360 | S11: 426 | T11: 59 | U11: 2111 | V11: 31 | W11: 13 | X11: 18 | Y11: 0 | Z11: 8
B12: JAEN | C12: 121 | D12: 0 | E12: 12 | F12: 133 | G12: 55 | H12: 0 | I12: 12 | J12: 0 | K12: 41 | L12: 3 | M12: 6 | N12: 9 | O12: 0 | P12: 0 | Q12: 0 | R12: 223 | S12: 344 | T12: 90 | U12: 1748 | V12: 48 | W12: 22 | X12: 23 | Y12: 3 | Z12: 5
B13: MALAGA | C13: 472 | D13: 3 | E13: 37 | F13: 512 | G13: 409 | H13: 0 | I13: 30 | J13: 3 | K13: 333 | L13: 27 | M13: 9 | N13: 36 | O13: 26 | P13: 4 | Q13: 22 | R13: 1808 | S13: 1489 | T13: 238 | U13: 6810 | V13: 102 | W13: 35 | X13: 50 | Y13: 17 | Z13: 4
B14: SEVILLA | C14: 673 | D14: 0 | E14: 58 | F14: 731 | G14: 593 | H14: 0 | I14: 159 | J14: 1 | K14: 520 | L14: 16 | M14: 9 | N14: 25 | O14: 23 | P14: 1 | Q14: 22 | R14: 1833 | S14: 1105 | T14: 256 | U14: 7693 | V14: 150 | W14: 25 | X14: 79 | Y14: 46 | Z14: 16
B15: HUESCA | C15: 59 | D15: 2 | E15: 5 | F15: 66 | G15: 58 | H15: 0 | I15: 4 | J15: 0 | K15: 53 | L15: 0 | M15: 0 | N15: 0 | O15: 1 | P15: 0 | Q15: 1 | R15: 153 | S15: 58 | T15: 15 | U15: 711 | V15: 32 | W15: 2 | X15: 30 | Y15: 0 | Z15: 4
B16: TERUEL | C16: 19 | D16: 2 | E16: 1 | F16: 22 | G16: 0 | H16: 0 | I16: 4 | J16: 0 | K16: 0 | L16: 2 | M16: 0 | N16: 2 | O16: 0 | P16: 0 | Q16: 0 | R16: 41 | S16: 38 | T16: 6 | U16: 230 | V16: 6 | W16: 2 | X16: 4 | Y16: 0 | Z16: 2
B17: ZARAGOZA | C17: 238 | D17: 2 | E17: 19 | F17: 259 | G17: 111 | H17: 1 | I17: 11 | J17: 0 | K17: 95 | L17: 2 | M17: 4 | N17: 6 | O17: 1 | P17: 1 | Q17: 0 | R17: 763 | S17: 618 | T17: 67 | U17: 3460 | V17: 23 | W17: 5 | X17: 18 | Y17: 0 | Z17: 2
B18: ASTURIAS | C18: 294 | D18: 7 | E18: 17 | F18: 318 | G18: 266 | H18: 0 | I18: 16 | J18: 0 | K18: 253 | L18: 7 | M18: 5 | N18: 12 | O18: 15 | P18: 0 | Q18: 15 | R18: 791 | S18: 1332 | T18: 120 | U18: 3475 | V18: 103 | W18: 32 | X18: 61 | Y18: 10 | Z18: 12
... B57: TOTAL | C57: 16948 | D57: 672 | E57: 1404 | F57: 19024 | G57: 13798 | H57: 56 | I57: 1212 | J57: 97 | K57: 12216 | L57: 437 | M57: 500 | N57: 937 | O57: 687 | P57: 41 | Q57: 646 | R57: 45230 | S57: 35043 | T57: 6886 | U57: 179846 | V57: 4474 | W57: 1109 | X57: 2774 | Y57: 591 | Z57: 443

Sheet Nota falta datos
A3: Partidos judiciales con falta de información a fecha de cierre del informe ( 14/10/2026)
A4: Estella-Lizarra
